Workbook

Sheet CAPA

Sheet KPIs Operacionais
B1: #VALUE!
C4: Indicadores Operacionais | D4: 1T17 | E4: 2T17 | F4: 3T17 | G4: 4T17 | H4: 1T18 | I4: 2T18 | J4: 3T18 | K4: 4T18 | L4: 1T19 | M4: 2T19 | N4: 3T19 | O4: 4T19 | P4: 1T20 | Q4: 2T20 | R4: 3T20 | S4: 4T20 | T4: 1T21 | U4: 2T21 | V4: 3T21 | W4: 4T21 | X4: 1T22 | Y4: 2T22 | Z4: 3T22 | AA4: 4T22 | AB4: 1T23 | AC4: 2T23 | AD4: 3T23 | AE4: 4T23 | AF4: 1T24 | AG4: 2T24 | AH4: 3T24 | AI4: 4T24 | AJ4: 1T25 | AK4: 2T25 | AL4: 3T25 | AM4: 4T25 | AN4: 1T26 | AO4: 2T26 | AQ4: 2017 | AR4: =AQ4+1 -> 2018 | AS4: =AR4+1 -> 2019 | AT4: =AS4+1 -> 2020 | AU4: =AT4+1 -> 2021 | AV4: =AU4+1 -> 2022 | AW4: =AV4+1 -> 2023 | AX4: =AW4+1 -> 2024 | AY4: =AX4+1 -> 2025 | AZ4: 2026 (YTD)
C6: Portfolio de lojas (#)
C7: Número de lojas - início do período | D7: 952 | E7: 977 | F7: 993 | G7: 1023 | H7: 1082 | I7: 1115 | J7: 1141 | K7: 1150 | L7: 1165 | M7: 1177 | N7: 1164 | O7: 1149 | P7: 1122 | Q7: 1124 | R7: 1112 | S7: 1105 | T7: 1105 | U7: 1101 | V7: 1101 | W7: 1126 | X7: 1165 | Y7: 1169 | Z7: 1193 | AA7: 1592 | AB7: 1646 | AC7: 1647 | AD7: 1652 | AE7: 1648 | AF7: 1632 | AG7: 1655 | AH7: 1653 | AI7: 1649 | AJ7: 1649 | AK7: 1656 | AL7: 1657 | AM7: 1667 | AN7: 1689 | AO7: =AN11 -> 1688 | AQ7: 952 | AR7: 1082 | AS7: 1165 | AT7: 1122 | AU7: 1105 | AV7: 1165 | AW7: 1646 | AX7: 1632 | AY7: 1649 | AZ7: =AY11 -> 1689
C8: Aberturas | D8: 39 | E8: 26 | F8: 40 | G8: 66 | H8: 37 | I8: 37 | J8: 34 | K8: 33 | L8: 12 | M8: 7 | N8: 3 | O8: 6 | P8: 2 | Q8: 0 | R8: 0 | S8: 0 | T8: 1 | U8: 6 | V8: 25 | W8: 48 | X8: 10 | Y8: 28 | Z8: 19 | AA8: 61 | AB8: 4 | AC8: 16 | AD8: 0 | AE8: 0 | AF8: 29 | AG8: 1 | AH8: 0 | AI8: 0 | AJ8: 7 | AK8: 9 | AL8: 11 | AM8: 23 | AN8: 1 | AO8: 8 | AQ8: 171 | AR8: 141 | AS8: 28 | AT8: 2 | AU8: 80 | AV8: 118 | AW8: 20 | AX8: 30 | AY8: 50 | AZ8: =SUM(AN8:AO8) -> 9
C9: Fechamentos | D9: -14 | E9: -10 | F9: -10 | G9: -7 | H9: -4 | I9: -11 | J9: -25 | K9: -18 | L9: 0 | M9: -20 | N9: -18 | O9: -33 | P9: 0 | Q9: -12 | R9: -7 | S9: 0 | T9: -5 | U9: -6 | V9: 0 | W9: -9 | X9: -6 | Y9: -4 | Z9: -19 | AA9: -7 | AB9: -3 | AC9: -11 | AD9: -4 | AE9: -16 | AF9: -6 | AG9: -3 | AH9: -4 | AI9: 0 | AJ9: 0 | AK9: -8 | AL9: -1 | AM9: -1 | AN9: -2 | AO9: -1 | AQ9: -41 | AR9: -58 | AS9: -71 | AT9: -19 | AU9: -20 | AV9: -36 | AW9: -34 | AX9: -13 | AY9: -10 | AZ9: =SUM(AN9:AO9) -> -3
C10: Aquisições | D10: 0 | E10: 0 | F10: 0 | G10: 0 | H10: 0 | I10: 0 | J10: 0 | K10: 0 | L10: 0 | M10: 0 | N10: 0 | O10: 0 | P10: 0 | Q10: 0 | R10: 0 | S10: 0 | T10: 0 | U10: 0 | V10: 0 | W10: 0 | X10: 0 | Y10: 0 | Z10: 399 | AA10: 0 | AB10: 0 | AC10: 0 | AD10: 0 | AE10: 0 | AF10: 0 | AG10: 0 | AH10: 0 | AI10: 0 | AJ10: 0 | AK10: 0 | AL10: 0 | AM10: 0 | AN10: 0 | AO10: 0 | AQ10: 0 | AR10: 0 | AS10: 0 | AT10: 0 | AU10: 0 | AV10: 399 | AW10: 0 | AX10: 0 | AY10: 0 | AZ10: =SUM(AN10:AO10) -> 0
C11: Número de lojas - fim do período | D11: 977 | E11: 993 | F11: 1023 | G11: 1082 | H11: 1115 | I11: 1141 | J11: 1150 | K11: 1165 | L11: 1177 | M11: 1164 | N11: 1149 | O11: 1122 | P11: 1124 | Q11: 1112 | R11: 1105 | S11: 1105 | T11: 1101 | U11: 1101 | V11: 1126 | W11: 1165 | X11: 1169 | Y11: 1193 | Z11: 1592 | AA11: 1646 | AB11: 1647 | AC11: 1652 | AD11: 1648 | AE11: 1632 | AF11: 1655 | AG11: 1653 | AH11: 1649 | AI11: 1649 | AJ11: 1656 | AK11: 1657 | AL11: 1667 | AM11: 1689 | AN11: 1688 | AO11: =SUM(AO7:AO10) -> 1695 | AQ11: 1082 | AR11: 1165 | AS11: 1122 | AT11: 1105 | AU11: 1165 | AV11: 1646 | AW11: 1632 | AX11: 1649 | AY11: 1689 | AZ11: =AO11 -> 1695
C13: Distribuição Geográfica (% total de lojas)
C14: Norte | D14: 0.093142272 | E14: 0.095669688 | F14: 0.098729228 | G14: 0.099815157 | H14: 0.09955157 | I14: 0.10341805 | J14: 0.10434783 | K14: 0.10386266 | L14: 0.10280374 | M14: 0.10395189 | N14: 0.10356832 | O14: 0.10071301 | P14: 0.10053381 | Q14: 0.10071942 | R14: 0.10135747 | S14: 0.10135747 | T14: 0.099909173 | U14: 0.099909173 | V14: 0.09946714 | W14: 0.098712446 | X14: 0.098374679 | Y14: 0.097233864 | Z14: 0.15515075 | AA14: 0.15188335 | AB14: 0.15118397 | AC14: 0.15012107 | AD14: 0.14927184 | AE14: 0.1495098 | AF14: 0.14691657 | AG14: 0.14700544 | AH14: 0.14736204 | AI14: 0.14736204 | AJ14: 0.147343 | AK14: 0.14785757 | AL14: 0.14877025 | AM14: 0.15038484 | AN14: 0.14988152 | AO14: 0.14985251 | AQ14: 0.099815157 | AR14: 0.10386266 | AS14: 0.10071301 | AT14: 0.10135747 | AU14: 0.098712446 | AV14: 0.15188335 | AW14: 0.1495098 | AX14: 0.14736204 | AY14: 0.15038484 | AZ14: =AO14 -> 0.14985251
C15: Nordeste | D15: 0.56499488 | E15: 0.56495468 | F15: 0.5659824 | G15: 0.56469501 | H15: 0.55964126 | I15: 0.55390009 | J15: 0.56695652 | K15: 0.56909871 | L15: 0.57009346 | M15: 0.57731959 | N15: 0.58398607 | O15: 0.59536542 | P15: 0.59430605 | Q15: 0.59982014 | R15: 0.60090498 | S15: 0.60090498 | T15: 0.60399637 | U15: 0.60762943 | V15: 0.61456483 | W15: 0.61802575 | X15: 0.6176219 | Y15: 0.620285 | Z15: 0.60678392 | AA15: 0.60874848 | AB15: 0.61020036 | AC15: 0.61380145 | AD15: 0.61468447 | AE15: 0.61642157 | AF15: 0.61789601 | AG15: 0.61826981 | AH15: 0.61795027 | AI15: 0.61673742 | AJ15: 0.61775362 | AK15: 0.61677731 | AL15: 0.61727654 | AM15: 0.61574896 | AN15: 0.61552133 | AO15: 0.61533923 | AQ15: 0.56469501 | AR15: 0.56909871 | AS15: 0.59536542 | AT15: 0.60090498 | AU15: 0.61802575 | AV15: 0.60874848 | AW15: 0.61642157 | AX15: 0.61673742 | AY15: 0.61574896 | AZ15: =AO15 -> 0.61533923
C16: Centro-Oeste | D16: 0.094165814 | E16: 0.09164149 | F16: 0.092864125 | G16: 0.091497227 | H16: 0.088789238 | I16: 0.086765995 | J16: 0.084347826 | K16: 0.084120172 | L16: 0.083262532 | M16: 0.08161512 | N16: 0.082680592 | O16: 0.083778966 | P16: 0.083629893 | Q16: 0.084532374 | R16: 0.084162896 | S16: 0.084162896 | T16: 0.0835604 | U16: 0.081743869 | V16: 0.079928952 | W16: 0.082403433 | X16: 0.082976903 | Y16: 0.082984074 | Z16: 0.061557789 | AA16: 0.066221142 | AB16: 0.066180935 | AC16: 0.066585956 | AD16: 0.066747573 | AE16: 0.066789216 | AF16: 0.068319226 | AG16: 0.068360557 | AH16: 0.06852638 | AI16: 0.067919951 | AJ16: 0.06763285 | AK16: 0.068799034 | AL16: 0.068386323 | AM16: 0.071640024 | AN16: 0.072274882 | AO16: 0.073156342 | AQ16: 0.091497227 | AR16: 0.084120172 | AS16: 0.083778966 | AT16: 0.084162896 | AU16: 0.082403433 | AV16: 0.066221142 | AW16: 0.066789216 | AX16: 0.067919951 | AY16: 0.071640024 | AZ16: =AO16 -> 0.073156342
C17: Sudeste | D17: 0.19651996 | E17: 0.19738167 | F17: 0.19354839 | G17: 0.19685767 | H17: 0.20358744 | I17: 0.20858896 | J17: 0.20434783 | K17: 0.20343348 | L17: 0.20475786 | M17: 0.1967354 | N17: 0.19060052 | O17: 0.18181818 | P17: 0.18327402 | Q17: 0.17625899 | R17: 0.17556561 | S17: 0.17556561 | T17: 0.17438692 | U17: 0.17257039 | V17: 0.1687389 | W17: 0.16566524 | X17: 0.16595381 | Y17: 0.16512992 | Z17: 0.15075377 | AA17: 0.14823815 | AB17: 0.14754098 | AC17: 0.14467312 | AD17: 0.14441748 | AE17: 0.14215686 | AF17: 0.14147521 | AG17: 0.14095584 | AH17: 0.14069133 | AI17: 0.14190418 | AJ17: 0.14130435 | AK17: 0.14061557 | AL17: 0.13977205 | AM17: 0.13735938 | AN17: 0.13744076 | AO17: 0.13687316 | AQ17: 0.19685767 | AR17: 0.20343348 | AS17: 0.18181818 | AT17: 0.17556561 | AU17: 0.16566524 | AV17: 0.14823815 | AW17: 0.14215686 | AX17: 0.14190418 | AY17: 0.13735938 | AZ17: =AO17 -> 0.13687316
C18: Sul | D18: 0.051177073 | E18: 0.050352467 | F18: 0.048875855 | G18: 0.047134935 | H18: 0.048430493 | I18: 0.047326906 | J18: 0.04 | K18: 0.039484979 | L18: 0.039082413 | M18: 0.040378007 | N18: 0.039164491 | O18: 0.038324421 | P18: 0.038256228 | Q18: 0.038669065 | R18: 0.03800905 | S18: 0.03800905 | T18: 0.038147139 | U18: 0.038147139 | V18: 0.037300178 | W18: 0.035193133 | X18: 0.035072712 | Y18: 0.034367142 | Z18: 0.025753769 | AA18: 0.02490887 | AB18: 0.024893746 | AC18: 0.024818402 | AD18: 0.024878641 | AE18: 0.025122549 | AF18: 0.025392987 | AG18: 0.025408348 | AH18: 0.025469982 | AI18: 0.02607641 | AJ18: 0.025966184 | AK18: 0.025950513 | AL18: 0.025794841 | AM18: 0.024866785 | AN18: 0.024881517 | AO18: 0.024778761 | AQ18: 0.047134935 | AR18: 0.039484979 | AS18: 0.038324421 | AT18: 0.03800905 | AU18: 0.035193133 | AV18: 0.02490887 | AW18: 0.025122549 | AX18: 0.02607641 | AY18: 0.024866785 | AZ18: =AO18 -> 0.024778761
C20: Perfil etário das lojas (% total de lojas)
C21: Nova | D21: 0.16171955 | E21: 0.15609265 | F21: 0.15640274 | G21: 0.16543438 | H21: 0.16412556 | I21: 0.15863278 | J21: 0.16086957 | K21: 0.13562232 | L21: 0.11299915 | M21: 0.085910653 | N21: 0.053959965 | O21: 0.035650624 | P21: 0.017793594 | Q21: 0.010791367 | R21: 0.0081447964 | S21: 0.0036199095 | T21: 0.00090826521 | U21: 0.0063578565 | V21: 0.028419183 | W21: 0.068669528 | X21: 0.076133447 | Y21: 0.093042749 | Z21: 0.07160804 | AA21: 0.084447145 | AB21: 0.07225258 | AC21: 0.073849879 | AD21: 0.057038835 | AE21: 0.031862745 | AF21: 0.028415961 | AG21: 0.026013309 | AH21: 0.018192844 | AI21: 0.018192844 | AJ21: 0.0060386473 | AK21: 0.0096560048 | AL21: 0.016196761 | AM21: 0.029603316 | AN21: 0.027251185 | AO21: 0.027138643 | AQ21: 0.16543438 | AR21: 0.13562232 | AS21: 0.035650624 | AT21: 0.0036199095 | AU21: 0.068669528 | AV21: 0.084447145 | AW21: 0.031862745 | AX21: 0.018192844 | AY21: 0.029603316 | AZ21: =AO21 -> 0.027138643
C22: Entre 1 e 2 anos | D22: 0.11770727 | E22: 0.12084592 | F22: 0.11925709 | G22: 0.13123845 | H22: 0.12735426 | I22: 0.13321648 | J22: 0.12434783 | K22: 0.13304721 | L22: 0.1393373 | M22: 0.13487973 | N22: 0.14099217 | O22: 0.10516934 | P22: 0.096085409 | Q22: 0.076438849 | R22: 0.049773756 | S22: 0.03438914 | T22: 0.017257039 | U22: 0.010899183 | V22: 0.0079928952 | W22: 0.0034334764 | X22: 0.00085543199 | Y22: 0.0058675608 | Z22: 0.022613065 | AA22: 0.036452005 | AB22: 0.050394657 | AC22: 0.053874092 | AD22: 0.059466019 | AE22: 0.064338235 | AF22: 0.070133011 | AG22: 0.067755596 | AH22: 0.057004245 | AI22: 0.032747119 | AJ22: 0.025966184 | AK22: 0.018105009 | AL22: 0.017996401 | AM22: 0.017761989 | AN22: 0.0035545024 | AO22: 0.0076696165 | AQ22: 0.13123845 | AR22: 0.13304721 | AS22: 0.10516934 | AT22: 0.03438914 | AU22: 0.0034334764 | AV22: 0.036452005 | AW22: 0.064338235 | AX22: 0.032747119 | AY22: 0.017761989 | AZ22: =AO22 -> 0.0076696165
C23: Entre 2 e 3 anos | D23: 0.088024565 | E23: 0.083585096 | F23: 0.085043988 | G23: 0.083179298 | H23: 0.10134529 | I23: 0.10078878 | J23: 0.10173913 | K23: 0.11759657 | L23: 0.11214953 | M23: 0.1185567 | N23: 0.11488251 | O23: 0.12210339 | P23: 0.12900356 | Q23: 0.12769784 | R23: 0.13393665 | S23: 0.10588235 | T23: 0.097184378 | U23: 0.072661217 | V23: 0.045293073 | W23: 0.030901288 | X23: 0.016253208 | Y23: 0.0092204526 | Z23: 0.0056532663 | AA23: 0.0060753341 | AB23: 0.0012143291 | AC23: 0.0036319613 | AD23: 0.015169903 | AE23: 0.034926471 | AF23: 0.048367594 | AG23: 0.05323654 | AH23: 0.058217101 | AI23: 0.062462098 | AJ23: 0.06763285 | AK23: 0.05974653 | AL23: 0.047990402 | AM23: 0.01124926 | AN23: 0.026066351 | AO23: 0.017699115 | AQ23: 0.083179298 | AR23: 0.11759657 | AS23: 0.12210339 | AT23: 0.10588235 | AU23: 0.030901288 | AV23: 0.0060753341 | AW23: 0.034926471 | AX23: 0.062462098 | AY23: 0.01124926 | AZ23: =AO23 -> 0.017699115
C24: Madura | D24: 0.63254862 | E24: 0.63947633 | F24: 0.63929619 | G24: 0.62014787 | H24: 0.60717489 | I24: 0.60736196 | J24: 0.61304348 | K24: 0.61373391 | L24: 0.63551402 | M24: 0.66065292 | N24: 0.69016536 | O24: 0.73707665 | P24: 0.75711744 | Q24: 0.78507194 | R24: 0.8081448 | S24: 0.8561086 | T24: 0.88465032 | U24: 0.91008174 | V24: 0.91829485 | W24: 0.89699571 | X24: 0.90675791 | Y24: 0.89186924 | Z24: 0.90012563 | AA24: 0.87302552 | AB24: 0.87613843 | AC24: 0.86864407 | AD24: 0.86832524 | AE24: 0.86887255 | AF24: 0.85308343 | AG24: 0.85299456 | AH24: 0.86658581 | AI24: 0.88659794 | AJ24: 0.90036232 | AK24: 0.91249246 | AL24: 0.91781644 | AM24: 0.94138544 | AN24: 0.94312796 | AO24: 0.94749263 | AQ24: 0.62014787 | AR24: 0.61373391 | AS24: 0.73707665 | AT24: 0.8561086 | AU24: 0.89699571 | AV24: 0.87302552 | AW24: 0.86887255 | AX24: 0.88659794 | AY24: 0.94138544 | AZ24: =AO24 -> 0.94749263
C26: Desempenho de Vendas
C27: Crescimento total (%) | D27: 0.169 | E27: 0.078 | F27: 0.051 | G27: 0.038 | H27: 0.001 | I27: 0.047 | J27: 0.074 | K27: 0.061 | L27: 0.047 | M27: 0.026 | N27: 0.009 | O27: 0.038 | P27: 0.088 | Q27: 0.003 | R27: 0.091 | S27: 0.121 | T27: 0.083 | U27: 0.206 | V27: 0.074 | W27: 0.061 | X27: 0.10464955 | Y27: 0.10131135 | Z27: 0.13533563 | AA27: 0.11289348 | AB27: 0.068489199 | AC27: 0.081416145 | AD27: 0.080960576 | AE27: 0.076627421 | AF27: 0.10018327 | AG27: 0.12164988 | AH27: 0.13926905 | AI27: 0.17426965 | AJ27: 0.17064521 | AK27: 0.17991933 | AL27: 0.18039679 | AM27: 0.19758461 | AN27: 0.14350609 | AO27: ='DRE Gerencial | Consolidado'!AO6/'DRE Gerencial | Consolidado'!AK6-1 -> 0.092548425 | AQ27: 0.081 | AR27: 0.046 | AS27: 0.029 | AT27: 0.076021204 | AU27: 0.10322614 | AV27: 0.099732842 | AW27: 0.084935922 | AX27: 0.13735011 | AY27: 0.18260823 | AZ27: 0.11684703
C28: Crescimento mesmas lojas (%) | D28: 0.074 | E28: -0.012 | F28: -0.029 | G28: -0.042 | H28: -0.086 | I28: -0.046 | J28: -0.023 | K28: -0.009 | L28: -0.006 | M28: -0.011 | N28: -0.007 | O28: 0.026 | P28: 0.109 | Q28: 0.053 | R28: 0.11 | S28: 0.13957966 | T28: 0.096208968 | U28: 0.19697559 | V28: 0.070649607 | W28: 0.042535291 | X28: 0.064946499 | Y28: 0.057784654 | Z28: 0.089939372 | AA28: 0.078783822 | AB28: 0.043708563 | AC28: 0.05595328 | AD28: 0.059419999 | AE28: 0.056234107 | AF28: 0.096106199 | AG28: 0.11409475 | AH28: 0.1363054 | AI28: 0.17120941 | AJ28: 0.16966846 | AK28: 0.18132766 | AL28: 0.17628312 | AM28: 0.18617366 | AN28: 0.13046996 | AO28: 0.080258811 | AQ28: -0.004 | AR28: -0.041 | AS28: 0.001 | AT28: 0.10697939 | AU28: 0.099198401 | AV28: 0.07296344 | AW28: 0.05402141 | AX28: 0.14070448 | AY28: 0.17865387 | AZ28: 0.10419195
C29: Crescimento lojas maduras (%) | D29: 0.055 | E29: -0.029 | F29: -0.052 | G29: -0.071 | H29: -0.118 | I29: -0.078 | J29: -0.052 | K29: -0.037 | L29: -0.034 | M29: -0.036 | N29: -0.029 | O29: 0.009 | P29: 0.084 | Q29: 0.034 | R29: 0.098 | S29: 0.1234165 | T29: 0.086864729 | U29: 0.18911801 | V29: 0.065500943 | W29: 0.040560963 | X29: 0.062789756 | Y29: 0.057064126 | Z29: 0.087536704 | AA29: 0.073848086 | AB29: 0.037801854 | AC29: 0.049762789 | AD29: 0.050816233 | AE29: 0.046164711 | AF29: 0.08251821 | AG29: 0.10264946 | AH29: 0.12676914 | AI29: 0.16399608 | AJ29: 0.16325036 | AK29: 0.17507677 | AL29: 0.17127761 | AM29: 0.18300677 | AN29: 0.12832752 | AO29: 0.077829804 | AQ29: -0.027 | AR29: -0.071 | AS29: -0.022 | AT29: 0.087655701 | AU29: 0.092531044 | AV29: 0.070401047 | AW29: 0.046253903 | AX29: 0.13151639 | AY29: 0.17357822 | AZ29: 0.10189192
C30: Ticket médio (R$) | D30: 52.9 | E30: 52.44 | F30: 54.25 | G30: 53.05 | H30: 51.72 | I30: 53.34 | J30: 54.75 | K30: 54.78 | L30: 55.02 | M30: 55.8 | N30: 56.61 | O30: 57.39 | P30: 59.7 | Q30: 69.52 | R30: 70.28 | S30: 69.69 | T30: 73.28 | U30: 75.83 | V30: 74.55 | W30: 73.6 | X30: 70.776277 | Y30: 73.57469 | Z30: 75.371697 | AA30: 75.264567 | AB30: 76.658436 | AC30: 78.370045 | AD30: 81.066452 | AE30: 80.463445 | AF30: 81.568688 | AG30: 83.772413 | AH30: 85.891736 | AI30: 86.599688 | AJ30: 89.191797 | AK30: 91.044553 | AL30: 94.388705 | AM30: 95.656715 | AN30: 96.15823 | AO30: 95.402929 | AQ30: 53.16 | AR30: 53.67 | AS30: 56.22 | AT30: 67.09 | AU30: 74.32 | AV30: 75.78669 | AW30: 79.159735 | AX30: 84.522357 | AY30: 92.656462 | AZ30: 95.770196
C31: Mix de vendas - Medicamento de marca | D31: 0.44595458 | E31: 0.45419565 | F31: 0.44966063 | G31: 0.44205152 | H31: 0.43933332 | I31: 0.43964 | J31: 0.43274086 | K31: 0.43085127 | L31: 0.42891228 | M31: 0.43127839 | N31: 0.44153077 | O31: 0.43945589 | P31: 0.43427187 | Q31: 0.41980844 | R31: 0.424 | S31: 0.42276 | T31: 0.42092 | U31: 0.4213 | V31: 0.42934274 | W31: 0.42236245 | X31: 0.39226267 | Y31: 0.40266423 | Z31: 0.40326679 | AA31: 0.39190208 | AB31: 0.39322822 | AC31: 0.39184787 | AD31: 0.39446829 | AE31: 0.39092511 | AF31: 0.39253356 | AG31: 0.40162219 | AH31: 0.41441413 | AI31: 0.41105356 | AJ31: 0.41542153 | AK31: 0.42084787 | AL31: 0.43078645 | AM31: 0.42891007 | AN31: 0.43151342 | AO31: 0.4220318 | AQ31: 0.44794652 | AR31: 0.43560882 | AS31: 0.43544536 | AT31: 0.42526666 | AU31: 0.424 | AV31: 0.39758457 | AW31: 0.39261151 | AX31: 0.40447935 | AY31: 0.42435117 | AZ31: =SUM('KPIs Operacionais'!AN31*'DRE Contabil | Consolidado'!$AN$6,'DRE Contabil | Consolidado'!$AO$6*'KPIs Operacionais'!AO31)/SUM('DRE Contabil | Consolidado'!$AN$6:$AO$6) -> 0.42666094
C32: Mix de vendas - Medicamento genérico | D32: 0.08296833 | E32: 0.082178465 | F32: 0.083799013 | G32: 0.083631881 | H32: 0.087612991 | I32: 0.088940183 | J32: 0.087666925 | K32: 0.0884817 | L32: 0.091837383 | M32: 0.091538902 | N32: 0.090526584 | O32: 0.090100536 | P32: 0.093717987 | Q32: 0.093020363 | R32: 0.092 | S32: 0.0888 | T32: 0.08996 | U32: 0.0962 | V32: 0.09668313 | W32: 0.098750215 | X32: 0.10315631 | Y32: 0.11109117 | Z32: 0.11257864 | AA32: 0.1118598 | AB32: 0.11266309 | AC32: 0.11697319 | AD32: 0.11713947 | AE32: 0.1141006 | AF32: 0.11519202 | AG32: 0.11858948 | AH32: 0.11489004 | AI32: 0.11409987 | AJ32: 0.11905812 | AK32: 0.11944595 | AL32: 0.12111218 | AM32: 0.12194963 | AN32: 0.12749535 | AO32: 0.12557681 | AQ32: 0.083147258 | AR32: 0.088196506 | AS32: 0.090980957 | AT32: 0.091712932 | AU32: 0.095 | AV32: 0.10979341 | AW32: 0.11526737 | AX32: 0.11541422 | AY32: 0.12026005 | AZ32: =SUM('KPIs Operacionais'!AN32*'DRE Contabil | Consolidado'!$AN$6,'DRE Contabil | Consolidado'!$AO$6*'KPIs Operacionais'!AO32)/SUM('DRE Contabil | Consolidado'!$AN$6:$AO$6) -> 0.12651348
C33: Mix de vendas - Higiene, nutrição e beleza | D33: 0.24994026 | E33: 0.24149468 | F33: 0.25030044 | G33: 0.2584218 | H33: 0.25268643 | I33: 0.24137384 | J33: 0.25730213 | K33: 0.26007428 | L33: 0.25595422 | M33: 0.24630852 | N33: 0.24260081 | O33: 0.25093697 | P33: 0.23355264 | Q33: 0.23554132 | R33: 0.25 | S33: 0.25376 | T33: 0.22826 | U33: 0.226 | V33: 0.24131694 | W33: 0.24261595 | X33: 0.24269821 | Y33: 0.24520609 | Z33: 0.2569347 | AA33: 0.26775201 | AB33: 0.27110771 | AC33: 0.25924234 | AD33: 0.26686103 | AE33: 0.27572569 | AF33: 0.2703555 | AG33: 0.25309692 | AH33: 0.25105647 | AI33: 0.25906729 | AJ33: 0.24739294 | AK33: 0.238442 | AL33: 0.23631739 | AM33: 0.24947061 | AN33: 0.23348836 | AO33: 0.23995031 | AQ33: 0.25005533 | AR33: 0.253018 | AS33: 0.24884418 | AT33: 0.24375467 | AU33: 0.235 | AV33: 0.25342921 | AW33: 0.26821159 | AX33: 0.25793153 | AY33: 0.24287396 | AZ33: =SUM('KPIs Operacionais'!AN33*'DRE Contabil | Consolidado'!$AN$6,'DRE Contabil | Consolidado'!$AO$6*'KPIs Operacionais'!AO33)/SUM('DRE Contabil | Consolidado'!$AN$6:$AO$6) -> 0.23679544
C34: Mix de vendas - OTC (over-the-counter) | D34: 0.21663401 | E34: 0.21904471 | F34: 0.2134925 | G34: 0.21361627 | H34: 0.21770121 | I34: 0.22736726 | J34: 0.22006987 | K34: 0.21787006 | L34: 0.22084232 | M34: 0.22828921 | N34: 0.22155927 | O34: 0.21598743 | P34: 0.23481342 | Q34: 0.24631513 | R34: 0.227 | S34: 0.22279 | T34: 0.23063 | U34: 0.2234 | V34: 0.2151168 | W34: 0.22192496 | X34: 0.23114162 | Y34: 0.23226275 | Z34: 0.22109412 | AA34: 0.22346829 | AB34: 0.21952343 | AC34: 0.22832703 | AD34: 0.21929106 | AE34: 0.21584104 | AF34: 0.21871198 | AG34: 0.22405283 | AH34: 0.21794904 | AI34: 0.21321963 | AJ34: 0.21411554 | AK34: 0.21720927 | AL34: 0.20726369 | AM34: 0.19557833 | AN34: 0.2032859 | AO34: 0.20820603 | AQ34: 0.21566337 | AR34: 0.22081229 | AS34: 0.22162754 | AT34: 0.23227041 | AU34: 0.223 | AV34: 0.22686852 | AW34: 0.22073539 | AX34: 0.21836006 | AY34: 0.2083397 | AZ34: =SUM('KPIs Operacionais'!AN34*'DRE Contabil | Consolidado'!$AN$6,'DRE Contabil | Consolidado'!$AO$6*'KPIs Operacionais'!AO34)/SUM('DRE Contabil | Consolidado'!$AN$6:$AO$6) -> 0.20580391
C35: Mix de vendas - Serviços | D35: 0.0045028177 | E35: 0.0030865003 | F35: 0.0027474138 | G35: 0.0022785294 | H35: 0.0026660487 | I35: 0.0026787075 | J35: 0.0022202093 | K35: 0.0027226849 | L35: 0.0024537924 | M35: 0.0025849743 | N35: 0.0037825616 | O35: 0.0035191668 | P35: 0.0036440829 | Q35: 0.0053147438 | R35: 0.007 | S35: 0.01188 | T35: 0.03022 | U35: 0.0332 | V35: 0.01754039 | W35: 0.014346434 | X35: 0.030741201 | Y35: 0.0087757584 | Z35: 0.0061257456 | AA35: 0.0050178105 | AB35: 0.0034775447 | AC35: 0.0036095753 | AD35: 0.0022401505 | AE35: 0.003407562 | AF35: 0.0032069418 | AG35: 0.0026385719 | AH35: 0.0016903196 | AI35: 0.002559651 | AJ35: 0.0040118592 | AK35: 0.004054917 | AL35: 0.004520279 | AM35: 0.0040913656 | AN35: 0.004216964 | AO35: 0.0042350625 | AQ35: 0.0031875225 | AR35: 0.0023643853 | AS35: 0.0031019679 | AT35: 0.0069953386 | AU35: 0.024 | AV35: 0.012324289 | AW35: 0.0031741504 | AX35: 0.0038148387 | AY35: 0.0041751189 | AZ35: =SUM('KPIs Operacionais'!AN35*'DRE Contabil | Consolidado'!$AN$6,'DRE Contabil | Consolidado'!$AO$6*'KPIs Operacionais'!AO35)/SUM('DRE Contabil | Consolidado'!$AN$6:$AO$6) -> 0.0042262264
C36: Participação omnichannel (% venda total) | D36: - | E36: - | F36: - | G36: - | H36: - | I36: - | J36: - | K36: - | L36: 0.02 | M36: 0.021 | N36: 0.023 | O36: 0.023 | P36: 0.027 | Q36: 0.052 | R36: 0.052 | S36: 0.052 | T36: 0.061 | U36: 0.074 | V36: 0.085 | W36: 0.088 | X36: 0.077536634 | Y36: 0.083354358 | Z36: 0.09506891 | AA36: 0.098779303 | AB36: 0.11403913 | AC36: 0.116754 | AD36: 0.12126673 | AE36: 0.12480935 | AF36: 0.13437222 | AG36: 0.14073821 | AH36: 0.15204109 | AI36: 0.15990839 | AJ36: 0.17625517 | AK36: 0.18707069 | AL36: 0.19760868 | AM36: 0.21049625 | AN36: 0.22157283 | AO36: 0.24071158 | AQ36: - | AR36: - | AS36: 0.021612264 | AT36: 0.046024108 | AU36: 0.077316222 | AV36: 0.088963046 | AW36: 0.11934013 | AX36: 0.14741606 | AY36: 0.1936357 | AZ36: =SUM('KPIs Operacionais'!AN36*'DRE Contabil | Consolidado'!$AN$6,'DRE Contabil | Consolidado'!$AO$6*'KPIs Operacionais'!AO36)/SUM('DRE Contabil | Consolidado'!$AN$6:$AO$6) -> 0.23136761
C38: Produtividade²
C39: Total funcionários (lojas, CDs e corporativo) | D39: 20811 | E39: 21176 | F39: 21308 | G39: 22161 | H39: 22352 | I39: 22356 | J39: 22090 | K39: 21493 | L39: 20910 | M39: 20654 | N39: 20212 | O39: 20148 | P39: 19900 | Q39: 19489 | R39: 19217 | S39: 18947 | T39: 19121 | U39: 19642 | V39: 19561 | W39: 19988 | X39: 20055 | Y39: 19653 | Z39: 25451 | AA39: 25701 | AB39: 25373 | AC39: 25375 | AD39: 25268 | AE39: 25445 | AF39: 25799 | AG39: 25874 | AH39: 25606 | AI39: 26057 | AJ39: 26261 | AK39: 27242 | AL39: 27191 | AM39: 28207 | AN39: 28316 | AO39: 28534 | AQ39: 22161 | AR39: 21493 | AS39: 20148 | AT39: 18947 | AU39: 19988 | AV39: 25701 | AW39: 25445 | AX39: 26057 | AY39: 28207 | AZ39: =AO39 -> 28534
C40: Total funcionários de loja | D40: - | E40: - | F40: - | G40: - | H40: - | I40: - | J40: - | K40: - | L40: - | M40: - | N40: - | O40: - | P40: - | Q40: - | R40: - | S40: - | T40: 15749 | U40: 16169 | V40: 15999 | W40: 16340 | X40: 16331 | Y40: 15977 | Z40: 20669 | AA40: 20809 | AB40: 20503 | AC40: 20679 | AD40: 20599 | AE40: 20775 | AF40: 21140 | AG40: 21381 | AH40: 21075 | AI40: 21281 | AJ40: 21436 | AK40: 22212 | AL40: 22106 | AM40: 22941 | AN40: 22989 | AO40: 23072 | AQ40: - | AR40: - | AS40: - | AT40: - | AU40: 16340 | AV40: 20809 | AW40: 20775 | AX40: 21281 | AY40: 22941 | AZ40: =AO40 -> 23072
C41: Média de funcionários por loja | D41: 21.300921 | E41: 21.325277 | F41: 20.828935 | G41: 20.481516 | H41: 20.046637 | I41: 19.593339 | J41: 19.208696 | K41: 18.448927 | L41: 17.765506 | M41: 17.743986 | N41: 17.590949 | O41: 17.957219 | P41: 17.704626 | Q41: 17.526079 | R41: 17.39095 | S41: 17.146606 | T41: 17.366939 | U41: 17.840145 | V41: 17.372114 | W41: 17.157082 | X41: 17.155689 | Y41: 16.473596 | Z41: 15.986809 | AA41: 15.614216 | AB41: 15.405586 | AC41: 15.360169 | AD41: 15.332524 | AE41: 15.591299 | AF41: 15.58852 | AG41: 15.652753 | AH41: 15.528199 | AI41: 15.801698 | AJ41: 15.858092 | AK41: 16.440555 | AL41: 16.311338 | AM41: 16.700414 | AN41: 16.756487 | AO41: =AO39/AO11 -> 16.834218 | AQ41: 20.481516 | AR41: 18.448927 | AS41: 17.957219 | AT41: 17.146606 | AU41: 17.157082 | AV41: 15.614216 | AW41: 15.591299 | AX41: 15.801698 | AY41: 16.700414 | AZ41: =AZ39/AZ11 -> 16.834218
C43: Ciclo de Caixa (dias)³
C44: (+) Prazo médio de recebíveis (PMR) | D44: 25.973188 | E44: 25.398733 | F44: 25.266024 | G44: 25.56582 | H44: 27.174739 | I44: 27.462775 | J44: 27.184001 | K44: 24.17019 | L44: 27.088153 | M44: 26.614438 | N44: 25.696875 | O44: 24.838739 | P44: 27.994913 | Q44: 26.777152 | R44: 25.836664 | S44: 24.846754 | T44: 29.000007 | U44: 27.804704 | V44: 27.81165 | W44: 27.993181 | X44: 28.46356 | Y44: 29.794383 | Z44: 30.096403 | AA44: 28.423729 | AB44: 30.839629 | AC44: 28.975449 | AD44: 27.563095 | AE44: 27.955239 | AF44: 30.549332 | AG44: 29.200675 | AH44: 28.540239 | AI44: 27.867887 | AJ44: 31.719043 | AK44: 32.130659 | AL44: 33.320624 | AM44: 32.319943 | AN44: 33.781667 | AO44: 32.515713 | AQ44: =G44 -> 25.56582 | AR44: =K44 -> 24.17019 | AS44: =O44 -> 24.838739 | AT44: =S44 -> 24.846754 | AU44: =W44 -> 27.993181 | AV44: =AA44 -> 28.423729 | AW44: =AE44 -> 27.955239 | AX44: =AI44 -> 27.867887 | AY44: =AM44 -> 32.319943 | AZ44: =AO44 -> 32.515713
C45: (+) Prazo médio de estoques (PME) | D45: 92.397669 | E45: 86.037123 | F45: 90.402172 | G45: 99.442491 | H45: 96.850489 | I45: 98.347057 | J45: 95.752818 | K45: 104.25549 | L45: 101.95978 | M45: 95.895859 | N45: 85.71499 | O45: 94.220899 | P45: 98.95208 | Q45: 109.0338 | R45: 97 | S45: 102 | T45: 114 | U45: 112 | V45: 108 | W45: 113.1941 | X45: 114.60165 | Y45: 115.28145 | Z45: 115.75171 | AA45: 126.18151 | AB45: 128.78368 | AC45: 120.34282 | AD45: 114.35872 | AE45: 116.08197 | AF45: 112.71599 | AG45: 101.75135 | AH45: 103.49325 | AI45: 111.84888 | AJ45: 104.28294 | AK45: 99.7042 | AL45: 101.18316 | AM45: 103.37345 | AN45: 108.97915 | AO45: 103.81296 | AQ45: =G45 -> 99.442491 | AR45: =K45 -> 104.25549 | AS45: =O45 -> 94.220899 | AT45: =S45 -> 102 | AU45: =W45 -> 113.1941 | AV45: =AA45 -> 126.18151 | AW45: =AE45 -> 116.08197 | AX45: =AI45 -> 111.84888 | AY45: =AM45 -> 103.37345 | AZ45: =AO45 -> 103.81296
C46: (-) Prazo médio de pagamento (PMP) | D46: 67.541794 | E46: 59.353776 | F46: 69.557455 | G46: 74.080487 | H46: 73.565498 | I46: 75.398081 | J46: 69.539591 | K46: 78.418945 | L46: 73.64123 | M46: 64.0649 | N46: 61.185545 | O46: 72.123177 | P46: 75.3266 | Q46: 75.588168 | R46: 69 | S46: 75 | T46: 76.137475 | U46: 68.914185 | V46: 66.668654 | W46: 70.572055 | X46: 70.585158 | Y46: 66.913444 | Z46: 66.361532 | AA46: 71.389629 | AB46: 68.420941 | AC46: 67.52422 | AD46: 66.446944 | AE46: 76.446547 | AF46: 70.415252 | AG46: 66.952809 | AH46: 71.382073 | AI46: 78.377941 | AJ46: 70.042839 | AK46: 67.588694 | AL46: 66.839442 | AM46: 73.640353 | AN46: 70.403185 | AO46: 67.629582 | AQ46: =G46 -> 74.080487 | AR46: =K46 -> 78.418945 | AS46: =O46 -> 72.123177 | AT46: =S46 -> 75 | AU46: =W46 -> 70.572055 | AV46: =AA46 -> 71.389629 | AW46: =AE46 -> 76.446547 | AX46: =AI46 -> 78.377941 | AY46: =AM46 -> 73.640353 | AZ46: =AO46 -> 67.629582
C47: (-) Operações de risco sacado | D47: 0 | E47: 0 | F47: 0 | G47: 0 | H47: 0 | I47: 0 | J47: 0 | K47: 0 | L47: 0 | M47: 0 | N47: 0 | O47: 0 | P47: 0 | Q47: 0 | R47: 0 | S47: 0 | T47: 4.8625247 | U47: 4.0858149 | V47: 4.3313457 | W47: 5.9364095 | X47: 4.5594609 | Y47: 3.9221345 | Z47: 6.0645531 | AA47: 10.350302 | AB47: 4.505454 | AC47: 0.13498429 | AD47: 2.197961 | AE47: 0 | AF47: 0 | AG47: 0 | AH47: 0 | AI47: 0 | AJ47: 0 | AK47: 0 | AL47: 0 | AM47: 0 | AN47: 0 | AO47: 0 | AQ47: =G47 -> 0 | AR47: =K47 -> 0 | AS47: =O47 -> 0 | AT47: =S47 -> 0 | AU47: =W47 -> 5.9364095 | AV47: =AA47 -> 10.350302 | AW47: =AE47 -> 0 | AX47: =AI47 -> 0 | AY47: =AM47 -> 0 | AZ47: =AO47 -> 0
C48: (=) Ciclo de caixa operacional | D48: =D44+D45-D46-D47 -> 50.829063 | E48: =E44+E45-E46-E47 -> 52.082079 | F48: =F44+F45-F46-F47 -> 46.110742 | G48: =G44+G45-G46-G47 -> 50.927823 | H48: =H44+H45-H46-H47 -> 50.459729 | I48: =I44+I45-I46-I47 -> 50.411752 | J48: =J44+J45-J46-J47 -> 53.397228 | K48: =K44+K45-K46-K47 -> 50.006739 | ... AO48: =AO44+AO45-AO46-AO47 -> 68.699096 | AQ48: =G48 -> 50.927823 | AR48: =K48 -> 50.006739 | AS48: =O48 -> 46.936462 | AT48: =S48 -> 51.846754 | AU48: =W48 -> 64.678815 | AV48: =AA48 -> 72.865304 | AW48: =AE48 -> 67.590661 | AX48: =AI48 -> 61.338825 | AY48: =AM48 -> 62.053042 | AZ48: =AO48 -> 68.699096
C50: Notas:
C51: ¹ Dados Extrafarma no 3T22 contemplam o trimestre completo, a despeito da transação só ter sido concluída em 01/08/22
C52: ² Dados consideram somente funcionários em atividade
C53: ³ PMR apresentado refere-se ao contas a receber recomposto de antecipações de recebíveis. Cálculos dos prazos desconsideram efeitos do AVP, acordos comerciais, impostos a recuperar e provisões. Operações de risco sacado passaram a ser reportadas separadamente a partir do 1T21

Sheet DRE Contabil | Consolidado
B1: #VALUE!
C4: Demonstração do Resultado do Exercício (em R$ milhões) | D4: 1T17 | E4: 2T17 | F4: 3T17 | G4: 4T17 | H4: 1T18 | I4: 2T18 | J4: 3T18 | K4: 4T18 | L4: 1T19 | M4: 2T19 | N4: 3T19 | O4: 4T19 | P4: 1T20 | Q4: 2T20 | R4: 3T20 | S4: 4T20 | T4: 1T21 | U4: 2T21 | V4: 3T21 | W4: 4T21 | X4: 1T22 | Y4: 2T22 | Z4: 3T22 | AA4: 4T22 | AB4: 1T23 | AC4: 2T23 | AD4: 3T23 | AE4: 4T23 | AF4: 1T24 | AG4: 2T24 | AH4: 3T24 | AI4: 4T24 | AJ4: 1T25 | AK4: 2T25 | AL4: 3T25 | AM4: 4T25 | AN4: 1T26 | AO4: 2T26 | AQ4: 2017 | AR4: 2018 | AS4: 2019 | AT4: 2020 | AU4: 2021 | AV4: 2022 | AW4: 2023 | AX4: 2024 | AY4: 2025 | AZ4: 2026 (YTD)
C6: Receita Bruta | D6: 1546.082 | E6: 1566.416 | F6: 1608.508 | G6: 1584.532 | H6: 1547.744 | I6: 1640.531 | J6: 1727.957 | K6: 1681.707 | L6: 1619.865 | M6: 1683.564 | N6: 1743.819 | O6: 1744.857 | P6: 1763.223 | Q6: 1688.308 | R6: 1901.637 | S6: 1955.281 | T6: 1910.213 | U6: 2035.761 | V6: 2042.121 | W6: 2074.777 | X6: 2111.533 | Y6: 2210.379 | Z6: 2659.2731 | AA6: 2843.4319 | AB6: 2813.224 | AC6: 3003.629 | AD6: 3081.941 | AE6: 3062.065 | AF6: 3095.062 | AG6: 3369.021 | AH6: 3511.16 | AI6: 3595.69 | AJ6: 3623.219 | AK6: 3975.173 | AL6: 4144.562 | AM6: 4306.143 | AN6: 4143.173 | AO6: 4343.069 | AQ6: =SUM(D6:G6) -> 6305.538 | AR6: =SUM(H6:K6) -> 6597.939 | AS6: =SUM(L6:O6) -> 6792.105 | AT6: =SUM(P6:S6) -> 7308.449 | AU6: =SUM(T6:W6) -> 8062.872 | AV6: =SUM(X6:AA6) -> 9824.617 | AW6: =SUM(AB6:AE6) -> 11960.859 | AX6: =SUM(AF6:AI6) -> 13570.933 | AY6: =SUM(AJ6:AM6) -> 16049.097 | AZ6: =SUM(AN6:AO6) -> 8486.242
C7: Deduções | D7: -84.959 | E7: -84.788 | F7: -88.957 | G7: -84.03 | H7: -71.871 | I7: -89.716 | J7: -97.411 | K7: -93.891 | L7: -90.411 | M7: -90.184 | N7: -102.689 | O7: -86.573 | P7: -99.336 | Q7: -104.841 | R7: -119.872 | S7: -125.908 | T7: -133.893 | U7: -139.038 | V7: -130.083 | W7: -131.148 | X7: -138.654 | Y7: -140.033 | Z7: -169.102 | AA7: -187.753 | AB7: -192.853 | AC7: -166.924 | AD7: -202.452 | AE7: -196.508 | AF7: -212.562 | AG7: -230.19 | AH7: -239.856 | AI7: -246.5 | AJ7: -252.513 | AK7: -281.802 | AL7: -291.34 | AM7: -317.013 | AN7: -335.228 | AO7: -355.892 | AQ7: =SUM(D7:G7) -> -342.734 | AR7: =SUM(H7:K7) -> -352.889 | AS7: =SUM(L7:O7) -> -369.857 | AT7: =SUM(P7:S7) -> -449.957 | AU7: =SUM(T7:W7) -> -534.162 | AV7: =SUM(X7:AA7) -> -635.542 | AW7: =SUM(AB7:AE7) -> -758.737 | AX7: =SUM(AF7:AI7) -> -929.108 | AY7: =SUM(AJ7:AM7) -> -1142.668 | AZ7: =SUM(AN7:AO7) -> -691.12
C8: Receita Líquida | D8: 1461.123 | E8: 1481.628 | F8: 1519.551 | G8: 1500.502 | H8: 1475.873 | I8: 1550.815 | J8: 1630.546 | K8: 1587.816 | L8: 1529.454 | M8: 1593.38 | N8: 1641.13 | O8: 1658.284 | P8: 1663.887 | Q8: 1583.467 | R8: 1781.765 | S8: 1829.373 | T8: 1776.32 | U8: 1896.723 | V8: 1912.038 | W8: 1943.629 | X8: 1972.879 | Y8: 2070.346 | Z8: 2490.1711 | AA8: 2655.6789 | AB8: 2620.371 | AC8: 2836.705 | AD8: 2879.489 | AE8: 2865.557 | AF8: 2882.5 | AG8: 3138.831 | AH8: 3271.304 | AI8: 3349.19 | AJ8: 3370.706 | AK8: 3693.371 | AL8: 3853.222 | AM8: 3989.13 | AN8: 3807.945 | AO8: =AO6+AO7 -> 3987.177 | AQ8: =AQ6+AQ7 -> 5962.804 | AR8: =AR6+AR7 -> 6245.05 | AS8: =AS6+AS7 -> 6422.248 | AT8: =AT6+AT7 -> 6858.492 | AU8: =AU6+AU7 -> 7528.71 | AV8: =AV6+AV7 -> 9189.075 | AW8: =AW6+AW7 -> 11202.122 | AX8: =AX6+AX7 -> 12641.825 | ... AZ8: =AZ6+AZ7 -> 7795.122
C9: Custo das Mercadorias Vendidas | D9: -1009.911 | E9: -1001.142 | F9: -1037.823 | G9: -1048.307 | H9: -1010.34 | I9: -1051.251 | J9: -1102.286 | K9: -1003.493 | L9: -1062.241 | M9: -1080.416 | N9: -1129.903 | O9: -1131.522 | P9: -1156.401 | Q9: -1088.595 | R9: -1238.291 | S9: -1254.538 | T9: -1207.307 | U9: -1266.428 | V9: -1307.448 | W9: -1326.964 | X9: -1347.688 | Y9: -1374.026 | Z9: -1710.9451 | AA9: -1805.6409 | AB9: -1802.952 | AC9: -1906.101 | AD9: -1975.647 | AE9: -1972.183 | AF9: -1978.947 | AG9: -2115.639 | AH9: -2239.106 | AI9: -2282.017 | AJ9: -2329.656 | AK9: -2473.802 | AL9: -2615.062 | AM9: -2724.811 | AN9: -2587.718 | AO9: -2659.508 | AQ9: =SUM(D9:G9) -> -4097.183 | AR9: =SUM(H9:K9) -> -4167.37 | AS9: =SUM(L9:O9) -> -4404.082 | AT9: =SUM(P9:S9) -> -4737.825 | AU9: =SUM(T9:W9) -> -5108.147 | AV9: =SUM(X9:AA9) -> -6238.3 | AW9: =SUM(AB9:AE9) -> -7656.883 | AX9: =SUM(AF9:AI9) -> -8615.709 | AY9: =SUM(AJ9:AM9) -> -10143.331 | AZ9: =SUM(AN9:AO9) -> -5247.226
C10: Lucro Bruto | D10: 451.212 | E10: 480.486 | F10: 481.728 | G10: 452.195 | H10: 465.533 | I10: 499.564 | J10: 528.26 | K10: 584.323 | L10: 467.213 | M10: 512.964 | N10: 511.227 | O10: 526.762 | P10: 507.486 | Q10: 494.872 | R10: 543.474 | S10: 574.835 | T10: 569.013 | U10: 630.295 | V10: 604.59 | W10: 616.665 | X10: 625.191 | Y10: 696.32 | Z10: 779.226 | AA10: 850.038 | AB10: 817.419 | AC10: 930.604 | AD10: 903.842 | AE10: 893.374 | AF10: 903.553 | AG10: 1023.192 | AH10: 1032.198 | AI10: 1067.173 | AJ10: 1041.05 | AK10: 1219.569 | AL10: 1238.16 | AM10: 1264.319 | AN10: 1220.227 | AO10: =AO8+AO9 -> 1327.669 | AQ10: =AQ8+AQ9 -> 1865.621 | AR10: =AR8+AR9 -> 2077.68 | AS10: =AS8+AS9 -> 2018.166 | AT10: =AT8+AT9 -> 2120.667 | AU10: =AU8+AU9 -> 2420.563 | AV10: =AV8+AV9 -> 2950.775 | AW10: =AW8+AW9 -> 3545.239 | AX10: =AX8+AX9 -> 4026.116 | ... AZ10: =AZ8+AZ9 -> 2547.896
C11: Despesas com Vendas | D11: -352.92 | E11: -355.721 | F11: -363.96 | G11: -332.651 | H11: -381.162 | I11: -416.744 | J11: -417.549 | K11: -391.972 | L11: -410.13366 | M11: -423.61521 | N11: -394.36417 | O11: -375.65108 | P11: -400.875 | Q11: -374.985 | R11: -401.375 | S11: -420.611 | T11: -420.24 | U11: -440.80451 | V11: -455.33083 | W11: -474.24272 | X11: -477.097 | Y11: -493.93 | Z11: -458.67203 | AA11: -524.66638 | AB11: -669.13584 | AC11: -696.16165 | AD11: -700.06897 | AE11: -703.4247 | AF11: -720.44773 | AG11: -757.17389 | AH11: -758.27825 | AI11: -798.46252 | AJ11: -801.01387 | AK11: -864.93905 | AL11: -871.84047 | AM11: -905.65914 | AN11: -906.23906 | AO11: -925.3189 | AQ11: =SUM(D11:G11) -> -1405.252 | AR11: =SUM(H11:K11) -> -1607.427 | AS11: =SUM(L11:O11) -> -1603.7641 | AT11: =SUM(P11:S11) -> -1597.846 | AU11: =SUM(T11:W11) -> -1790.6181 | AV11: =SUM(X11:AA11) -> -1954.3654 | AW11: =SUM(AB11:AE11) -> -2768.7912 | AX11: =SUM(AF11:AI11) -> -3034.3624 | AY11: =SUM(AJ11:AM11) -> -3443.4525 | AZ11: =SUM(AN11:AO11) -> -1831.558
C12: Reversão Despesas de Arrendamento (IFRS 16) | D12: 0 | E12: 0 | F12: 0 | G12: 0 | H12: 0 | I12: 0 | J12: 0 | K12: 0 | L12: 60.465659 | M12: 60.392213 | N12: 60.248173 | O12: 60.990077 | P12: 60.821 | Q12: 61.566 | R12: 62.756 | S12: 60.682 | T12: 60.256 | U12: 60.743374 | V12: 70.479261 | W12: 78.935446 | X12: 78.972 | Y12: 78.483 | Z12: 97.73947 | AA12: 104.67597 | AB12: 113.91884 | AC12: 118.52861 | AD12: 122.9354 | AE12: 147.37158 | AF12: 120.69133 | AG12: 119.51034 | AH12: 117.61305 | AI12: 120.60993 | AJ12: 121.2948 | AK12: 122.32225 | AL12: 123.43612 | AM12: 125.83661 | AN12: 127.251 | AO12: 127.62504 | AQ12: =SUM(D12:G12) -> 0 | AR12: =SUM(H12:K12) -> 0 | AS12: =SUM(L12:O12) -> 242.09612 | AT12: =SUM(P12:S12) -> 245.825 | AU12: =SUM(T12:W12) -> 270.41408 | AV12: =SUM(X12:AA12) -> 359.87044 | AW12: =SUM(AB12:AE12) -> 502.75443 | AX12: =SUM(AF12:AI12) -> 478.42465 | AY12: =SUM(AJ12:AM12) -> 492.88978 | AZ12: =SUM(AN12:AO12) -> 254.87603
C13: Margem de Contribuição | D13: 98.292 | E13: 124.765 | F13: 117.768 | G13: 119.544 | H13: 84.371 | I13: 82.82 | J13: 110.711 | K13: 192.351 | L13: 117.545 | M13: 149.741 | N13: 177.111 | O13: 212.101 | P13: 167.432 | Q13: 181.453 | R13: 204.855 | S13: 214.906 | T13: 209.029 | U13: 250.23387 | V13: 219.73843 | W13: 221.35773 | X13: 227.066 | Y13: 280.873 | Z13: 418.29344 | AA13: 430.0476 | AB13: 262.202 | AC13: 352.97096 | AD13: 326.70844 | AE13: 337.32088 | AF13: 303.79659 | AG13: 385.52845 | AH13: 391.5328 | AI13: 389.32041 | AJ13: 361.33094 | AK13: 476.9522 | AL13: 489.75565 | AM13: 484.49647 | AN13: 441.23894 | AO13: =AO10+AO11+AO12 -> 529.97514 | AQ13: =SUM(AQ10:AQ12) -> 460.369 | AR13: =SUM(AR10:AR12) -> 470.253 | AS13: =SUM(AS10:AS12) -> 656.498 | AT13: =SUM(AT10:AT12) -> 768.646 | AU13: =SUM(AU10:AU12) -> 900.35902 | AV13: =SUM(AV10:AV12) -> 1356.28 | AW13: =SUM(AW10:AW12) -> 1279.2023 | AX13: =SUM(AX10:AX12) -> 1470.1783 | AY13: =SUM(AY10:AY12) -> 1812.5353 | AZ13: =SUM(AN13:AO13) -> 971.21408
C14: Despesas Gerais e Administrativas | D14: -45.327 | E14: -46.767 | F14: -39.686 | G14: -75.464 | H14: -39.301 | I14: -36.395 | J14: -41.042 | K14: -66.906 | L14: -39.115 | M14: -43.183 | N14: -29.952 | O14: -75.412 | P14: -42.02 | Q14: -41.797 | R14: -55.397 | S14: -57.062 | T14: -49.686 | U14: -60.200542 | V14: -67.944248 | W14: -69.880442 | X14: -66.111 | Y14: -75.045 | Z14: -88.721691 | AA14: -102.23864 | AB14: -92.902 | AC14: -91.720584 | AD14: -72.759993 | AE14: -81.101196 | AF14: -88.988722 | AG14: -90.524053 | AH14: -89.554296 | AI14: -108.71054 | AJ14: -92.135731 | AK14: -116.89379 | AL14: -106.2474 | AM14: -109.73677 | AN14: -109.70438 | AO14: -121.70474 | AQ14: =SUM(D14:G14) -> -207.244 | AR14: =SUM(H14:K14) -> -183.644 | AS14: =SUM(L14:O14) -> -187.662 | AT14: =SUM(P14:S14) -> -196.276 | AU14: =SUM(T14:W14) -> -247.71123 | AV14: =SUM(X14:AA14) -> -332.11633 | AW14: =SUM(AB14:AE14) -> -338.48377 | AX14: =SUM(AF14:AI14) -> -377.77761 | AY14: =SUM(AJ14:AM14) -> -425.01368 | AZ14: =SUM(AN14:AO14) -> -231.40912
C15: EBITDA | D15: 52.965 | E15: 77.998 | F15: 78.082 | G15: 44.08 | H15: 45.07 | I15: 46.425 | J15: 69.669 | K15: 125.445 | L15: 78.43 | M15: 106.558 | N15: 147.159 | O15: 136.689 | P15: 125.412 | Q15: 139.656 | R15: 149.458 | S15: 157.844 | T15: 159.343 | U15: 190.03333 | V15: 151.79418 | W15: 151.47728 | X15: 160.955 | Y15: 205.828 | Z15: 329.57175 | AA15: 327.80896 | AB15: 169.3 | AC15: 261.25038 | AD15: 253.94844 | AE15: 256.21968 | AF15: 214.80787 | AG15: 295.0044 | AH15: 301.9785 | AI15: 280.60987 | AJ15: 269.1952 | AK15: 360.05841 | AL15: 383.50825 | AM15: 374.7597 | AN15: 331.53456 | AO15: =AO13+AO14 -> 408.2704 | AQ15: =SUM(AQ13:AQ14) -> 253.125 | AR15: =SUM(AR13:AR14) -> 286.609 | AS15: =SUM(AS13:AS14) -> 468.836 | AT15: =SUM(AT13:AT14) -> 572.37 | AU15: =SUM(AU13:AU14) -> 652.64779 | AV15: =SUM(AV13:AV14) -> 1024.1637 | AW15: =SUM(AW13:AW14) -> 940.7185 | AX15: =SUM(AX13:AX14) -> 1092.4006 | AY15: =SUM(AY13:AY14) -> 1387.5216 | AZ15: =SUM(AN15:AO15) -> 739.80496
C16: Depreciação e Amortização | D16: -18.205 | E16: -20.139 | F16: -21.415 | G16: -23.66 | H16: -25.009 | I16: -27.109 | J16: -28.344 | K16: -27.615 | L16: -21.827151 | M16: -23.134762 | N16: -23.020498 | O16: -24.393305 | P16: -22.093 | Q16: -21.889 | R16: -21.646 | S16: -21.827 | T16: -22.385 | U16: -22.323205 | V16: -23.259965 | W16: -24.860943 | X16: -28.244 | Y16: -25.679492 | Z16: -39.709309 | AA16: -45.530784 | AB16: -50.644309 | AC16: -62.805608 | AD16: -51.412259 | AE16: -43.403616 | AF16: -48.125252 | AG16: -49.089638 | AH16: -49.505683 | AI16: -49.618328 | AJ16: -46.731237 | AK16: -47.853332 | AL16: -48.974747 | AM16: -50.459605 | AN16: -55.250523 | AO16: -55.38719 | AQ16: =SUM(D16:G16) -> -83.419 | AR16: =SUM(H16:K16) -> -108.077 | AS16: =SUM(L16:O16) -> -92.375717 | AT16: =SUM(P16:S16) -> -87.455 | AU16: =SUM(T16:W16) -> -92.829113 | AV16: =SUM(X16:AA16) -> -139.16359 | AW16: =SUM(AB16:AE16) -> -208.26579 | AX16: =SUM(AF16:AI16) -> -196.3389 | AY16: =SUM(AJ16:AM16) -> -194.01892 | AZ16: =SUM(AN16:AO16) -> -110.63771
C17: Depreciação e Amortização (IFRS 16) | D17: 0 | E17: 0 | F17: 0 | G17: 0 | H17: 0 | I17: 0 | J17: 0 | K17: 0 | L17: -40.573849 | M17: -40.046238 | N17: -40.031502 | O17: -39.982695 | P17: -40.312 | Q17: -40.639 | R17: -40.931 | S17: -41.251 | T17: -41.509 | U17: -41.400857 | V17: -48.970439 | W17: -53.948584 | X17: -54.061 | Y17: -53.474508 | Z17: -67.370071 | AA17: -73.259161 | AB17: -81.611691 | AC17: -79.627767 | AD17: -83.986184 | AE17: -73.771068 | AF17: -80.898621 | AG17: -79.529763 | AH17: -79.229819 | AI17: -82.131538 | AJ17: -81.760968 | AK17: -82.643077 | AL17: -83.532508 | AM17: -84.3931 | AN17: -84.391035 | AO17: -83.08021 | AQ17: =SUM(D17:G17) -> 0 | AR17: =SUM(H17:K17) -> 0 | AS17: =SUM(L17:O17) -> -160.63428 | AT17: =SUM(P17:S17) -> -163.133 | AU17: =SUM(T17:W17) -> -185.82888 | AV17: =SUM(X17:AA17) -> -248.16474 | AW17: =SUM(AB17:AE17) -> -318.99671 | AX17: =SUM(AF17:AI17) -> -321.78974 | AY17: =SUM(AJ17:AM17) -> -332.32965 | AZ17: =SUM(AN17:AO17) -> -167.47125
C18: Resultado Financeiro | D18: -32.278 | E18: -23.033 | F18: -20.842 | G18: -28.535 | H18: -27.852 | I18: -20.358 | J18: -36.289 | K18: -45.707 | L18: -36.663 | M18: -38.225 | N18: -14.291 | O18: -28.833 | P18: -39.475 | Q18: -40.519 | R18: -29.365 | S18: -28.686 | T18: -19.408 | U18: -18.304599 | V18: -20.308509 | W18: -22.400803 | X18: -40.523 | Y18: -45.837957 | Z18: -66.018285 | AA18: -103.34159 | AB18: -127.25204 | AC18: -129.16659 | AD18: -129.23732 | AE18: -100.93741 | AF18: -107.73108 | AG18: -93.31768 | AH18: -85.696108 | AI18: -92.364649 | AJ18: -106.06171 | AK18: -135.5281 | AL18: -129.81611 | AM18: -125.63704 | AN18: -112.3113 | AO18: -133.06062 | AQ18: =SUM(D18:G18) -> -104.688 | AR18: =SUM(H18:K18) -> -130.206 | AS18: =SUM(L18:O18) -> -118.012 | AT18: =SUM(P18:S18) -> -138.045 | AU18: =SUM(T18:W18) -> -80.421911 | AV18: =SUM(X18:AA18) -> -255.72083 | AW18: =SUM(AB18:AE18) -> -486.59336 | AX18: =SUM(AF18:AI18) -> -379.10952 | AY18: =SUM(AJ18:AM18) -> -497.04295 | AZ18: =SUM(AN18:AO18) -> -245.37192
C19: Juros de Arrendamento (IFRS 16) | D19: 0 | E19: 0 | F19: 0 | G19: 0 | H19: 0 | I19: 0 | J19: 0 | K19: 0 | L19: -33.319 | M19: -32.643 | N19: -31.468 | O19: -30.41 | P19: -29.491 | Q19: -29.142 | R19: -28.495 | S19: -28.01 | T19: -27.479 | U19: -27.021401 | V19: -30.749491 | W19: -34.988197 | X19: -34.278 | Y19: -34.453 | Z19: -40.745715 | AA19: -42.415453 | AB19: -47.480962 | AC19: -49.646407 | AD19: -47.419679 | AE19: -64.055587 | AF19: -49.554921 | AG19: -48.03932 | AH19: -47.247892 | AI19: -47.929351 | AJ19: -49.883295 | AK19: -49.184904 | AL19: -45.906889 | AM19: -44.17996 | AN19: -47.299703 | AO19: -47.03438 | AQ19: =SUM(D19:G19) -> 0 | AR19: =SUM(H19:K19) -> 0 | AS19: =SUM(L19:O19) -> -127.84 | AT19: =SUM(P19:S19) -> -115.138 | AU19: =SUM(T19:W19) -> -120.23809 | AV19: =SUM(X19:AA19) -> -151.89217 | AW19: =SUM(AB19:AE19) -> -208.60264 | AX19: =SUM(AF19:AI19) -> -192.77148 | AY19: =SUM(AJ19:AM19) -> -189.15505 | AZ19: =SUM(AN19:AO19) -> -94.334083
C20: Resultado Antes dos Tributos sobre o Lucro | D20: 2.482 | E20: 34.826 | F20: 35.825 | G20: -8.115 | H20: -7.791 | I20: -1.042 | J20: 5.036 | K20: 52.123 | L20: -53.953 | M20: -27.491 | N20: 38.348 | O20: 13.07 | P20: -5.959 | Q20: 7.467 | R20: 29.021 | S20: 38.07 | T20: 48.562 | U20: 80.983265 | V20: 28.505777 | W20: 15.278757 | X20: 3.849 | Y20: 46.383043 | Z20: 115.72837 | AA20: 63.261972 | AB20: -137.689 | AC20: -59.996 | AD20: -58.107 | AE20: -25.948 | AF20: -71.502 | AG20: 25.028 | AH20: 40.299 | AI20: 8.566 | AJ20: -15.242 | AK20: 44.849 | AL20: 75.278 | AM20: 70.09 | AN20: 32.282 | AO20: =SUM(AO15:AO19) -> 89.708 | AQ20: =SUM(AQ15:AQ19) -> 65.018 | AR20: =SUM(AR15:AR19) -> 48.326 | AS20: =SUM(AS15:AS19) -> -30.026 | AT20: =SUM(AT15:AT19) -> 68.599 | AU20: =SUM(AU15:AU19) -> 173.3298 | AV20: =SUM(AV15:AV19) -> 229.22238 | AW20: =SUM(AW15:AW19) -> -281.74 | AX20: =SUM(AX15:AX19) -> 2.391 | AY20: =SUM(AY15:AY19) -> 174.975 | AZ20: =SUM(AN20:AO20) -> 121.99
C21: Imposto de Renda e Contribuição Social | D21: 4.471 | E21: -4.441 | F21: -4.572 | G21: 21.094 | H21: 9.381 | I21: 5.701 | J21: 10.266 | K21: 19.299 | L21: 12.306791 | M21: 7.8089164 | N21: -2.8853115 | O21: -9.9590329 | P21: 12.109148 | Q21: -1.1161923 | R21: 8.864 | S21: -3.455 | T21: -7.363 | U21: -14.237714 | V21: -1.7688273 | W21: 2.375546 | X21: 16.401 | Y21: 3.96 | Z21: -34.568638 | AA21: 34.603219 | AB21: 69.592903 | AC21: 19.047509 | AD21: 31.428043 | AE21: 155.95927 | AF21: 31.209847 | AG21: 4.7630289 | AH21: -2.4968426 | AI21: 54.840674 | AJ21: 17.808964 | AK21: 3.1410838 | AL21: -1.4504583 | AM21: 57.505437 | AN21: 18.459487 | AO21: -19.18619 | AQ21: =SUM(D21:G21) -> 16.552 | AR21: =SUM(H21:K21) -> 44.647 | AS21: =SUM(L21:O21) -> 7.2713633 | AT21: =SUM(P21:S21) -> 16.401956 | AU21: =SUM(T21:W21) -> -20.993995 | AV21: =SUM(X21:AA21) -> 20.395581 | AW21: =SUM(AB21:AE21) -> 276.02773 | AX21: =SUM(AF21:AI21) -> 88.316707 | AY21: =SUM(AJ21:AM21) -> 77.005027 | AZ21: =SUM(AN21:AO21) -> -0.72670332
C22: Imposto de Renda e Contribuição Social (IFRS 16) | D22: 0 | E22: 0 | F22: 0 | G22: 0 | H22: 0 | I22: 0 | J22: 0 | K22: 0 | L22: 4.5652087 | M22: 4.1810836 | N22: 3.8253115 | O22: 3.2380329 | P22: 3.0538521 | Q22: 2.7931923 | R22: 2.268 | S22: 2.917 | T22: 2.969 | U22: 2.6107136 | V22: 3.1418273 | W22: 3.4004541 | X22: 3.185 | Y22: 3.2112433 | Z22: 3.2956384 | AA22: 3.7395377 | AB22: 5.1590974 | AC22: 3.6534907 | AD22: 2.879957 | AE22: -3.2452743 | AF22: 3.3191532 | AG22: 2.7399711 | AH22: 3.1678426 | AI22: 3.2133263 | AJ22: 2.5280356 | AK22: 2.3529162 | AL22: 2.1544583 | AM22: 1.9155626 | AN22: 1.3415133 | AO22: 0.69419002 | AQ22: =SUM(D22:G22) -> 0 | AR22: =SUM(H22:K22) -> 0 | AS22: =SUM(L22:O22) -> 15.809637 | AT22: =SUM(P22:S22) -> 11.032044 | AU22: =SUM(T22:W22) -> 12.121995 | AV22: =SUM(X22:AA22) -> 13.431419 | AW22: =SUM(AB22:AE22) -> 8.447271 | AX22: =SUM(AF22:AI22) -> 12.440293 | AY22: =SUM(AJ22:AM22) -> 8.9509727 | AZ22: =SUM(AN22:AO22) -> 2.0357033
C23: Participação minoritária | D23: 0 | E23: 0 | F23: 0 | G23: 0 | H23: 0 | I23: 0 | J23: 0 | K23: 0 | L23: 0 | M23: 0 | N23: 0 | O23: 0 | P23: 0 | Q23: 0 | R23: 0 | S23: 0 | T23: 0 | U23: 0 | V23: 0 | W23: 0 | X23: 0 | Y23: 0 | Z23: 0.3046308 | AA23: 0.3103692 | AB23: 0.095 | AC23: 0.192 | AD23: 0.14 | AE23: -0.646 | AF23: 0.097 | AG23: 0.083 | AH23: -0.072 | AI23: -0.157 | AJ23: -0.126 | AK23: -0.11 | AL23: -0.151 | AM23: -0.261 | AN23: 0.132 | AO23: -0.106 | AQ23: =SUM(D23:G23) -> 0 | AR23: =SUM(H23:K23) -> 0 | AS23: =SUM(L23:O23) -> 0 | AT23: =SUM(P23:S23) -> 0 | AU23: =SUM(T23:W23) -> 0 | AV23: =SUM(X23:AA23) -> 0.615 | AW23: =SUM(AB23:AE23) -> -0.219 | AX23: =SUM(AF23:AI23) -> -0.049 | AY23: =SUM(AJ23:AM23) -> -0.648 | AZ23: =SUM(AN23:AO23) -> 0.026
C24: Lucro Líquido | D24: 6.953 | E24: 30.385 | F24: 31.253 | G24: 12.979 | H24: 1.59 | I24: 4.659 | J24: 15.302 | K24: 71.422 | L24: -37.081 | M24: -15.501 | N24: 39.288 | O24: 6.349 | P24: 9.204 | Q24: 9.144 | R24: 40.153 | S24: 37.532 | T24: 44.168 | U24: 69.356265 | V24: 29.878777 | W24: 21.054757 | X24: 23.435 | Y24: 53.554286 | Z24: 84.76 | AA24: 101.9151 | AB24: -62.842 | AC24: -37.103 | AD24: -23.659 | AE24: 126.12 | AF24: -36.876 | AG24: 32.614 | AH24: 40.898 | AI24: 66.463 | AJ24: 4.969 | AK24: 50.233 | AL24: 75.831 | AM24: 129.25 | AN24: 52.215 | AO24: =SUM(AO20:AO23) -> 71.11 | AQ24: =SUM(AQ20:AQ23) -> 81.57 | AR24: =SUM(AR20:AR23) -> 92.973 | AS24: =SUM(AS20:AS23) -> -6.945 | AT24: =SUM(AT20:AT23) -> 96.033 | AU24: =SUM(AU20:AU23) -> 164.4578 | AV24: =SUM(AV20:AV23) -> 263.66438 | AW24: =SUM(AW20:AW23) -> 2.516 | AX24: =SUM(AX20:AX23) -> 103.099 | AY24: =SUM(AY20:AY23) -> 260.283 | AZ24: =SUM(AN24:AO24) -> 123.325
C26: EBITDA (ex. IFRS 16) | D26: =D15-D12 -> 52.965 | E26: =E15-E12 -> 77.998 | F26: =F15-F12 -> 78.082 | G26: =G15-G12 -> 44.08 | H26: =H15-H12 -> 45.07 | I26: =I15-I12 -> 46.425 | J26: =J15-J12 -> 69.669 | K26: =K15-K12 -> 125.445 | ... AO26: =AO15-AO12 -> 280.64536 | AQ26: =AQ15-AQ12 -> 253.125 | AR26: =AR15-AR12 -> 286.609 | AS26: =AS15-AS12 -> 226.73988 | AT26: =AT15-AT12 -> 326.545 | AU26: =AU15-AU12 -> 382.23371 | AV26: =AV15-AV12 -> 664.29326 | AW26: =AW15-AW12 -> 437.96407 | AX26: =AX15-AX12 -> 613.97599 | ... AZ26: =AZ15-AZ12 -> 484.92892
C27: Margem EBITDA (ex. IFRS 16) | D27: =D26/D$6 -> 0.034257562 | E27: =E26/E$6 -> 0.049793924 | F27: =F26/F$6 -> 0.048543122 | G27: =G26/G$6 -> 0.02781894 | H27: =H26/H$6 -> 0.029119803 | I27: =I26/I$6 -> 0.028298764 | J27: =J26/J$6 -> 0.040318712 | K27: =K26/K$6 -> 0.07459385 | ... AO27: =AO26/AO$6 -> 0.064619135 | AQ27: =AQ26/AQ$6 -> 0.040143284 | AR27: =AR26/AR$6 -> 0.043439171 | AS27: =AS26/AS$6 -> 0.033382858 | AT27: =AT26/AT$6 -> 0.044680479 | AU27: =AU26/AU$6 -> 0.047406645 | AV27: =AV26/AV$6 -> 0.067615182 | AW27: =AW26/AW$6 -> 0.03661644 | AX27: =AX26/AX$6 -> 0.045241988 | ... AZ27: =AZ26/AZ$6 -> 0.057142953
C28: Lucro líquido (ex. IFRS 16) | D28: =D24-D22-D19-D17-D12 -> 6.953 | E28: =E24-E22-E19-E17-E12 -> 30.385 | F28: =F24-F22-F19-F17-F12 -> 31.253 | G28: =G24-G22-G19-G17-G12 -> 12.979 | H28: =H24-H22-H19-H17-H12 -> 1.59 | I28: =I24-I22-I19-I17-I12 -> 4.659 | J28: =J24-J22-J19-J17-J12 -> 15.302 | K28: =K24-K22-K19-K17-K12 -> 71.422 | ... AO28: =AO24-AO22-AO19-AO17-AO12 -> 72.905363 | AQ28: =AQ24-AQ22-AQ19-AQ17-AQ12 -> 81.57 | AR28: =AR24-AR22-AR19-AR17-AR12 -> 92.973 | AS28: =AS24-AS22-AS19-AS17-AS12 -> 23.623523 | AT28: =AT24-AT22-AT19-AT17-AT12 -> 117.44696 | AU28: =AU24-AU22-AU19-AU17-AU12 -> 187.98869 | AV28: =AV24-AV22-AV19-AV17-AV12 -> 290.41943 | AW28: =AW24-AW22-AW19-AW17-AW12 -> 18.913644 | AX28: =AX24-AX22-AX19-AX17-AX12 -> 126.79528 | AY28: =AY24-AY22-AY19-AY17-AY12 -> 279.92695 | AZ28: =SUM(AN28:AO28) -> 128.21859
C29: Margem líquida (ex. IFRS 16) | D29: =D28/D$6 -> 0.0044971741 | E29: =E28/E$6 -> 0.019397784 | F29: =F28/F$6 -> 0.019429807 | G29: =G28/G$6 -> 0.0081910621 | H29: =H28/H$6 -> 0.0010273017 | I29: =I28/I$6 -> 0.0028399341 | J29: =J28/J$6 -> 0.0088555444 | K29: =K28/K$6 -> 0.042469943 | ... AO29: =AO28/AO$6 -> 0.0167866 | AQ29: =AQ28/AQ$6 -> 0.012936247 | AR29: =AR28/AR$6 -> 0.014091218 | AS29: =AS28/AS$6 -> 0.0034780857 | AT29: =AT28/AT$6 -> 0.016070025 | AU29: =AU28/AU$6 -> 0.023315351 | AV29: =AV28/AV$6 -> 0.029560382 | AW29: =AW28/AW$6 -> 0.0015812948 | AX29: =AX28/AX$6 -> 0.0093431515 | ... AZ29: =AZ28/AZ$6 -> 0.015108995

Sheet DRE Gerencial | Consolidado
B1: #VALUE!
C4: Demonstração do Resultado do Exercício (em R$ milhões) | D4: 1T17 | E4: 2T17 | F4: 3T17 | G4: 4T17 | H4: 1T18 | I4: 2T18 | J4: 3T18 | K4: 4T18 | L4: 1T19 | M4: 2T19 | N4: 3T19 | O4: 4T19 | P4: 1T20 | Q4: 2T20 | R4: 3T20 | S4: 4T20 | T4: 1T21 | U4: 2T21 | V4: 3T21 | W4: 4T21 | X4: 1T22 | Y4: 2T22 | Z4: 3T22 | AA4: 4T22 | AB4: 1T23 | AC4: 2T23 | AD4: 3T23 | AE4: 4T23 | AF4: 1T24 | AG4: 2T24 | AH4: 3T24 | AI4: 4T24 | AJ4: 1T25 | AK4: 2T25 | AL4: 3T25 | AM4: 4T25 | AN4: 1T26 | AO4: 2T26 | AQ4: 2017 | AR4: 2018 | AS4: 2019 | AT4: 2020 | AU4: 2021 | AV4: 2022 | AW4: 2023 | AX4: 2024 | AY4: 2025 | AZ4: 2026
C6: Receita Bruta | D6: 1546.082 | E6: 1566.416 | F6: 1608.508 | G6: 1584.532 | H6: 1547.744 | I6: 1640.531 | J6: 1727.957 | K6: 1681.707 | L6: 1619.865 | M6: 1683.564 | N6: 1743.819 | O6: 1744.857 | P6: 1763.223 | Q6: 1688.308 | R6: 1901.637 | S6: 1955.281 | T6: 1910.213 | U6: 2035.761 | V6: 2042.121 | W6: 2074.777 | X6: 2111.533 | Y6: 2210.379 | Z6: 2653.3769 | AA6: 2843.4319 | AB6: 2813.2243 | AC6: 3003.629 | AD6: 3081.941 | AE6: 3062.065 | AF6: 3095.062 | AG6: 3369.021 | AH6: 3511.16 | AI6: 3595.69 | AJ6: 3623.219 | AK6: 3975.173 | AL6: 4144.562 | AM6: 4306.143 | AN6: 4143.173 | AO6: ='DRE Contabil | Consolidado'!AO6 -> 4343.069 | AQ6: =SUM(D6:G6) -> 6305.538 | AR6: =SUM(H6:K6) -> 6597.939 | AS6: =SUM(L6:O6) -> 6792.105 | AT6: =SUM(P6:S6) -> 7308.449 | AU6: =SUM(T6:W6) -> 8062.872 | AV6: =SUM(X6:AA6) -> 9818.7208 | AW6: =SUM(AB6:AE6) -> 11960.859 | AX6: =SUM(AF6:AI6) -> 13570.933 | AY6: =SUM(AJ6:AM6) -> 16049.097 | AZ6: =SUM(AN6:AO6) -> 8486.242
C7: Deduções | D7: -84.959 | E7: -84.788 | F7: -88.957 | G7: -84.03 | H7: -71.871 | I7: -89.716 | J7: -97.411 | K7: -93.891 | L7: -90.411 | M7: -90.184 | N7: -102.689 | O7: -86.573 | P7: -99.336 | Q7: -104.841 | R7: -119.872 | S7: -125.908 | T7: -133.893 | U7: -139.038 | V7: -130.083 | W7: -131.148 | X7: -138.654 | Y7: -140.033 | Z7: -168.98408 | AA7: -183.17133 | AB7: -177.17136 | AC7: -166.924 | AD7: -202.452 | AE7: -196.508 | AF7: -212.562 | AG7: -230.19 | AH7: -239.856 | AI7: -246.5 | AJ7: -252.513 | AK7: -281.802 | AL7: -291.34 | AM7: -317.013 | AN7: -335.228 | AO7: ='DRE Contabil | Consolidado'!AO7 -> -355.892 | AQ7: =SUM(D7:G7) -> -342.734 | AR7: =SUM(H7:K7) -> -352.889 | AS7: =SUM(L7:O7) -> -369.857 | AT7: =SUM(P7:S7) -> -449.957 | AU7: =SUM(T7:W7) -> -534.162 | AV7: =SUM(X7:AA7) -> -630.84241 | AW7: =SUM(AB7:AE7) -> -743.05536 | AX7: =SUM(AF7:AI7) -> -929.108 | AY7: =SUM(AJ7:AM7) -> -1142.668 | AZ7: =SUM(AN7:AO7) -> -691.12
C8: Receita Líquida | D8: 1461.123 | E8: 1481.628 | F8: 1519.551 | G8: 1500.502 | H8: 1475.873 | I8: 1550.815 | J8: 1630.546 | K8: 1587.816 | L8: 1529.454 | M8: 1593.38 | N8: 1641.13 | O8: 1658.284 | P8: 1663.887 | Q8: 1583.467 | R8: 1781.765 | S8: 1829.373 | T8: 1776.32 | U8: 1896.723 | V8: 1912.038 | W8: 1943.629 | X8: 1972.879 | Y8: 2070.346 | Z8: 2484.3928 | AA8: 2660.2606 | AB8: 2636.0529 | AC8: 2836.705 | AD8: 2879.489 | AE8: 2865.557 | AF8: 2882.5 | AG8: 3138.831 | AH8: 3271.304 | AI8: 3349.19 | AJ8: 3370.706 | AK8: 3693.371 | AL8: 3853.222 | AM8: 3989.13 | AN8: 3807.945 | AO8: =AO6+AO7 -> 3987.177 | AQ8: =AQ6+AQ7 -> 5962.804 | AR8: =AR6+AR7 -> 6245.05 | AS8: =AS6+AS7 -> 6422.248 | AT8: =AT6+AT7 -> 6858.492 | AU8: =AU6+AU7 -> 7528.71 | AV8: =AV6+AV7 -> 9187.8784 | AW8: =AW6+AW7 -> 11217.804 | AX8: =AX6+AX7 -> 12641.825 | AY8: =AY6+AY7 -> 14906.429 | AZ8: =SUM(AN8:AO8) -> 7795.122
C9: Custo das Mercadorias Vendidas | D9: -1009.911 | E9: -1001.142 | F9: -1031.204 | G9: -1048.307 | H9: -1010.34 | I9: -1051.251 | J9: -1102.286 | K9: -1066.047 | L9: -1053.355 | M9: -1071.188 | N9: -1135.248 | O9: -1108.133 | P9: -1156.401 | Q9: -1088.595 | R9: -1238.291 | S9: -1254.538 | T9: -1207.307 | U9: -1266.428 | V9: -1307.448 | W9: -1326.964 | X9: -1347.688 | Y9: -1374.026 | Z9: -1705.0489 | AA9: -1805.6409 | AB9: -1818.6019 | AC9: -1906.101 | AD9: -1975.683 | AE9: -1972.183 | AF9: -1978.947 | AG9: -2115.639 | AH9: -2239.106 | AI9: -2282.017 | AJ9: -2329.656 | AK9: -2473.802 | AL9: -2615.062 | AM9: -2724.811 | AN9: -2587.718 | AO9: ='DRE Contabil | Consolidado'!AO9 -> -2659.508 | AQ9: =SUM(D9:G9) -> -4090.564 | AR9: =SUM(H9:K9) -> -4229.924 | AS9: =SUM(L9:O9) -> -4367.924 | AT9: =SUM(P9:S9) -> -4737.825 | AU9: =SUM(T9:W9) -> -5108.147 | AV9: =SUM(X9:AA9) -> -6232.4038 | AW9: =SUM(AB9:AE9) -> -7672.5689 | AX9: =SUM(AF9:AI9) -> -8615.709 | AY9: =SUM(AJ9:AM9) -> -10143.331 | AZ9: =SUM(AN9:AO9) -> -5247.226
C10: Lucro Bruto | D10: 451.212 | E10: 480.486 | F10: 488.347 | G10: 452.195 | H10: 465.533 | I10: 499.564 | J10: 528.26 | K10: 521.769 | L10: 476.099 | M10: 522.192 | N10: 505.882 | O10: 550.151 | P10: 507.486 | Q10: 494.872 | R10: 543.474 | S10: 574.835 | T10: 569.013 | U10: 630.295 | V10: 604.59 | W10: 616.665 | X10: 625.191 | Y10: 696.32 | Z10: 779.34392 | AA10: 854.61967 | AB10: 817.451 | AC10: 930.604 | AD10: 903.806 | AE10: 893.374 | AF10: 903.553 | AG10: 1023.192 | AH10: 1032.198 | AI10: 1067.173 | AJ10: 1041.05 | AK10: 1219.569 | AL10: 1238.16 | AM10: 1264.319 | AN10: 1220.227 | AO10: =AO8+AO9 -> 1327.669 | AQ10: =AQ8+AQ9 -> 1872.24 | AR10: =AR8+AR9 -> 2015.126 | AS10: =AS8+AS9 -> 2054.324 | AT10: =AT8+AT9 -> 2120.667 | AU10: =AU8+AU9 -> 2420.563 | AV10: =AV8+AV9 -> 2955.4746 | AW10: =AW8+AW9 -> 3545.235 | AX10: =AX8+AX9 -> 4026.116 | ... AZ10: =AZ8+AZ9 -> 2547.896
C11: Despesas com Vendas | D11: -352.92 | E11: -355.721 | F11: -363.96 | G11: -332.651 | H11: -381.162 | I11: -416.744 | J11: -408.674 | K11: -383.277 | L11: -410.13366 | M11: -401.98521 | N11: -413.77417 | O11: -410.35608 | P11: -400.875 | Q11: -374.985 | R11: -401.375 | S11: -420.611 | T11: -420.24 | U11: -440.80451 | V11: -455.33083 | W11: -474.24272 | X11: -477.09738 | Y11: -493.93041 | Z11: -594.34491 | AA11: -639.64483 | AB11: -674.83805 | AC11: -696.16165 | AD11: -688.02979 | AE11: -691.64266 | AF11: -717.70147 | AG11: -755.75156 | AH11: -756.65442 | AI11: -794.45119 | AJ11: -798.57863 | AK11: -861.37488 | AL11: -871.84358 | AM11: -904.31755 | AN11: -905.85431 | AO11: ='DRE Contabil | Consolidado'!AO11+AO35+AO39 -> -924.24088 | AQ11: =SUM(D11:G11) -> -1405.252 | AR11: =SUM(H11:K11) -> -1589.857 | AS11: =SUM(L11:O11) -> -1636.2491 | AT11: =SUM(P11:S11) -> -1597.846 | AU11: =SUM(T11:W11) -> -1790.6181 | AV11: =SUM(X11:AA11) -> -2205.0175 | AW11: =SUM(AB11:AE11) -> -2750.6722 | AX11: =SUM(AF11:AI11) -> -3024.5586 | AY11: =SUM(AJ11:AM11) -> -3436.1146 | AZ11: =SUM(AN11:AO11) -> -1830.0952
C12: Pagamentos de Arrendamento (IFRS 16) | D12: 0 | E12: 0 | F12: 0 | G12: 0 | H12: 0 | I12: 0 | J12: 0 | K12: 0 | L12: 60.465659 | M12: 60.392213 | N12: 60.248173 | O12: 60.990077 | P12: 60.821 | Q12: 61.566 | R12: 62.756 | S12: 60.682 | T12: 60.256 | U12: 60.743374 | V12: 70.479261 | W12: 78.935446 | X12: 78.971708 | Y12: 78.482806 | Z12: 97.73947 | AA12: 104.67597 | AB12: 113.91884 | AC12: 118.52861 | AD12: 122.9354 | AE12: 117.0532 | AF12: 120.69133 | AG12: 119.51034 | AH12: 117.61305 | AI12: 120.60993 | AJ12: 121.2948 | AK12: 122.32225 | AL12: 123.43612 | AM12: 125.83661 | AN12: 127.251 | AO12: ='DRE Contabil | Consolidado'!AO12 -> 127.62504 | AQ12: =SUM(D12:G12) -> 0 | AR12: =SUM(H12:K12) -> 0 | AS12: =SUM(L12:O12) -> 242.09612 | AT12: =SUM(P12:S12) -> 245.825 | AU12: =SUM(T12:W12) -> 270.41408 | AV12: =SUM(X12:AA12) -> 359.86996 | AW12: =SUM(AB12:AE12) -> 472.43605 | AX12: =SUM(AF12:AI12) -> 478.42465 | AY12: =SUM(AJ12:AM12) -> 492.88978 | AZ12: =SUM(AN12:AO12) -> 254.87603
C13: Margem de Contribuição | D13: 98.292 | E13: 124.765 | F13: 124.387 | G13: 119.544 | H13: 84.371 | I13: 82.82 | J13: 119.586 | K13: 138.492 | L13: 126.431 | M13: 180.599 | N13: 152.356 | O13: 200.785 | P13: 167.432 | Q13: 181.453 | R13: 204.855 | S13: 214.906 | T13: 209.029 | U13: 250.23387 | V13: 219.73843 | W13: 221.35773 | X13: 227.06533 | Y13: 280.87239 | Z13: 282.73849 | AA13: 319.65081 | AB13: 256.53178 | AC13: 352.97096 | AD13: 338.71161 | AE13: 318.78454 | AF13: 306.54286 | AG13: 386.95078 | AH13: 393.15662 | AI13: 393.33174 | AJ13: 363.76617 | AK13: 480.51637 | AL13: 489.75254 | AM13: 485.83806 | AN13: 441.62369 | AO13: =SUM(AO10:AO12) -> 531.05316 | AQ13: =SUM(AQ10:AQ12) -> 466.988 | AR13: =SUM(AR10:AR12) -> 425.269 | AS13: =SUM(AS10:AS12) -> 660.171 | AT13: =SUM(AT10:AT12) -> 768.646 | AU13: =SUM(AU10:AU12) -> 900.35902 | AV13: =SUM(AV10:AV12) -> 1110.327 | AW13: =SUM(AW10:AW12) -> 1266.9989 | AX13: =SUM(AX10:AX12) -> 1479.982 | ... AZ13: =SUM(AZ10:AZ12) -> 972.67685
C14: Despesas Gerais e Administrativas | D14: -45.327 | E14: -46.767 | F14: -39.686 | G14: -56.22 | H14: -39.301 | I14: -36.395 | J14: -41.042 | K14: -66.906 | L14: -39.115 | M14: -43.183 | N14: -29.952 | O14: -46.76 | P14: -42.02 | Q14: -41.797 | R14: -55.397 | S14: -57.062 | T14: -49.686 | U14: -57.952764 | V14: -59.291513 | W14: -62.406078 | X14: -64.709737 | Y14: -70.329605 | Z14: -83.286239 | AA14: -87.204438 | AB14: -88.025748 | AC14: -81.504602 | AD14: -71.970692 | AE14: -77.105151 | AF14: -88.988722 | AG14: -90.524053 | AH14: -84.853279 | AI14: -108.71054 | AJ14: -92.135731 | AK14: -114.14155 | AL14: -106.2474 | AM14: -109.73677 | AN14: -109.70438 | AO14: ='DRE Contabil | Consolidado'!AO14+AO38 -> -121.70474 | AQ14: =SUM(D14:G14) -> -188 | AR14: =SUM(H14:K14) -> -183.644 | AS14: =SUM(L14:O14) -> -159.01 | AT14: =SUM(P14:S14) -> -196.276 | AU14: =SUM(T14:W14) -> -229.33635 | AV14: =SUM(X14:AA14) -> -305.53002 | AW14: =SUM(AB14:AE14) -> -318.60619 | AX14: =SUM(AF14:AI14) -> -373.0766 | AY14: =SUM(AJ14:AM14) -> -422.26145 | AZ14: =SUM(AN14:AO14) -> -231.40912
C15: EBITDA Ajustado | D15: 52.965 | E15: 77.998 | F15: 84.701 | G15: 63.324 | H15: 45.07 | I15: 46.425 | J15: 78.544 | K15: 71.586 | L15: 87.316 | M15: 137.416 | N15: 122.404 | O15: 154.025 | P15: 125.412 | Q15: 139.656 | R15: 149.458 | S15: 157.844 | T15: 159.343 | U15: 192.2811 | V15: 160.44692 | W15: 158.95165 | X15: 162.35559 | Y15: 210.54279 | Z15: 199.45225 | AA15: 232.44637 | AB15: 168.50603 | AC15: 271.46636 | AD15: 266.74092 | AE15: 241.67939 | AF15: 217.55414 | AG15: 296.42673 | AH15: 308.30335 | AI15: 284.6212 | AJ15: 271.63044 | AK15: 366.37481 | AL15: 383.50514 | AM15: 376.10129 | AN15: 331.91931 | AO15: =SUM(AO13:AO14) -> 409.34842 | AQ15: =SUM(AQ13:AQ14) -> 278.988 | AR15: =SUM(AR13:AR14) -> 241.625 | AS15: =SUM(AS13:AS14) -> 501.161 | AT15: =SUM(AT13:AT14) -> 572.37 | AU15: =SUM(AU13:AU14) -> 671.02267 | AV15: =SUM(AV13:AV14) -> 804.79699 | AW15: =SUM(AW13:AW14) -> 948.3927 | AX15: =SUM(AX13:AX14) -> 1106.9054 | ... AZ15: =SUM(AZ13:AZ14) -> 741.26773
C16: Depreciação e Amortização | D16: -18.205 | E16: -20.139 | F16: -21.415 | G16: -23.66 | H16: -25.009 | I16: -27.109 | J16: -28.344 | K16: -27.615 | L16: -21.827151 | M16: -23.134762 | N16: -23.020498 | O16: -24.393305 | P16: -22.093 | Q16: -21.889 | R16: -21.646 | S16: -21.827 | T16: -22.385 | U16: -22.323205 | V16: -23.259965 | W16: -24.860943 | X16: -28.244108 | Y16: -25.679151 | Z16: -39.709309 | AA16: -45.530784 | AB16: -50.643895 | AC16: -50.499507 | AD16: -48.051185 | AE16: -46.411191 | AF16: -46.588186 | AG16: -47.624596 | AH16: -47.873927 | AI16: -48.037854 | AJ16: -45.319237 | AK16: -46.81745 | AL16: -47.987675 | AM16: -53.894559 | AN16: -55.250523 | AO16: ='DRE Contabil | Consolidado'!AO16+AO40 -> -55.38719 | AQ16: =SUM(D16:G16) -> -83.419 | AR16: =SUM(H16:K16) -> -108.077 | AS16: =SUM(L16:O16) -> -92.375717 | AT16: =SUM(P16:S16) -> -87.455 | AU16: =SUM(T16:W16) -> -92.829113 | AV16: =SUM(X16:AA16) -> -139.16335 | AW16: =SUM(AB16:AE16) -> -195.60578 | AX16: =SUM(AF16:AI16) -> -190.12456 | AY16: =SUM(AJ16:AM16) -> -194.01892 | AZ16: =SUM(AN16:AO16) -> -110.63771
C17: Depreciação e Amortização (IFRS 16) | D17: 0 | E17: 0 | F17: 0 | G17: 0 | H17: 0 | I17: 0 | J17: 0 | K17: 0 | L17: -40.573849 | M17: -40.046238 | N17: -40.031502 | O17: -39.982695 | P17: -40.312 | Q17: -40.639 | R17: -40.931 | S17: -41.251 | T17: -41.509 | U17: -41.400857 | V17: -48.970439 | W17: -53.948584 | X17: -54.060659 | Y17: -53.474849 | Z17: -67.370071 | AA17: -73.259161 | AB17: -81.611691 | AC17: -79.627767 | AD17: -83.986184 | AE17: -79.981209 | AF17: -80.898621 | AG17: -79.529763 | AH17: -79.229819 | AI17: -82.131538 | AJ17: -81.760968 | AK17: -82.643077 | AL17: -83.532508 | AM17: -84.3931 | AN17: -84.391035 | AO17: ='DRE Contabil | Consolidado'!AO17 -> -83.08021 | AQ17: =SUM(D17:G17) -> 0 | AR17: =SUM(H17:K17) -> 0 | AS17: =SUM(L17:O17) -> -160.63428 | AT17: =SUM(P17:S17) -> -163.133 | AU17: =SUM(T17:W17) -> -185.82888 | AV17: =SUM(X17:AA17) -> -248.16474 | AW17: =SUM(AB17:AE17) -> -325.20685 | AX17: =SUM(AF17:AI17) -> -321.78974 | AY17: =SUM(AJ17:AM17) -> -332.32965 | AZ17: =SUM(AN17:AO17) -> -167.47125
C18: Resultado Financeiro | D18: -32.278 | E18: -23.033 | F18: -20.842 | G18: -28.535 | H18: -27.852 | I18: -20.358 | J18: -36.289 | K18: -45.707 | L18: -36.663 | M18: -38.225 | N18: -38.018 | O18: -37.369 | P18: -39.475 | Q18: -40.52 | R18: -29.365 | S18: -28.686 | T18: -19.408 | U18: -18.304599 | V18: -20.308509 | W18: -22.400803 | X18: -40.522556 | Y18: -45.837957 | Z18: -53.220851 | AA18: -91.951927 | AB18: -115.03018 | AC18: -116.96574 | AD18: -120.40257 | AE18: -94.95069 | AF18: -100.98527 | AG18: -86.699278 | AH18: -82.652996 | AI18: -91.314959 | AJ18: -108.00441 | AK18: -137.25169 | AL18: -129.59387 | AM18: -123.91501 | AN18: -112.3113 | AO18: ='DRE Contabil | Consolidado'!AO18 -> -133.06062 | AQ18: =SUM(D18:G18) -> -104.688 | AR18: =SUM(H18:K18) -> -130.206 | AS18: =SUM(L18:O18) -> -150.275 | AT18: =SUM(P18:S18) -> -138.046 | AU18: =SUM(T18:W18) -> -80.421911 | AV18: =SUM(X18:AA18) -> -231.53329 | AW18: =SUM(AB18:AE18) -> -447.34917 | AX18: =SUM(AF18:AI18) -> -361.6525 | AY18: =SUM(AJ18:AM18) -> -498.76498 | AZ18: =SUM(AN18:AO18) -> -245.37192
C19: Juros de Arrendamento (IFRS 16) | D19: 0 | E19: 0 | F19: 0 | G19: 0 | H19: 0 | I19: 0 | J19: 0 | K19: 0 | L19: -33.319 | M19: -32.643 | N19: -31.468 | O19: -30.41 | P19: -29.491 | Q19: -29.141 | R19: -28.495 | S19: -28.01 | T19: -27.479 | U19: -27.021401 | V19: -30.749491 | W19: -34.988197 | X19: -34.278444 | Y19: -34.453043 | Z19: -40.745715 | AA19: -42.415453 | AB19: -47.480962 | AC19: -49.646407 | AD19: -47.419679 | AE19: -45.283143 | AF19: -49.554921 | AG19: -48.03932 | AH19: -47.247892 | AI19: -47.929351 | AJ19: -46.969234 | AK19: -46.599515 | AL19: -46.240252 | AM19: -47.624017 | AN19: -47.299703 | AO19: ='DRE Contabil | Consolidado'!AO19+AO41 -> -47.03438 | AQ19: =SUM(D19:G19) -> 0 | AR19: =SUM(H19:K19) -> 0 | AS19: =SUM(L19:O19) -> -127.84 | AT19: =SUM(P19:S19) -> -115.137 | AU19: =SUM(T19:W19) -> -120.23809 | AV19: =SUM(X19:AA19) -> -151.89266 | AW19: =SUM(AB19:AE19) -> -189.83019 | AX19: =SUM(AF19:AI19) -> -192.77148 | AY19: =SUM(AJ19:AM19) -> -187.43302 | AZ19: =SUM(AN19:AO19) -> -94.334083
C20: Resultado Antes dos Tributos sobre o Lucro | D20: 2.482 | E20: 34.826 | F20: 42.444 | G20: 11.129 | H20: -7.791 | I20: -1.042 | J20: 13.911 | K20: -1.736 | L20: -45.067 | M20: 3.367 | N20: -10.134 | O20: 21.87 | P20: -5.959 | Q20: 7.467 | R20: 29.021 | S20: 38.07 | T20: 48.562 | U20: 83.231044 | V20: 37.158511 | W20: 22.753122 | X20: 5.2498217 | Y20: 51.097789 | Z20: -1.5936957 | AA20: -20.710958 | AB20: -126.26069 | AC20: -25.273064 | AD20: -33.118698 | AE20: -24.946845 | AF20: -60.472857 | AG20: 34.533771 | AH20: 51.298711 | AI20: 15.207498 | AJ20: -10.423408 | AK20: 53.063081 | AL20: 76.150838 | AM20: 66.274607 | AN20: 32.666749 | AO20: =SUM(AO15:AO19) -> 90.786019 | AQ20: =SUM(AQ15:AQ19) -> 90.881 | AR20: =SUM(AR15:AR19) -> 3.342 | AS20: =SUM(AS15:AS19) -> -29.964 | AT20: =SUM(AT15:AT19) -> 68.599 | AU20: =SUM(AU15:AU19) -> 191.70468 | AV20: =SUM(AV15:AV19) -> 34.042956 | AW20: =SUM(AW15:AW19) -> -209.5993 | AX20: =SUM(AX15:AX19) -> 40.567124 | ... AZ20: =SUM(AZ15:AZ19) -> 123.45277
C21: Imposto de Renda e Contribuição Social | D21: 4.471 | E21: -4.441 | F21: -4.572 | G21: 21.094 | H21: 9.381 | I21: 5.701 | J21: 10.266 | K21: 19.299 | L21: 12.306791 | M21: 7.8089164 | N21: -2.8853115 | O21: -9.9590329 | P21: 12.109148 | Q21: -1.1161923 | R21: 8.864 | S21: -3.455 | T21: -7.363 | U21: -15.001958 | V21: -4.7107571 | W21: -0.165738 | X21: 15.92458 | Y21: 2.3564594 | Z21: 5.3208636 | AA21: 63.154015 | AB21: 65.737719 | AC21: 11.404705 | AD21: 24.0732 | AE21: 79.600496 | AF21: 27.459918 | AG21: 1.5311709 | AH21: -6.2367445 | AI21: 52.582564 | AJ21: 16.170643 | AK21: 0.34829635 | AL21: -1.7472232 | AM21: 58.802671 | AN21: 18.328672 | AO21: ='DRE Contabil | Consolidado'!AO21+AO44 -> -19.552716 | AQ21: =SUM(D21:G21) -> 16.552 | AR21: =SUM(H21:K21) -> 44.647 | AS21: =SUM(L21:O21) -> 7.2713633 | AT21: =SUM(P21:S21) -> 16.401956 | AU21: =SUM(T21:W21) -> -27.241453 | AV21: =SUM(X21:AA21) -> 86.755918 | AW21: =SUM(AB21:AE21) -> 180.81612 | AX21: =SUM(AF21:AI21) -> 75.336909 | AY21: =SUM(AJ21:AM21) -> 73.574388 | AZ21: =SUM(AN21:AO21) -> -1.2240445
C22: Imposto de Renda e Contribuição Social (IFRS 16) | D22: 0 | E22: 0 | F22: 0 | G22: 0 | H22: 0 | I22: 0 | J22: 0 | K22: 0 | L22: 4.5652087 | M22: 4.1810836 | N22: 3.8253115 | O22: 3.2380329 | P22: 3.0538521 | Q22: 2.7931923 | R22: 2.268 | S22: 2.917 | T22: 2.969 | U22: 2.6107136 | V22: 3.1418273 | W22: 3.4004541 | X22: 3.1848486 | Y22: 3.2113947 | Z22: 3.2956384 | AA22: 3.7395377 | AB22: 5.1590974 | AC22: 3.6534907 | AD22: 2.879957 | AE22: 2.7917916 | AF22: 3.3191532 | AG22: 2.7399711 | AH22: 3.1678426 | AI22: 3.2133263 | AJ22: 2.5280356 | AK22: 2.3529162 | AL22: 2.1544583 | AM22: 1.9155626 | AN22: 1.3415133 | AO22: ='DRE Contabil | Consolidado'!AO22 -> 0.69419002 | AQ22: =SUM(D22:G22) -> 0 | AR22: =SUM(H22:K22) -> 0 | AS22: =SUM(L22:O22) -> 15.809637 | AT22: =SUM(P22:S22) -> 11.032044 | AU22: =SUM(T22:W22) -> 12.121995 | AV22: =SUM(X22:AA22) -> 13.431419 | AW22: =SUM(AB22:AE22) -> 14.484337 | AX22: =SUM(AF22:AI22) -> 12.440293 | AY22: =SUM(AJ22:AM22) -> 8.9509727 | AZ22: =SUM(AN22:AO22) -> 2.0357033
C23: Participação minoritária | D23: 0 | E23: 0 | F23: 0 | G23: 0 | H23: 0 | I23: 0 | J23: 0 | K23: 0 | L23: 0 | M23: 0 | N23: 0 | O23: 0 | P23: 0 | Q23: 0 | R23: 0 | S23: 0 | T23: 0 | U23: 0 | V23: 0 | W23: 0 | X23: 0 | Y23: 0 | Z23: 0.3046308 | AA23: 0.3103692 | AB23: 0.095 | AC23: 0.192 | AD23: 0.14 | AE23: -0.0691981 | AF23: 0.10419991 | AG23: 0.087006332 | AH23: -0.072 | AI23: -0.157 | AJ23: -0.126 | AK23: -0.11 | AL23: -0.151 | AM23: -0.261 | AN23: 0.132 | AO23: ='DRE Contabil | Consolidado'!AO23 -> -0.106 | AQ23: =SUM(D23:G23) -> 0 | AR23: =SUM(H23:K23) -> 0 | AS23: =SUM(L23:O23) -> 0 | AT23: =SUM(P23:S23) -> 0 | AU23: =SUM(T23:W23) -> 0 | AV23: =SUM(X23:AA23) -> 0.615 | AW23: =SUM(AB23:AE23) -> 0.3578019 | AX23: =SUM(AF23:AI23) -> -0.037793754 | AY23: =SUM(AJ23:AM23) -> -0.648 | AZ23: =SUM(AN23:AO23) -> 0.026
C24: Lucro Líquido Ajustado | D24: 6.953 | E24: 30.385 | F24: 37.872 | G24: 32.223 | H24: 1.59 | I24: 4.659 | J24: 24.177 | K24: 17.563 | L24: -28.195 | M24: 15.357 | N24: -9.194 | O24: 15.149 | P24: 9.204 | Q24: 9.144 | R24: 40.153 | S24: 37.532 | T24: 44.168 | U24: 70.839799 | V24: 35.589582 | W24: 25.987838 | X24: 24.35925 | Y24: 56.665643 | Z24: 7.3274372 | AA24: 46.492964 | AB24: -55.268874 | AC24: -10.022868 | AD24: -6.0255409 | AE24: 57.376245 | AF24: -29.589586 | AG24: 38.89192 | AH24: 48.15781 | AI24: 70.846389 | AJ24: 8.1492705 | AK24: 55.654293 | AL24: 76.407073 | AM24: 126.73184 | AN24: 52.468935 | AO24: =SUM(AO20:AO23) -> 71.821492 | AQ24: =SUM(AQ20:AQ23) -> 107.433 | AR24: =SUM(AR20:AR23) -> 47.989 | AS24: =SUM(AS20:AS23) -> -6.883 | AT24: =SUM(AT20:AT23) -> 96.033 | AU24: =SUM(AU20:AU23) -> 176.58522 | AV24: =SUM(AV20:AV23) -> 134.84529 | AW24: =SUM(AW20:AW23) -> -13.941038 | AX24: =SUM(AX20:AX23) -> 128.30653 | ... AZ24: =SUM(AZ20:AZ23) -> 124.29043
C26: EBITDA (ex. IFRS 16) | D26: 52.965 | E26: 77.998 | F26: 84.701 | G26: 63.324 | H26: 45.07 | I26: 46.425 | J26: 78.544 | K26: 71.586 | L26: 26.850341 | M26: 77.023787 | N26: 62.155827 | O26: 93.034923 | P26: 64.591 | Q26: 78.09 | R26: 86.702 | S26: 97.162 | T26: 99.087 | U26: 131.53773 | V26: 89.967654 | W26: 80.016203 | X26: 83.38388 | Y26: 132.05998 | Z26: 101.71278 | AA26: 127.77039 | AB26: 54.587198 | AC26: 152.93774 | AD26: 143.80552 | AE26: 124.62619 | AF26: 96.862812 | AG26: 176.91638 | AH26: 190.6903 | AI26: 164.01127 | AJ26: =AJ15-AJ12 -> 150.33564 | AK26: =AK15-AK12 -> 244.05256 | AL26: =AL15-AL12 -> 260.06902 | AM26: =AM15-AM12 -> 250.26469 | AN26: =AN15-AN12 -> 204.66831 | AO26: =AO15-AO12 -> 281.72338 | AQ26: =AQ15-AQ12 -> 278.988 | AR26: =AR15-AR12 -> 241.625 | AS26: =AS15-AS12 -> 259.06488 | AT26: =AT15-AT12 -> 326.545 | AU26: =AU15-AU12 -> 400.60859 | AV26: =AV15-AV12 -> 444.92704 | AW26: =AW15-AW12 -> 475.95665 | AX26: =AX15-AX12 -> 628.48076 | ... AZ26: =AZ15-AZ12 -> 486.39169
C27: Margem EBITDA (ex. IFRS 16) | D27: 0.034257562 | E27: 0.049793924 | F27: 0.052658115 | G27: 0.039963851 | H27: 0.029119803 | I27: 0.028298764 | J27: 0.045454835 | K27: 0.042567463 | L27: 0.016575666 | M27: 0.045750436 | N27: 0.035643508 | O27: 0.053319511 | P27: 0.036632349 | Q27: 0.046253409 | R27: 0.045593349 | S27: 0.04969209 | T27: 0.051872226 | U27: 0.064613543 | V27: 0.044055986 | W27: 0.03856617 | X27: 0.039489736 | Y27: 0.059745402 | Z27: 0.038333333 | AA27: 0.044935274 | AB27: 0.019403785 | AC27: 0.050917654 | AD27: 0.046660697 | AE27: 0.040700047 | AF27: 0.03129592 | AG27: 0.052512699 | AH27: 0.054309771 | AI27: 0.045613295 | AJ27: =AJ26/AJ$6 -> 0.041492286 | AK27: =AK26/AK$6 -> 0.061394199 | AL27: =AL26/AL$6 -> 0.062749459 | AM27: =AM26/AM$6 -> 0.058118063 | AN27: =AN26/AN$6 -> 0.049398929 | AO27: =AO26/AO$6 -> 0.064867351 | AQ27: =AQ26/AQ$6 -> 0.044244916 | AR27: =AR26/AR$6 -> 0.036621284 | AS27: =AS26/AS$6 -> 0.03814206 | AT27: =AT26/AT$6 -> 0.044680479 | AU27: =AU26/AU$6 -> 0.049685594 | AV27: =AV26/AV$6 -> 0.045314155 | AW27: =AW26/AW$6 -> 0.039792847 | AX27: =AX26/AX$6 -> 0.0463108 | ... AZ27: =AZ26/AZ$6 -> 0.057315322
C28: Lucro líquido (ex. IFRS 16) | D28: 6.953 | E28: 30.385 | F28: 37.872 | G28: 32.223 | H28: 1.59 | I28: 4.659 | J28: 24.177 | K28: 17.563 | L28: -19.333019 | M28: 23.472941 | N28: -1.7679831 | O28: 21.313585 | P28: 15.132148 | Q28: 14.564808 | R28: 44.555 | S28: 43.194 | T28: 49.931 | U28: 75.907969 | V28: 41.688423 | W28: 32.588719 | X28: 30.541796 | Y28: 62.899334 | Z28: 14.408115 | AA28: 53.752066 | AB28: -45.254155 | AC28: -2.9307978 | AD28: -0.43503614 | AE28: 62.795605 | AF28: -23.146524 | AG28: 44.210687 | AH28: 53.854629 | AI28: 77.084022 | AJ28: =AJ24-AJ22-AJ19-AJ17-AJ12 -> 13.056634 | AK28: =AK24-AK22-AK19-AK17-AK12 -> 60.221719 | AL28: =AL24-AL22-AL19-AL17-AL12 -> 80.589257 | AM28: =AM24-AM22-AM19-AM17-AM12 -> 130.99679 | AN28: =AN24-AN22-AN19-AN17-AN12 -> 55.567163 | AO28: =AO24-AO22-AO19-AO17-AO12 -> 73.616856 | AQ28: =AQ24-AQ22-AQ19-AQ17-AQ12 -> 107.433 | AR28: =AR24-AR22-AR19-AR17-AR12 -> 47.989 | AS28: =AS24-AS22-AS19-AS17-AS12 -> 23.685523 | AT28: =AT24-AT22-AT19-AT17-AT12 -> 117.44596 | AU28: =AU24-AU22-AU19-AU17-AU12 -> 200.11611 | AV28: =AV24-AV22-AV19-AV17-AV12 -> 161.60131 | AW28: =AW24-AW22-AW19-AW17-AW12 -> 14.175616 | AX28: =AX24-AX22-AX19-AX17-AX12 -> 152.00281 | ... AZ28: =AZ24-AZ22-AZ19-AZ17-AZ12 -> 129.18402
C29: Margem líquida (ex. IFRS 16) | D29: 0.0044971741 | E29: 0.019397784 | F29: 0.023544801 | G29: 0.020335973 | H29: 0.0010273017 | I29: 0.0028399341 | J29: 0.013991668 | K29: 0.010443555 | L29: -0.011934957 | M29: 0.013942411 | N29: -0.001013857 | O29: 0.01221509 | P29: 0.0085820954 | Q29: 0.0086268665 | R29: 0.023429813 | S29: 0.022090942 | T29: 0.02613897 | U29: 0.037287269 | V29: 0.020414277 | W29: 0.015707095 | X29: 0.014464276 | Y29: 0.028456357 | Z29: 0.005430105 | AA29: 0.01890394 | AB29: -0.016086224 | AC29: -0.00097575225 | AD29: -0.00014115654 | AE29: 0.0205076 | AF29: -0.0074785331 | AG29: 0.01312271 | AH29: 0.01533813 | AI29: 0.021437894 | AJ29: =AJ28/AJ$6 -> 0.0036036005 | AK29: =AK28/AK$6 -> 0.015149459 | AL29: =AL28/AL$6 -> 0.019444577 | AM29: =AM28/AM$6 -> 0.03042091 | AN29: =AN28/AN$6 -> 0.013411741 | AO29: =AO28/AO$6 -> 0.016950423 | AQ29: =AQ28/AQ$6 -> 0.01703788 | AR29: =AR28/AR$6 -> 0.0072733319 | AS29: =AS28/AS$6 -> 0.0034872139 | AT29: =AT28/AT$6 -> 0.016069888 | AU29: =AU28/AU$6 -> 0.024819458 | AV29: =AV28/AV$6 -> 0.016458489 | AW29: =AW28/AW$6 -> 0.001185167 | AX29: =AX28/AX$6 -> 0.011200616 | ... AZ29: =AZ28/AZ$6 -> 0.015222759
C31: RECONCILIAÇÃO AJUSTES GERENCIAIS
C32: Lucro Líquido Contábil | D32: 6.953 | E32: 30.385 | F32: 31.253 | G32: 12.979 | H32: 1.59 | I32: 4.659 | J32: 15.302 | K32: 71.422 | L32: -37.081 | M32: -15.501 | N32: 39.288 | O32: 6.349 | P32: 9.204 | Q32: 9.144 | R32: 40.153 | S32: 37.532 | T32: 44.168 | U32: 69.356265 | V32: 29.878777 | W32: 21.054757 | X32: 23.435 | Y32: 53.554286 | Z32: 84.76 | AA32: 101.9151 | AB32: -62.842 | AC32: -37.103 | AD32: -23.659 | AE32: 126.12 | AF32: -36.876 | AG32: 32.614 | AH32: 40.898 | AI32: 66.463 | AJ32: ='DRE Contabil | Consolidado'!AJ24 -> 4.969 | AK32: ='DRE Contabil | Consolidado'!AK24 -> 50.233 | AL32: ='DRE Contabil | Consolidado'!AL24 -> 75.831 | AM32: ='DRE Contabil | Consolidado'!AM24 -> 129.25 | AN32: ='DRE Contabil | Consolidado'!AN24 -> 52.215 | AO32: ='DRE Contabil | Consolidado'!AO24 -> 71.11 | AQ32: =SUM(D32:G32) -> 81.57 | AR32: =SUM(H32:K32) -> 92.973 | AS32: =SUM(L32:O32) -> -6.945 | AT32: =SUM(P32:S32) -> 96.033 | AU32: =SUM(T32:W32) -> 164.4578 | AV32: =SUM(X32:AA32) -> 263.66438 | AW32: =SUM(AB32:AE32) -> 2.516 | AX32: =SUM(AF32:AI32) -> 103.099 | AY32: =SUM(AJ32:AM32) -> 260.283 | AZ32: =SUM(AN32:AO32) -> 123.325
C33: (+/-) Despesas (créditos) tributários períodos anteriores | D33: 0 | E33: 0 | F33: 6.6193849 | G33: 0 | H33: 0 | I33: 0 | J33: 0 | K33: -62.5536 | L33: 0 | M33: 12.099 | N33: -52.379 | O33: -30.748991 | P33: 0 | Q33: 0 | R33: 0 | S33: 0 | T33: 0 | U33: 0 | V33: 0 | W33: 0 | X33: 0 | Y33: 0 | Z33: 0 | AA33: 0 | AB33: 0 | AC33: 0 | AD33: 0 | AE33: 0 | AF33: 0 | AG33: 0 | AH33: 0 | AI33: 0 | AJ33: 0 | AK33: 0 | AL33: 0 | AM33: 0 | AN33: 0 | AO33: 0 | AQ33: =SUM(D33:G33) -> 6.6193849 | AR33: =SUM(H33:K33) -> -62.5536 | AS33: =SUM(L33:O33) -> -71.028991 | AT33: =SUM(P33:S33) -> 0 | AU33: =SUM(T33:W33) -> 0 | AV33: =SUM(X33:AA33) -> 0 | AW33: =SUM(AB33:AE33) -> 0 | AX33: =SUM(AF33:AI33) -> 0 | AY33: =SUM(AJ33:AM33) -> 0 | AZ33: =SUM(AN33:AO33) -> 0
C34: (+) Impairment ágio sobre investimento | D34: 0 | E34: 0 | F34: 0 | G34: 19.24385 | H34: 0 | I34: 0 | J34: 0 | K34: 0 | L34: 0 | M34: 0 | N34: 0 | O34: 0 | P34: 0 | Q34: 0 | R34: 0 | S34: 0 | T34: 0 | U34: 0 | V34: 0 | W34: 0 | X34: 0 | Y34: 0 | Z34: 0 | AA34: 0 | AB34: 0 | AC34: 0 | AD34: 0 | AE34: 0 | AF34: 0 | AG34: 0 | AH34: 0 | AI34: 0 | AJ34: 0 | AK34: 0 | AL34: 0 | AM34: 0 | AN34: 0 | AO34: 0 | AQ34: =SUM(D34:G34) -> 19.24385 | AR34: =SUM(H34:K34) -> 0 | AS34: =SUM(L34:O34) -> 0 | AT34: =SUM(P34:S34) -> 0 | AU34: =SUM(T34:W34) -> 0 | AV34: =SUM(X34:AA34) -> 0 | AW34: =SUM(AB34:AE34) -> 0 | AX34: =SUM(AF34:AI34) -> 0 | AY34: =SUM(AJ34:AM34) -> 0 | AZ34: =SUM(AN34:AO34) -> 0
C35: (+) Baixa de ativo imobilizado/desinvestimentos | D35: 0 | E35: 0 | F35: 0 | G35: 0 | H35: 0 | I35: 0 | J35: 6.652 | K35: 8.695 | L35: 0 | M35: 9.5307597 | N35: 9.242149 | O35: 16.160111 | P35: 0 | Q35: 0 | R35: 0 | S35: 0 | T35: 0 | U35: 0 | V35: 0 | W35: 0 | X35: 0 | Y35: 0 | Z35: 2.2372584 | AA35: 3.457563 | AB35: -5.5857765 | AC35: 0 | AD35: 12.007836 | AE35: 11.78051 | AF35: 1.4740431 | AG35: 1.3887617 | AH35: 1.4349026 | AI35: 3.9914352 | AJ35: 2.4002048 | AK35: 3.5623246 | AL35: -0.04723241 | AM35: 1.3415898 | AN35: 0.3847495 | AO35: 1.0780187 | AQ35: =SUM(D35:G35) -> 0 | AR35: =SUM(H35:K35) -> 15.347 | AS35: =SUM(L35:O35) -> 34.93302 | AT35: =SUM(P35:S35) -> 0 | AU35: =SUM(T35:W35) -> 0 | AV35: =SUM(X35:AA35) -> 5.6948213 | AW35: =SUM(AB35:AE35) -> 18.202569 | AX35: =SUM(AF35:AI35) -> 8.2891426 | AY35: =SUM(AJ35:AM35) -> 7.2568868 | AZ35: =SUM(AN35:AO35) -> 1.4627682
C36: (+) Reestruturação organizacional | D36: 0 | E36: 0 | F36: 0 | G36: 0 | H36: 0 | I36: 0 | J36: 2.223 | K36: 0 | L36: 0 | M36: 0 | N36: 0 | O36: 0 | P36: 0 | Q36: 0 | R36: 0 | S36: 0 | T36: 0 | U36: 0 | V36: 0 | W36: 0 | X36: 0 | Y36: 0 | Z36: 0 | AA36: 4.5249962 | AB36: 1.610938 | AC36: 2.3766005 | AD36: 0.78930097 | AE36: 0 | AF36: 0 | AG36: 0 | AH36: 0 | AI36: 0 | AJ36: 0 | AK36: 0 | AL36: 0 | AM36: 0 | AN36: 0 | AO36: 0 | AQ36: =SUM(D36:G36) -> 0 | AR36: =SUM(H36:K36) -> 2.223 | AS36: =SUM(L36:O36) -> 0 | AT36: =SUM(P36:S36) -> 0 | AU36: =SUM(T36:W36) -> 0 | AV36: =SUM(X36:AA36) -> 4.5249962 | AW36: =SUM(AB36:AE36) -> 4.7768395 | AX36: =SUM(AF36:AI36) -> 0 | AY36: =SUM(AJ36:AM36) -> 0 | AZ36: =SUM(AN36:AO36) -> 0
C37: (+) Perdas extraordinárias com estoques | D37: 0 | E37: 0 | F37: 0 | G37: 0 | H37: 0 | I37: 0 | J37: 0 | K37: 0 | L37: 8.886378 | M37: 9.2281606 | N37: -5.3447594 | O37: 23.389318 | P37: 0 | Q37: 0 | R37: 0 | S37: 0 | T37: 0 | U37: 0 | V37: 0 | W37: 0 | X37: 0 | Y37: 0 | Z37: 0 | AA37: 0 | AB37: 0 | AC37: 0 | AD37: 0 | AE37: 0 | AF37: 0 | AG37: 0 | AH37: 0 | AI37: 0 | AJ37: 0 | AK37: 0 | AL37: 0 | AM37: 0 | AN37: 0 | AO37: 0 | AQ37: =SUM(D37:G37) -> 0 | AR37: =SUM(H37:K37) -> 0 | AS37: =SUM(L37:O37) -> 36.159098 | AT37: =SUM(P37:S37) -> 0 | AU37: =SUM(T37:W37) -> 0 | AV37: =SUM(X37:AA37) -> 0 | AW37: =SUM(AB37:AE37) -> 0 | AX37: =SUM(AF37:AI37) -> 0 | AY37: =SUM(AJ37:AM37) -> 0 | AZ37: =SUM(AN37:AO37) -> 0
C38: (+) Despesas extraordinárias aquisição Extrafarma | D38: 0 | E38: 0 | F38: 0 | G38: 0 | H38: 0 | I38: 0 | J38: 0 | K38: 0 | L38: 0 | M38: 0 | N38: 0 | O38: 0 | P38: 0 | Q38: 0 | R38: 0 | S38: 0 | T38: 0 | U38: 2.2477784 | V38: 8.6527348 | W38: 7.4743645 | X38: 1.401681 | Y38: 4.715135 | Z38: 5.4354519 | AA38: 7.0516383 | AB38: 2.9960619 | AC38: 0.372475 | AD38: 0 | AE38: 0 | AF38: 0 | AG38: 0 | AH38: 4.7010172 | AI38: 0 | AJ38: 0 | AK38: 2.7522328 | AL38: 0 | AM38: 0 | AN38: 0 | AO38: 0 | AQ38: =SUM(D38:G38) -> 0 | AR38: =SUM(H38:K38) -> 0 | AS38: =SUM(L38:O38) -> 0 | AT38: =SUM(P38:S38) -> 0 | AU38: =SUM(T38:W38) -> 18.374878 | AV38: =SUM(X38:AA38) -> 18.603906 | AW38: =SUM(AB38:AE38) -> 3.3685369 | AX38: =SUM(AF38:AI38) -> 4.7010172 | AY38: =SUM(AJ38:AM38) -> 2.7522328 | AZ38: =SUM(AN38:AO38) -> 0
C39: (-) Combinação de negócios - Compra vantajosa | D39: 0 | E39: 0 | F39: 0 | G39: 0 | H39: 0 | I39: 0 | J39: 0 | K39: 0 | L39: 0 | M39: 0 | N39: 0 | O39: 0 | P39: 0 | Q39: 0 | R39: 0 | S39: 0 | T39: 0 | U39: 0 | V39: 0 | W39: 0 | X39: 0 | Y39: 0 | Z39: -137.8323 | AA39: -114.97845 | AB39: 0 | AC39: 7.4669059 | AD39: 0 | AE39: -26.322335 | AF39: 1.2722816 | AG39: 0.03325851 | AH39: 0.18892341 | AI39: 0.0198994 | AJ39: 0.0350336 | AK39: 0.0018447 | AL39: 0.04411908 | AM39: 0 | AN39: 0 | AO39: 0 | AQ39: =SUM(D39:G39) -> 0 | AR39: =SUM(H39:K39) -> 0 | AS39: =SUM(L39:O39) -> 0 | AT39: =SUM(P39:S39) -> 0 | AU39: =SUM(T39:W39) -> 0 | AV39: =SUM(X39:AA39) -> -252.81076 | AW39: =SUM(AB39:AE39) -> -18.855429 | AX39: =SUM(AF39:AI39) -> 1.5143629 | AY39: =SUM(AJ39:AM39) -> 0.08099738 | AZ39: =SUM(AN39:AO39) -> 0
C40: (-) Combinação de negócios - Depreciação Mais Valia | D40: 0 | E40: 0 | F40: 0 | G40: 0 | H40: 0 | I40: 0 | J40: 0 | K40: 0 | L40: 0 | M40: 0 | N40: 0 | O40: 0 | P40: 0 | Q40: 0 | R40: 0 | S40: 0 | T40: 0 | U40: 0 | V40: 0 | W40: 0 | X40: 0 | Y40: 0 | Z40: 0 | AA40: 0 | AB40: 0 | AC40: 12.306101 | AD40: 3.3610743 | AE40: -9.2177164 | AF40: 1.5370666 | AG40: 1.465042 | AH40: 1.6317559 | AI40: 1.580474 | AJ40: 1.4119995 | AK40: 1.0358824 | AL40: 0.98707217 | AM40: =-AL40-AK40-AJ40 -> -3.4349541 | AN40: 0 | AO40: 0 | AQ40: 0 | AR40: 0 | AS40: 0 | AT40: 0 | AU40: 0 | AV40: 0 | AW40: =SUM(AB40:AE40) -> 6.4494589 | AX40: =SUM(AF40:AI40) -> 6.2143385 | AY40: =SUM(AJ40:AM40) -> 0 | AZ40: =SUM(AN40:AO40) -> 0
C41: (-) Combinação de negócios - Juros Mais Valia | D41: 0 | E41: 0 | F41: 0 | G41: 0 | H41: 0 | I41: 0 | J41: 0 | K41: 0 | L41: 0 | M41: 0 | N41: 0 | O41: 0 | P41: 0 | Q41: 0 | R41: 0 | S41: 0 | T41: 0 | U41: 0 | V41: 0 | W41: 0 | X41: 0 | Y41: 0 | Z41: 0 | AA41: 0 | AB41: 0 | AC41: 0 | AD41: 0 | AE41: 18.772445 | AF41: 1.0261925 | AG41: 0.93535471 | AH41: 0.85883529 | AI41: 1.0496892 | AJ41: 0.97135363 | AK41: 0.86179624 | AL41: -0.11112099 | AM41: =-AL41-AK41-AJ41 -> -1.7220289 | AN41: 0 | AO41: 0 | AQ41: 0 | AR41: 0 | AS41: 0 | AT41: 0 | AU41: 0 | AV41: 0 | AW41: =SUM(AB41:AE41) -> 18.772445 | AX41: =SUM(AF41:AI41) -> 3.8700718 | AY41: =SUM(AJ41:AM41) -> 0 | AZ41: =SUM(AN41:AO41) -> 0
C42: (+) Juros de parcelas a pagar transação Extrafarma | D42: 0 | E42: 0 | F42: 0 | G42: 0 | H42: 0 | I42: 0 | J42: 0 | K42: 0 | L42: 0 | M42: 0 | N42: 0 | O42: 0 | P42: 0 | Q42: 0 | R42: 0 | S42: 0 | T42: 0 | U42: 0 | V42: 0 | W42: 0 | X42: 0 | Y42: 0 | Z42: 12.837434 | AA42: 11.389662 | AB42: 12.379513 | AC42: 12.200853 | AD42: 8.8347538 | AE42: 5.9867227 | AF42: 5.7196186 | AG42: 5.6830479 | AH42: 2.1842769 | AI42: 0 | AJ42: 0 | AK42: 0 | AL42: 0 | AM42: 0 | AN42: 0 | AO42: 0 | AQ42: =SUM(D42:G42) -> 0 | AR42: =SUM(H42:K42) -> 0 | AS42: =SUM(L42:O42) -> 0 | AT42: =SUM(P42:S42) -> 0 | AU42: =SUM(T42:W42) -> 0 | AV42: =SUM(X42:AA42) -> 24.227097 | AW42: =SUM(AB42:AE42) -> 39.401842 | AX42: =SUM(AF42:AI42) -> 13.586943 | AY42: =SUM(AJ42:AM42) -> 0 | AZ42: =SUM(AN42:AO42) -> 0
C43: (-) Eliminação vendas intercompany | D43: 0 | E43: 0 | F43: 0 | G43: 0 | H43: 0 | I43: 0 | J43: 0 | K43: 0 | L43: 0 | M43: 0 | N43: 0 | O43: 0 | P43: 0 | Q43: 0 | R43: 0 | S43: 0 | T43: 0 | U43: 0 | V43: 0 | W43: 0 | X43: 0 | Y43: 0 | Z43: 0 | AA43: 4.5816651 | AB43: 0 | AC43: 0 | AD43: 0 | AE43: 0 | AF43: 0 | AG43: 0 | AH43: 0 | AI43: 0 | AJ43: 0 | AK43: 0 | AL43: 0 | AM43: 0 | AN43: 0 | AO43: 0 | AQ43: =SUM(D43:G43) -> 0 | AR43: =SUM(H43:K43) -> 0 | AS43: =SUM(L43:O43) -> 0 | AT43: =SUM(P43:S43) -> 0 | AU43: =SUM(T43:W43) -> 0 | AV43: =SUM(X43:AA43) -> 4.5816651 | AW43: =SUM(AB43:AE43) -> 0 | AX43: =SUM(AF43:AI43) -> 0 | AY43: =SUM(AJ43:AM43) -> 0 | AZ43: =SUM(AN43:AO43) -> 0
C44: (+) Efeito no IRPJ e CSLL dos ajustes | D44: 0 | E44: 0 | F44: 0 | G44: 0 | H44: 0 | I44: 0 | J44: 0 | K44: 0 | L44: 0 | M44: 0 | N44: 0 | O44: 0 | P44: 0 | Q44: 0 | R44: 0 | S44: 0 | T44: 0 | U44: -0.76424467 | V44: -2.9419298 | W44: -2.5412839 | X44: -0.47657155 | Y44: -1.6031459 | Z44: 39.889534 | AA44: 28.550796 | AB44: -3.8762503 | AC44: -7.6428038 | AD44: -7.3548429 | AE44: -5.6667123 | AF44: -3.7499289 | AG44: -3.231858 | AH44: -3.7399019 | AI44: -2.2581092 | AJ44: -1.6383212 | AK44: -2.7927875 | AL44: -0.29676487 | AM44: =-0.34*SUM(AM33:AM43) -> 1.2972337 | AN44: =-0.34*SUM(AN33:AN43) -> -0.13081483 | AO44: =-0.34*SUM(AO33:AO43) -> -0.36652636 | AQ44: =SUM(D44:G44) -> 0 | AR44: =SUM(H44:K44) -> 0 | AS44: =SUM(L44:O44) -> 0 | AT44: =SUM(P44:S44) -> 0 | AU44: =SUM(T44:W44) -> -6.2474585 | AV44: =SUM(X44:AA44) -> 66.360613 | AW44: =SUM(AB44:AE44) -> -24.540609 | AX44: =SUM(AF44:AI44) -> -12.979798 | AY44: =SUM(AJ44:AM44) -> -3.4306398 | AZ44: =SUM(AN44:AO44) -> -0.49734119
C45: (-) Constituição de prejuízo fiscal (efeito no IR) | D45: 0 | E45: 0 | F45: 0 | G45: 0 | H45: 0 | I45: 0 | J45: 0 | K45: 0 | L45: 0 | M45: 0 | N45: 0 | O45: 0 | P45: 0 | Q45: 0 | R45: 0 | S45: 0 | T45: 0 | U45: 0 | V45: 0 | W45: 0 | X45: 0 | Y45: 0 | Z45: 0 | AA45: 0 | AB45: 0 | AC45: 0 | AD45: 0 | AE45: -64.655 | AF45: 0 | AG45: 0 | AH45: 0 | AI45: 0 | AJ45: 0 | AK45: 0 | AL45: 0 | AM45: 0 | AN45: 0 | AO45: 0 | AQ45: 0 | AR45: 0 | AS45: 0 | AT45: 0 | AU45: 0 | AV45: 0 | AW45: =SUM(AB45:AE45) -> -64.655 | AX45: =SUM(AF45:AI45) -> 0 | AY45: =SUM(AJ45:AM45) -> 0 | AZ45: =SUM(AN45:AO45) -> 0
C46: (+) Efeito na participação minoritária dos ajustes | D46: 0 | E46: 0 | F46: 0 | G46: 0 | H46: 0 | I46: 0 | J46: 0 | K46: 0 | L46: 0 | M46: 0 | N46: 0 | O46: 0 | P46: 0 | Q46: 0 | R46: 0 | S46: 0 | T46: 0 | U46: 0 | V46: 0 | W46: 0 | X46: 0 | Y46: 0 | Z46: 0 | AA46: 0 | AB46: 0 | AC46: 0 | AD46: 0 | AE46: 0.5768019 | AF46: 0.0071999143 | AG46: 0.0040063317 | AH46: -0.0014155319 | AI46: 0 | AJ46: 0 | AK46: 0 | AL46: 0 | AM46: 0 | AN46: 0 | AO46: 0 | AQ46: 0 | AR46: 0 | AS46: 0 | AT46: 0 | AU46: 0 | AV46: 0 | AW46: =SUM(AB46:AE46) -> 0.5768019 | AX46: =SUM(AF46:AI46) -> 0.0097907141 | AY46: =SUM(AJ46:AM46) -> 0 | AZ46: =SUM(AN46:AO46) -> 0
C47: (+) Total ajustes gerenciais | D47: =SUM(D33:D46) -> 0 | E47: =SUM(E33:E46) -> 0 | F47: =SUM(F33:F46) -> 6.6193849 | G47: =SUM(G33:G46) -> 19.24385 | H47: =SUM(H33:H46) -> 0 | I47: =SUM(I33:I46) -> 0 | J47: =SUM(J33:J46) -> 8.875 | K47: =SUM(K33:K46) -> -53.8586 | ... AO47: =SUM(AO33:AO46) -> 0.71149235 | AQ47: =SUM(D47:G47) -> 25.863235 | AR47: =SUM(H47:K47) -> -44.9836 | AS47: =SUM(L47:O47) -> 0.06312649 | AT47: =SUM(P47:S47) -> 0 | AU47: =SUM(T47:W47) -> 12.127419 | AV47: =SUM(X47:AA47) -> -128.81766 | AW47: =SUM(AB47:AE47) -> -16.502545 | AX47: =SUM(AF47:AI47) -> 25.205869 | AY47: =SUM(AJ47:AM47) -> 6.6594772 | AZ47: =SUM(AN47:AO47) -> 0.96542702
C48: Lucro Líquido Ajustado | D48: =D32+D47 -> 6.953 | E48: =E32+E47 -> 30.385 | F48: =F32+F47 -> 37.872385 | G48: =G32+G47 -> 32.22285 | H48: =H32+H47 -> 1.59 | I48: =I32+I47 -> 4.659 | J48: =J32+J47 -> 24.177 | K48: =K32+K47 -> 17.5634 | ... AO48: =AO32+AO47 -> 71.821492 | AQ48: =SUM(D48:G48) -> 107.43323 | AR48: =SUM(H48:K48) -> 47.9894 | AS48: =SUM(L48:O48) -> -6.8818735 | AT48: =SUM(P48:S48) -> 96.033 | AU48: =SUM(T48:W48) -> 176.58522 | AV48: =SUM(X48:AA48) -> 134.84672 | AW48: =SUM(AB48:AE48) -> -13.986545 | AX48: =SUM(AF48:AI48) -> 128.30487 | AY48: =SUM(AJ48:AM48) -> 266.94248 | AZ48: =SUM(AN48:AO48) -> 124.29043

Sheet BP | Consolidado
B1: #VALUE!
C4: Balanço Patrimonial (R$ milhões) | D4: 1T17 | E4: 2T17 | F4: 3T17 | G4: 4T17 | H4: 1T18 | I4: 2T18 | J4: 3T18 | K4: 4T18 | L4: 1T19 | M4: 2T19 | N4: 3T19 | O4: 4T19 | P4: 1T20 | Q4: 2T20 | R4: 3T20 | S4: 4T20 | T4: 1T21 | U4: 2T21 | V4: 3T21 | W4: 4T21 | X4: 1T22 | Y4: 2T22 | Z4: 3T22 | AA4: 4T22 | AB4: 1T23 | AC4: 2T23 | AD4: 3T23 | AE4: 4T23 | AF4: 1T24 | AG4: 2T24 | AH4: 3T24 | AI4: 4T24 | AJ4: 1T25 | AK4: 2T25 | AL4: 3T25 | AM4: 4T25 | AN4: 1T26 | AO4: 2T26 | AQ4: 2017 | AR4: 2018 | AS4: 2019 | AT4: 2020 | AU4: 2021 | AV4: 2022 | AW4: 2023 | AX4: 2024 | AY4: 2025 | AZ4: 2026 (YTD)
C6: Ativo Total | D6: 2828.713 | E6: 2651.557 | F6: 3043.727 | G6: 2915.57 | H6: 3182.426 | I6: 3420.046 | J6: 3401.618 | K6: 3376.885 | L6: 4772.697 | M6: 4650.564 | N6: 4669.527 | O6: 4807.686 | P6: 4838.458 | Q6: 4817.43 | R6: 5670.746 | S6: 5753.778 | T6: 5751.948 | U6: 5696.302 | V6: 5973.196 | W6: 6573.254 | X6: 6475.274 | Y6: 6442.36 | Z6: 8051.3371 | AA6: 8597.4241 | AB6: 8439.1341 | AC6: 8465.6319 | AD6: 8703.1877 | AE6: 8988.598 | AF6: 8767.73 | AG6: 8583.604 | AH6: 8642.359 | AI6: 8983.695 | AJ6: 8668.631 | AK6: 9115.564 | AL6: 9267.606 | AM6: 9920.927 | AN6: 9806.829 | AO6: =AO7+AO15 -> 9815.327 | AQ6: =G6 -> 2915.57 | AR6: =K6 -> 3376.885 | AS6: =O6 -> 4807.686 | AT6: =S6 -> 5753.778 | AU6: =W6 -> 6573.254 | AV6: =AA6 -> 8597.4241 | AW6: =AE6 -> 8988.598 | AX6: =AI6 -> 8983.695 | AY6: =AM6 -> 9920.927 | AZ6: =AO6 -> 9815.327
C7: Ativo Circulante | D7: 2060.089 | E7: 1865.546 | F7: 2202.156 | G7: 2027.887 | H7: 2113.993 | I7: 2284.668 | J7: 2236.25 | K7: 2184.187 | L7: 2018.698 | M7: 1937.337 | N7: 1962.677 | O7: 2197.867 | P7: 2227.472 | Q7: 2263.659 | R7: 3075.903 | S7: 3147.39 | T7: 3195.387 | U7: 3130.383 | V7: 3097.289 | W7: 3512.5 | X7: 3356.05 | Y7: 3260.964 | Z7: 4058.3451 | AA7: 4127.91 | AB7: 3959.46 | AC7: 4176.677 | AD7: 4413.719 | AE7: 4493.557 | AF7: 4272.454 | AG7: 4191.468 | AH7: 4301.824 | AI7: 4614.664 | AJ7: 4407.375 | AK7: 4959.877 | AL7: 5134.852 | AM7: 5688.716 | AN7: 5613.338 | AO7: =SUM(AO8:AO14) -> 5650.073 | AQ7: =G7 -> 2027.887 | AR7: =K7 -> 2184.187 | AS7: =O7 -> 2197.867 | AT7: =S7 -> 3147.39 | AU7: =W7 -> 3512.5 | AV7: =AA7 -> 4127.91 | AW7: =AE7 -> 4493.557 | AX7: =AI7 -> 4614.664 | AY7: =AM7 -> 5688.716 | AZ7: =AO7 -> 5650.073
C8: Caixa e Equivalentes de Caixa | D8: 258.696 | E8: 212.262 | F8: 173.366 | G8: 82.019 | H8: 155.015 | I8: 311.439 | J8: 101.239 | K8: 118.197 | L8: 58.757 | M8: 44.079 | N8: 95.219 | O8: 121.04 | P8: 82.418 | Q8: 99.752 | R8: 214.558 | S8: 589.086 | T8: 478.23 | U8: 392.012 | V8: 322.801 | W8: 654.121 | X8: 486.471 | Y8: 345.097 | Z8: 252.801 | AA8: 163.742 | AB8: 125.699 | AC8: 311.397 | AD8: 525.499 | AE8: 438.5 | AF8: 232.516 | AG8: 108.208 | AH8: 169.595 | AI8: 149.126 | AJ8: 116.272 | AK8: 243.754 | AL8: 106.253 | AM8: 185.757 | AN8: 241.293 | AO8: 110.437 | AQ8: =G8 -> 82.019 | AR8: =K8 -> 118.197 | AS8: =O8 -> 121.04 | AT8: =S8 -> 589.086 | AU8: =W8 -> 654.121 | AV8: =AA8 -> 163.742 | AW8: =AE8 -> 438.5 | AX8: =AI8 -> 149.126 | AY8: =AM8 -> 185.757 | AZ8: =AO8 -> 110.437
C9: Aplicações Financeiras | D9: 0 | E9: 0 | F9: 186.38 | G9: 0 | H9: 0 | I9: 1.107 | J9: 1.122 | K9: 1.135 | L9: 10.865 | M9: 8.769 | N9: 3.5 | O9: 3.5 | P9: 3.482 | Q9: 3.466 | R9: 441.328 | S9: 30.88 | T9: 0 | U9: 0 | V9: 0 | W9: 0 | X9: 0 | Y9: 0 | Z9: 0 | AA9: 4.362 | AB9: 4.475 | AC9: 4.587 | AD9: 4.705 | AE9: 4.808 | AF9: 0 | AG9: 0 | AH9: 0 | AI9: 0.26 | AJ9: 0.02 | AK9: 0.024 | AL9: 0.009 | AM9: 0.037 | AN9: 0.035 | AO9: 0.74 | AQ9: =G9 -> 0 | AR9: =K9 -> 1.135 | AS9: =O9 -> 3.5 | AT9: =S9 -> 30.88 | AU9: =W9 -> 0 | AV9: =AA9 -> 4.362 | AW9: =AE9 -> 4.808 | AX9: =AI9 -> 0.26 | AY9: =AM9 -> 0.037 | AZ9: =AO9 -> 0.74
C10: Contas a Receber de Clientes | D10: 454.236 | E10: 375.143 | F10: 467.681 | G10: 399.433 | H10: 485.376 | I10: 346.552 | J10: 396.562 | K10: 315.465 | L10: 338.912 | M10: 319.048 | N10: 371.933 | O10: 288.453 | P10: 309.367 | Q10: 281.882 | R10: 482.273 | S10: 522.94 | T10: 589.476 | U10: 541.509 | V10: 555.918 | W10: 530.268 | X10: 514.972 | Y10: 495.553 | Z10: 578.54115 | AA10: 505.518 | AB10: 288.522 | AC10: 379.182 | AD10: 479.786 | AE10: 513.574 | AF10: 624.309 | AG10: 792.58 | AH10: 745.069 | AI10: 577.814 | AJ10: 656.494 | AK10: 898.345 | AL10: 1088.155 | AM10: 1234.01 | AN10: 1135.79 | AO10: 1232.087 | AQ10: =G10 -> 399.433 | AR10: =K10 -> 315.465 | AS10: =O10 -> 288.453 | AT10: =S10 -> 522.94 | AU10: =W10 -> 530.268 | AV10: =AA10 -> 505.518 | AW10: =AE10 -> 513.574 | AX10: =AI10 -> 577.814 | AY10: =AM10 -> 1234.01 | AZ10: =AO10 -> 1232.087
C11: Acordos Comerciais | D11: - | E11: - | F11: - | G11: - | H11: - | I11: - | J11: - | K11: - | L11: - | M11: - | N11: - | O11: 79.293 | P11: 75.323 | Q11: 71.932 | R11: 81.176 | S11: 66.346 | T11: 81.456 | U11: 110.921 | V11: 104.941 | W11: 100.97 | X11: 108.222 | Y11: 98.807 | Z11: 111.578 | AA11: 144.953 | AB11: 173.015 | AC11: 216.549 | AD11: 160.056 | AE11: 213.505 | AF11: 182.879 | AG11: 187.39 | AH11: 200.727 | AI11: 223.135 | AJ11: 206.71 | AK11: 230.754 | AL11: 183.284 | AM11: 216.391 | AN11: 175.436 | AO11: 217.013 | AQ11: =G11 -> - | AR11: =K11 -> - | AS11: =O11 -> 79.293 | AT11: =S11 -> 66.346 | AU11: =W11 -> 100.97 | AV11: =AA11 -> 144.953 | AW11: =AE11 -> 213.505 | AX11: =AI11 -> 223.135 | AY11: =AM11 -> 216.391 | AZ11: =AO11 -> 217.013
C12: Estoques | D12: 1212.11 | E12: 1130.86 | F12: 1246.562 | G12: 1379.885 | H12: 1291.498 | I12: 1372.719 | J12: 1435.051 | K12: 1506.448 | L12: 1417.262 | M12: 1345.724 | N12: 1284.878 | O12: 1466.371 | P12: 1492.819 | Q12: 1545.904 | R12: 1576.183 | S12: 1702.095 | T12: 1799.102 | U12: 1853.466 | V12: 1865.683 | W12: 1956.957 | X12: 1960.144 | Y12: 2056.583 | Z12: 2789.217 | AA12: 3029.159 | AB12: 3029.639 | AC12: 2934.977 | AD12: 2919.028 | AE12: 3029.712 | AF12: 2886.881 | AG12: 2798.282 | AH12: 2973.059 | AI12: 3359.412 | AJ12: 3073.625 | AK12: 3218.531 | AL12: 3370.799 | AM12: 3697.341 | AN12: 3654.407 | AO12: 3599.931 | AQ12: =G12 -> 1379.885 | AR12: =K12 -> 1506.448 | AS12: =O12 -> 1466.371 | AT12: =S12 -> 1702.095 | AU12: =W12 -> 1956.957 | AV12: =AA12 -> 3029.159 | AW12: =AE12 -> 3029.712 | AX12: =AI12 -> 3359.412 | AY12: =AM12 -> 3697.341 | AZ12: =AO12 -> 3599.931
C13: Tributos a Recuperar | D13: 54.798 | E13: 49.052 | F13: 28.664 | G13: 52.073 | H13: 56.661 | I13: 60.82 | J13: 94.345 | K13: 70.187 | L13: 68.444 | M13: 100.16 | N13: 83.394 | O13: 204.153 | P13: 198.403 | Q13: 213.252 | R13: 203.906 | S13: 198.318 | T13: 189.561 | U13: 187.504 | V13: 196.123 | W13: 232.407 | X13: 230.871 | Y13: 216.091 | Z13: 258.005 | AA13: 244.028 | AB13: 264.225 | AC13: 266.63 | AD13: 256.228 | AE13: 239.559 | AF13: 270.514 | AG13: 232.276 | AH13: 154.878 | AI13: 263.764 | AJ13: 283.937 | AK13: 299.831 | AL13: 306.64 | AM13: 296.613 | AN13: 320.57 | AO13: 407.304 | AQ13: =G13 -> 52.073 | AR13: =K13 -> 70.187 | AS13: =O13 -> 204.153 | AT13: =S13 -> 198.318 | AU13: =W13 -> 232.407 | AV13: =AA13 -> 244.028 | AW13: =AE13 -> 239.559 | AX13: =AI13 -> 263.764 | AY13: =AM13 -> 296.613 | AZ13: =AO13 -> 407.304
C14: Outros Ativos Circulantes | D14: 80.249 | E14: 98.229 | F14: 99.503 | G14: 114.477 | H14: 125.443 | I14: 192.031 | J14: 207.931 | K14: 172.755 | L14: 124.458 | M14: 119.557 | N14: 123.753 | O14: 35.057 | P14: 65.66 | Q14: 47.471 | R14: 76.479 | S14: 37.725 | T14: 57.562 | U14: 44.971 | V14: 51.823 | W14: 37.777 | X14: 55.37 | Y14: 48.833 | Z14: 68.203 | AA14: 36.148 | AB14: 73.885 | AC14: 63.355 | AD14: 68.417 | AE14: 53.899 | AF14: 75.355 | AG14: 72.732 | AH14: 58.496 | AI14: 41.153 | AJ14: 70.317 | AK14: 68.638 | AL14: 79.712 | AM14: 58.567 | AN14: 85.807 | AO14: 82.561 | AQ14: =G14 -> 114.477 | AR14: =K14 -> 172.755 | AS14: =O14 -> 35.057 | AT14: =S14 -> 37.725 | AU14: =W14 -> 37.777 | AV14: =AA14 -> 36.148 | AW14: =AE14 -> 53.899 | AX14: =AI14 -> 41.153 | AY14: =AM14 -> 58.567 | AZ14: =AO14 -> 82.561
C15: Ativo Não Circulante | D15: 768.624 | E15: 786.011 | F15: 841.571 | G15: 887.683 | H15: 1068.433 | I15: 1135.378 | J15: 1165.368 | K15: 1192.698 | L15: 2753.999 | M15: 2713.227 | N15: 2706.85 | O15: 2609.819 | P15: 2610.986 | Q15: 2553.771 | R15: 2594.843 | S15: 2606.388 | T15: 2556.561 | U15: 2565.919 | V15: 2875.907 | W15: 3060.754 | X15: 3119.224 | Y15: 3181.396 | Z15: 3992.992 | AA15: 4469.5141 | AB15: 4479.6741 | AC15: 4288.9549 | AD15: 4289.4687 | AE15: 4495.041 | AF15: 4495.276 | AG15: 4392.136 | AH15: 4340.535 | AI15: 4369.031 | AJ15: 4261.256 | AK15: 4155.687 | AL15: 4132.754 | AM15: 4232.211 | AN15: 4193.491 | AO15: =SUM(AO16:AO22) -> 4165.254 | AQ15: =G15 -> 887.683 | AR15: =K15 -> 1192.698 | AS15: =O15 -> 2609.819 | AT15: =S15 -> 2606.388 | AU15: =W15 -> 3060.754 | AV15: =AA15 -> 4469.5141 | AW15: =AE15 -> 4495.041 | AX15: =AI15 -> 4369.031 | AY15: =AM15 -> 4232.211 | AZ15: =AO15 -> 4165.254
C16: Tributos a Recuperar | D16: 24.844 | E16: 25.292 | F16: 25.661 | G16: 26.071 | H16: 28.833 | I16: 31.441 | J16: 27.65 | K16: 188.286 | L16: 208.389 | M16: 227.479 | N16: 302.836 | O16: 273.194 | P16: 297.179 | Q16: 318.378 | R16: 350.227 | S16: 370.81 | T16: 354.499 | U16: 368.967 | V16: 394.698 | W16: 414.418 | X16: 431.869 | Y16: 450.325 | Z16: 684.616 | AA16: 741.001 | AB16: 764.848 | AC16: 727.184 | AD16: 756.894 | AE16: 748.573 | AF16: 746.299 | AG16: 742.68 | AH16: 754.258 | AI16: 715.995 | AJ16: 675.594 | AK16: 633.617 | AL16: 629.971 | AM16: 615.514 | AN16: 615.935 | AO16: 596.574 | AQ16: =G16 -> 26.071 | AR16: =K16 -> 188.286 | AS16: =O16 -> 273.194 | AT16: =S16 -> 370.81 | AU16: =W16 -> 414.418 | AV16: =AA16 -> 741.001 | AW16: =AE16 -> 748.573 | AX16: =AI16 -> 715.995 | AY16: =AM16 -> 615.514 | AZ16: =AO16 -> 596.574
C17: Tributos Diferidos | D17: 82.141 | E17: 79.355 | F17: 83.259 | G17: 97.436 | H17: 245.02 | I17: 250.72 | J17: 260.986 | K17: 142.083 | L17: 158.954 | M17: 170.945 | N17: 171.883 | O17: 165.162 | P17: 180.325 | Q17: 182.002 | R17: 193.134 | S17: 192.555 | T17: 189.036 | U17: 193.614 | V17: 196.69 | W17: 204.018 | X17: 223.982 | Y17: 230.775 | Z17: 199.503 | AA17: 237.845 | AB17: 312.597 | AC17: 335.259 | AD17: 369.568 | AE17: 522.318 | AF17: 556.847 | AG17: 564.35 | AH17: 565.021 | AI17: 623.075 | AJ17: 643.412 | AK17: 648.906 | AL17: 649.697 | AM17: 709.122 | AN17: 732.057 | AO17: 718.774 | AQ17: =G17 -> 97.436 | AR17: =K17 -> 142.083 | AS17: =O17 -> 165.162 | AT17: =S17 -> 192.555 | AU17: =W17 -> 204.018 | AV17: =AA17 -> 237.845 | AW17: =AE17 -> 522.318 | AX17: =AI17 -> 623.075 | AY17: =AM17 -> 709.122 | AZ17: =AO17 -> 718.774
C18: Outros Ativos Realizáveis | D18: 8.927 | E18: 8.184 | F18: 10.502 | G18: 28.657 | H18: 31.797 | I18: 68.734 | J18: 73.075 | K18: 37.153 | L18: 24.405 | M18: 26.754 | N18: 29.129 | O18: 33.19 | P18: 64.776 | Q18: 36.333 | R18: 38.988 | S18: 48.162 | T18: 49.492 | U18: 50.673 | V18: 53.833 | W18: 30.256 | X18: 30.824 | Y18: 31.566 | Z18: 35.384 | AA18: 94.888 | AB18: 97.339 | AC18: 95.354 | AD18: 89.994 | AE18: 88.032 | AF18: 85.425 | AG18: 66.073 | AH18: 67.135 | AI18: 68.83 | AJ18: 68.168 | AK18: 48.51 | AL18: 43.004 | AM18: 48.116 | AN18: 30.426 | AO18: 31.153 | AQ18: =G18 -> 28.657 | AR18: =K18 -> 37.153 | AS18: =O18 -> 33.19 | AT18: =S18 -> 48.162 | AU18: =W18 -> 30.256 | AV18: =AA18 -> 94.888 | AW18: =AE18 -> 88.032 | AX18: =AI18 -> 68.83 | AY18: =AM18 -> 48.116 | AZ18: =AO18 -> 31.153
C19: Investimentos | D19: 99.822 | E19: 100.647 | F19: 101.446 | G19: 70.331 | H19: 69.745 | I19: 69.875 | J19: 70.269 | K19: 70.645 | L19: 71.033 | M19: 70.974 | N19: 70.878 | O19: 70.29 | P19: 69.737 | Q19: 69.919 | R19: 70.418 | S19: 70.797 | T19: 71.168 | U19: 71.314 | V19: 72.116 | W19: 72.596 | X19: 72.2 | Y19: 73.643 | Z19: 74.764 | AA19: 76.284136 | AB19: 75.131136 | AC19: 76.933853 | AD19: 78.502692 | AE19: 79.995 | AF19: 78.952 | AG19: 80.446 | AH19: 78.2 | AI19: 80.115 | AJ19: 79.692 | AK19: 82.076 | AL19: 79.859 | AM19: 80.899 | AN19: 82.755 | AO19: 79.555 | AQ19: =G19 -> 70.331 | AR19: =K19 -> 70.645 | AS19: =O19 -> 70.29 | AT19: =S19 -> 70.797 | AU19: =W19 -> 72.596 | AV19: =AA19 -> 76.284136 | AW19: =AE19 -> 79.995 | AX19: =AI19 -> 80.115 | AY19: =AM19 -> 80.899 | AZ19: =AO19 -> 79.555
C20: Imobilizado | D20: 522.895 | E20: 543.001 | F20: 591.081 | G20: 635.546 | H20: 659.401 | I20: 679.337 | J20: 695.071 | K20: 717.536 | L20: 649.195 | M20: 630.851 | N20: 611.384 | O20: 582.154 | P20: 567.365 | Q20: 550.327 | R20: 539.058 | S20: 541.289 | T20: 540.323 | U20: 560.07 | V20: 602.449 | W20: 665.611 | X20: 691.593 | Y20: 732.916 | Z20: 959.923 | AA20: 1044.838 | AB20: 1032.67 | AC20: 1003.592 | AD20: 955.7 | AE20: 949.597 | AF20: 920.848 | AG20: 910.198 | AH20: 886.5 | AI20: 872.05 | AJ20: 856.149 | AK20: 847.219 | AL20: 871.709 | AM20: 920.283 | AN20: 912.011 | AO20: 927.935 | AQ20: =G20 -> 635.546 | AR20: =K20 -> 717.536 | AS20: =O20 -> 582.154 | AT20: =S20 -> 541.289 | AU20: =W20 -> 665.611 | AV20: =AA20 -> 1044.838 | AW20: =AE20 -> 949.597 | AX20: =AI20 -> 872.05 | AY20: =AM20 -> 920.283 | AZ20: =AO20 -> 927.935
C21: Direito de uso em arrendamento | D21: 0 | E21: 0 | F21: 0 | G21: 0 | H21: 0 | I21: 0 | J21: 0 | K21: 0 | L21: 1605.152 | M21: 1550.095 | N21: 1485.724 | O21: 1450.682 | P21: 1398.518 | Q21: 1365.753 | R21: 1371.226 | S21: 1344.91 | T21: 1313.797 | U21: 1279.676 | V21: 1508.478 | W21: 1615.645 | X21: 1608.144 | Y21: 1594.053 | Z21: 1919.408 | AA21: 2054.454 | AB21: 1981.26 | AC21: 1846.276 | AD21: 1837.999 | AE21: 1912.038 | AF21: 1920.193 | AG21: 1849.521 | AH21: 1815.448 | AI21: 1837.358 | AJ21: 1772.043 | AK21: 1729.508 | AL21: 1691.012 | AM21: 1673.78 | AN21: 1630.624 | AO21: 1615.049 | AQ21: =G21 -> 0 | AR21: =K21 -> 0 | AS21: =O21 -> 1450.682 | AT21: =S21 -> 1344.91 | AU21: =W21 -> 1615.645 | AV21: =AA21 -> 2054.454 | AW21: =AE21 -> 1912.038 | AX21: =AI21 -> 1837.358 | AY21: =AM21 -> 1673.78 | AZ21: =AO21 -> 1615.049
C22: Intangível | D22: 29.995 | E22: 29.532 | F22: 29.622 | G22: 29.642 | H22: 33.637 | I22: 35.271 | J22: 38.317 | K22: 36.995 | L22: 36.871 | M22: 36.129 | N22: 35.016 | O22: 35.147 | P22: 33.086 | Q22: 31.059 | R22: 31.792 | S22: 37.865 | T22: 38.246 | U22: 41.605 | V22: 47.643 | W22: 58.21 | X22: 60.612 | Y22: 68.118 | Z22: 119.394 | AA22: 220.204 | AB22: 215.829 | AC22: 204.356 | AD22: 200.811 | AE22: 194.488 | AF22: 186.712 | AG22: 178.868 | AH22: 173.973 | AI22: 171.608 | AJ22: 166.198 | AK22: 165.851 | AL22: 167.502 | AM22: 184.497 | AN22: 189.683 | AO22: 196.214 | AQ22: =G22 -> 29.642 | AR22: =K22 -> 36.995 | AS22: =O22 -> 35.147 | AT22: =S22 -> 37.865 | AU22: =W22 -> 58.21 | AV22: =AA22 -> 220.204 | AW22: =AE22 -> 194.488 | AX22: =AI22 -> 171.608 | AY22: =AM22 -> 184.497 | AZ22: =AO22 -> 196.214
C24: Passivo Total | D24: 2828.713 | E24: 2651.557 | F24: 3043.727 | G24: 2915.57 | H24: 3182.426 | I24: 3420.046 | J24: 3401.618 | K24: 3376.885 | L24: 4772.697 | M24: 4650.564 | N24: 4669.527 | O24: 4807.686 | P24: 4838.458 | Q24: 4817.43 | R24: 5670.746 | S24: 5753.778 | T24: 5751.948 | U24: 5696.3019 | V24: 5973.1957 | W24: 6573.2544 | X24: 6475.2736 | Y24: 6442.3596 | Z24: 8051.3368 | AA24: 8597.4251 | AB24: 8439.1331 | AC24: 8465.632 | AD24: 8703.188 | AE24: 8988.598 | AF24: 8767.73 | AG24: 8583.604 | AH24: 8642.359 | AI24: 8983.6952 | AJ24: 8668.6313 | AK24: 9115.564 | AL24: 9267.606 | AM24: 9920.927 | AN24: 9806.829 | AO24: =AO25+AO34+AO41 -> 9815.327 | AQ24: =G24 -> 2915.57 | AR24: =K24 -> 3376.885 | AS24: =O24 -> 4807.686 | AT24: =S24 -> 5753.778 | AU24: =W24 -> 6573.2544 | AV24: =AA24 -> 8597.4251 | AW24: =AE24 -> 8988.598 | AX24: =AI24 -> 8983.6952 | AY24: =AM24 -> 9920.927 | AZ24: =AO24 -> 9815.327
C25: Passivo Circulante | D25: 1471.212 | E25: 1287.637 | F25: 1508.335 | G25: 1422.338 | H25: 1729.689 | I25: 1809.306 | J25: 1856.931 | K25: 1840.919 | L25: 1570.99 | M25: 1404.636 | N25: 1503.197 | O25: 1693.634 | P25: 1772.828 | Q25: 1736.087 | R25: 1867.148 | S25: 1889.099 | T25: 1910.454 | U25: 1893.496 | V25: 2056.465 | W25: 2191.432 | X25: 2176.649 | Y25: 2098.975 | Z25: 2753.4676 | AA25: 2935.82 | AB25: 2798.0455 | AC25: 2834.116 | AD25: 2988.533 | AE25: 3242.528 | AF25: 3088.507 | AG25: 2792.662 | AH25: 3125.267 | AI25: 3381.4271 | AJ25: 3129.9003 | AK25: 3145.956 | AL25: 3277.315 | AM25: 3577.888 | AN25: 3239.246 | AO25: 3166.361 | AQ25: =G25 -> 1422.338 | AR25: =K25 -> 1840.919 | AS25: =O25 -> 1693.634 | AT25: =S25 -> 1889.099 | AU25: =W25 -> 2191.432 | AV25: =AA25 -> 2935.82 | AW25: =AE25 -> 3242.528 | AX25: =AI25 -> 3381.4271 | AY25: =AM25 -> 3577.888 | AZ25: =AO25 -> 3166.361
C26: Obrigações Sociais e Trabalhistas | D26: 108.822 | E26: 128.16 | F26: 141.6 | G26: 106.907 | H26: 122.065 | I26: 134.227 | J26: 151.152 | K26: 112.331 | L26: 125.56 | M26: 136.981 | N26: 154.688 | O26: 108.003 | P26: 118.067 | Q26: 113.114 | R26: 143.244 | S26: 89.234 | T26: 112.266 | U26: 126.099 | V26: 149.536 | W26: 103.425 | X26: 128.643 | Y26: 138.011 | Z26: 227.071 | AA26: 158.468 | AB26: 171.021 | AC26: 207.339 | AD26: 226.295 | AE26: 163.581 | AF26: 194.592 | AG26: 224.289 | AH26: 249.078 | AI26: 188.213 | AJ26: 225.071 | AK26: 248.799 | AL26: 296.98 | AM26: 229.302 | AN26: 270.518 | AO26: 283.663 | AQ26: =G26 -> 106.907 | AR26: =K26 -> 112.331 | AS26: =O26 -> 108.003 | AT26: =S26 -> 89.234 | AU26: =W26 -> 103.425 | AV26: =AA26 -> 158.468 | AW26: =AE26 -> 163.581 | AX26: =AI26 -> 188.213 | AY26: =AM26 -> 229.302 | AZ26: =AO26 -> 283.663
C27: Fornecedores | D27: 846.14 | E27: 741.031 | F27: 909.184 | G27: 977.69 | H27: 927.047 | I27: 996.152 | J27: 986.444 | K27: 1075.697 | L27: 980.03 | M27: 860.733 | N27: 878.229 | O27: 1100.254 | P27: 1113.022 | Q27: 1051.378 | R27: 1104.899 | S27: 1244.49 | T27: 1174.071 | U27: 1107.719 | V27: 1114.603 | W27: 1202.428 | X27: 1177.404 | Y27: 1158.025 | Z27: 1507.9451 | AA27: 1590.364 | AB27: 1590.853 | AC27: 1616.408 | AD27: 1659.238 | AE27: 1936.165 | AF27: 1749.331 | AG27: 1775.297 | AH27: 2037.953 | AI27: 2340.346 | AJ27: 2037.716 | AK27: 2150.082 | AL27: 2195.742 | AM27: 2607.505 | AN27: 2334.181 | AO27: 2318.426 | AQ27: =G27 -> 977.69 | AR27: =K27 -> 1075.697 | AS27: =O27 -> 1100.254 | AT27: =S27 -> 1244.49 | AU27: =W27 -> 1202.428 | AV27: =AA27 -> 1590.364 | AW27: =AE27 -> 1936.165 | AX27: =AI27 -> 2340.346 | AY27: =AM27 -> 2607.505 | AZ27: =AO27 -> 2318.426
C28: Operações de risco sacado | D28: 0 | E28: 0 | F28: 0 | G28: 0 | H28: 0 | I28: 0 | J28: 0 | K28: 0 | L28: 0 | M28: 0 | N28: 0 | O28: 0 | P28: 0 | Q28: 0 | R28: 0 | S28: 0 | T28: 76.06 | U28: 66.741 | V28: 73.533 | W28: 104.064 | X28: 77.576 | Y28: 68.681 | Z28: 142.031 | AA28: 237.929 | AB28: 107.014 | AC28: 3.296 | AD28: 55.097 | AE28: 0 | AF28: 0 | AG28: 0 | AH28: 0 | AI28: 0 | AJ28: 0 | AK28: 0 | AL28: 0 | AM28: 0 | AN28: 0 | AO28: 0 | AQ28: =G28 -> 0 | AR28: =K28 -> 0 | AS28: =O28 -> 0 | AT28: =S28 -> 0 | AU28: =W28 -> 104.064 | AV28: =AA28 -> 237.929 | AW28: =AE28 -> 0 | AX28: =AI28 -> 0 | AY28: =AM28 -> 0 | AZ28: =AO28 -> 0
C29: Obrigações Fiscais | D29: 80.098 | E29: 75.762 | F29: 77.388 | G29: 75.518 | H29: 73.844 | I29: 74.405 | J29: 72.079 | K29: 73.127 | L29: 78.685 | M29: 89.307 | N29: 82.361 | O29: 86.521 | P29: 82.032 | Q29: 129.508 | R29: 125.999 | S29: 106.399 | T29: 106.134 | U29: 105.683 | V29: 104.648 | W29: 94.095 | X29: 107.255 | Y29: 107.796 | Z29: 103.265 | AA29: 167.248 | AB29: 172.664 | AC29: 102.564 | AD29: 116.322 | AE29: 111.18 | AF29: 118.181 | AG29: 52.756 | AH29: 55.602 | AI29: 126.733 | AJ29: 115.995 | AK29: 138.267 | AL29: 99.366 | AM29: 191.405 | AN29: 164.133 | AO29: 167.593 | AQ29: =G29 -> 75.518 | AR29: =K29 -> 73.127 | AS29: =O29 -> 86.521 | AT29: =S29 -> 106.399 | AU29: =W29 -> 94.095 | AV29: =AA29 -> 167.248 | AW29: =AE29 -> 111.18 | AX29: =AI29 -> 126.733 | AY29: =AM29 -> 191.405 | AZ29: =AO29 -> 167.593
C30: Empréstimos, Financiamentos e Debêntures | D30: 390.946 | E30: 308.394 | F30: 344.414 | G30: 219.405 | H30: 583.105 | I30: 577.135 | J30: 614.088 | K30: 522.181 | L30: 195.331 | M30: 125.834 | N30: 197.384 | O30: 213.881 | P30: 265.182 | Q30: 236.618 | R30: 288.668 | S30: 241.629 | T30: 232.718 | U30: 280.671 | V30: 380.571 | W30: 435.702 | X30: 425.834 | Y30: 358.19 | Z30: 231.273 | AA30: 234.881 | AB30: 223.982 | AC30: 318.857 | AD30: 371.955 | AE30: 430.286 | AF30: 415.936 | AG30: 138.731 | AH30: 383.32 | AI30: 369.751 | AJ30: 391.173 | AK30: 253.127 | AL30: 319.608 | AM30: 188.701 | AN30: 121.623 | AO30: 49.036 | AQ30: =G30 -> 219.405 | AR30: =K30 -> 522.181 | AS30: =O30 -> 213.881 | AT30: =S30 -> 241.629 | AU30: =W30 -> 435.702 | AV30: =AA30 -> 234.881 | AW30: =AE30 -> 430.286 | AX30: =AI30 -> 369.751 | AY30: =AM30 -> 188.701 | AZ30: =AO30 -> 49.036
C31: Operações de Swap | D31: 0 | E31: 0 | F31: 0 | G31: 0 | H31: 0 | I31: 0 | J31: 0 | K31: 0 | L31: 0 | M31: 0 | N31: 0 | O31: 0 | P31: -39.094916 | Q31: -13.630109 | R31: -11.310157 | S31: -5.7879549 | T31: -3.9604576 | U31: 0 | V31: 0 | W31: 0 | X31: 0 | Y31: 0 | Z31: 0 | AA31: 0 | AB31: 3.9337863 | AC31: 7.9320267 | AD31: 9.3485242 | AE31: 5.2088897 | AF31: 6.1482444 | AG31: 9.4804723 | AH31: 10.644891 | AI31: 7.7181163 | AJ31: 8.5533142 | AK31: 0.426 | AL31: 0.236 | AM31: 0.77 | AN31: 0.935 | AO31: 4.332 | AQ31: =G31 -> 0 | AR31: =K31 -> 0 | AS31: =O31 -> 0 | AT31: =S31 -> -5.7879549 | AU31: =W31 -> 0 | AV31: =AA31 -> 0 | AW31: =AE31 -> 5.2088897 | AX31: =AI31 -> 7.7181163 | AY31: =AM31 -> 0.77 | AZ31: =AO31 -> 4.332
C32: Outras Obrigações | D32: 45.206 | E32: 34.29 | F32: 35.749 | G32: 27.491 | H32: 23.628 | I32: 27.387 | J32: 33.168 | K32: 40.594 | L32: 26.964 | M32: 27.844 | N32: 27.666 | O32: 20.249 | P32: 68.533916 | Q32: 52.324109 | R32: 44.456157 | S32: 40.854955 | T32: 40.016458 | U32: 31.635 | V32: 32.266 | W32: 29.571 | X32: 33.148 | Y32: 38.187 | Z32: 233.5735 | AA32: 233.631 | AB32: 230.64971 | AC32: 260.24597 | AD32: 232.21148 | AE32: 260.16111 | AF32: 260.41776 | AG32: 248.69553 | AH32: 42.307109 | AI32: 49.917 | AJ32: 52.169 | AK32: 52.109 | AL32: 61.832 | AM32: 70.841 | AN32: 63.384 | AO32: =AO25-SUM(AO26:AO31)-AO33 -> 61.244 | AQ32: =G32 -> 27.491 | AR32: =K32 -> 40.594 | AS32: =O32 -> 20.249 | AT32: =S32 -> 40.854955 | AU32: =W32 -> 29.571 | AV32: =AA32 -> 233.631 | AW32: =AE32 -> 260.16111 | AX32: =AI32 -> 49.917 | AY32: =AM32 -> 70.841 | AZ32: =AO32 -> 61.244
C33: Arrendamento mercantil | D33: 0 | E33: 0 | F33: 0 | G33: 15.327 | H33: 0 | I33: 0 | J33: 0 | K33: 16.989 | L33: 164.42 | M33: 163.937 | N33: 162.869 | O33: 164.726 | P33: 165.086 | Q33: 166.775 | R33: 171.192 | S33: 172.28 | T33: 173.149 | U33: 174.948 | V33: 201.308 | W33: 222.147 | X33: 226.789 | Y33: 230.085 | Z33: 308.309 | AA33: 313.299 | AB33: 297.928 | AC33: 317.474 | AD33: 318.066 | AE33: 335.946 | AF33: 343.901 | AG33: 343.413 | AH33: 346.362 | AI33: 298.749 | AJ33: 299.223 | AK33: 303.146 | AL33: 303.551 | AM33: 289.364 | AN33: 284.472 | AO33: 282.067 | AQ33: =G33 -> 15.327 | AR33: =K33 -> 16.989 | AS33: =O33 -> 164.726 | AT33: =S33 -> 172.28 | AU33: =W33 -> 222.147 | AV33: =AA33 -> 313.299 | AW33: =AE33 -> 335.946 | AX33: =AI33 -> 298.749 | AY33: =AM33 -> 289.364 | AZ33: =AO33 -> 282.067
C34: Passivo Não Circulante | D34: 472.719 | E34: 455.28 | F34: 595.499 | G34: 551.965 | H34: 371.347 | I34: 524.015 | J34: 446.84 | K34: 504.671 | L34: 2207.44 | M34: 2267.162 | N34: 2148.276 | O34: 2089.532 | P34: 2031.484 | Q34: 2038.055 | R34: 1973.233 | S34: 1923.757 | T34: 1865.29 | U34: 1759.054 | V34: 1839.032 | W34: 2291.625 | X34: 2186.699 | Y34: 2170.801 | Z34: 3037.1775 | AA34: 3318.613 | AB34: 3354.6575 | AC34: 3379.154 | AD34: 3150.284 | AE34: 3085.564 | AF34: 3069.854 | AG34: 3146.052 | AH34: 2846.374 | AI34: 2879.8591 | AJ34: 2808.124 | AK34: 3183.471 | AL34: 3130.494 | AM34: 3249.649 | AN34: 3211.597 | AO34: 3222.984 | AQ34: =G34 -> 551.965 | AR34: =K34 -> 504.671 | AS34: =O34 -> 2089.532 | AT34: =S34 -> 1923.757 | AU34: =W34 -> 2291.625 | AV34: =AA34 -> 3318.613 | AW34: =AE34 -> 3085.564 | AX34: =AI34 -> 2879.8591 | AY34: =AM34 -> 3249.649 | AZ34: =AO34 -> 3222.984
C35: Empréstimos, Financiamentos e Debêntures | D35: 437.153 | E35: 421.791 | F35: 557.893 | G35: 493.971 | H35: 355.17 | I35: 507.93 | J35: 428.447 | K35: 432.223 | L35: 737.669 | M35: 826.757 | N35: 756.13 | O35: 725.107 | P35: 708.181 | Q35: 739.001 | R35: 666.187 | S35: 636.847 | T35: 600.524 | U35: 522.974 | V35: 393.568 | W35: 753.909 | X35: 654.335 | Y35: 634.426 | Z35: 1041.948 | AA35: 1100.597 | AB35: 1174.907 | AC35: 1370.056 | AD35: 1313.395 | AE35: 1205.139 | AF35: 1178.371 | AG35: 1330.661 | AH35: 1081.633 | AI35: 1046.625 | AJ35: 1019.848 | AK35: 1447.512 | AL35: 1428.642 | AM35: 1544.416 | AN35: 1534.607 | AO35: 1532.363 | AQ35: =G35 -> 493.971 | AR35: =K35 -> 432.223 | AS35: =O35 -> 725.107 | AT35: =S35 -> 636.847 | AU35: =W35 -> 753.909 | AV35: =AA35 -> 1100.597 | AW35: =AE35 -> 1205.139 | AX35: =AI35 -> 1046.625 | AY35: =AM35 -> 1544.416 | AZ35: =AO35 -> 1532.363
C36: Operações de Swap | D36: 0 | E36: 0 | F36: 0 | G36: 0 | H36: 0 | I36: 0 | J36: 0 | K36: 0 | L36: 0 | M36: 0 | N36: 0 | O36: 0 | P36: -29.896077 | Q36: 0 | R36: 0 | S36: 0 | T36: 0 | U36: 0 | V36: 0 | W36: 0 | X36: 0 | Y36: 0 | Z36: 0 | AA36: 0 | AB36: 0 | AC36: 0 | AD36: 0 | AE36: 0 | AF36: 0 | AG36: -18.578538 | AH36: -19.703182 | AI36: -37.910949 | AJ36: -24.642 | AK36: -11.996 | AL36: 0.55 | AM36: 0 | AN36: 7.487 | AO36: 15.164 | AQ36: =G36 -> 0 | AR36: =K36 -> 0 | AS36: =O36 -> 0 | AT36: =S36 -> 0 | AU36: =W36 -> 0 | AV36: =AA36 -> 0 | AW36: =AE36 -> 0 | AX36: =AI36 -> -37.910949 | AY36: =AM36 -> 0 | AZ36: =AO36 -> 15.164
C37: Arrendamento Mercantil | D37: 0 | E37: 0 | F37: 0 | G37: 41.373 | H37: 0 | I37: 0 | J37: 0 | K37: 58.193 | L37: 1454.159 | M37: 1411.882 | N37: 1359.83 | O37: 1332.333 | P37: 1288.792 | Q37: 1262.553 | R37: 1270.28 | S37: 1251.454 | T37: 1228.203 | U37: 1199.962 | V37: 1411.645 | W37: 1507.974 | X37: 1505.199 | Y37: 1497.257 | Z37: 1785.697 | AA37: 1926.193 | AB37: 1883.545 | AC37: 1739.76 | AD37: 1739.362 | AE37: 1785.975 | AF37: 1798.605 | AG37: 1737.875 | AH37: 1711.408 | AI37: 1791.972 | AJ37: 1735.08 | AK37: 1696.666 | AL37: 1664.223 | AM37: 1667.528 | AN37: 1634.049 | AO37: 1623.701 | AQ37: =G37 -> 41.373 | AR37: =K37 -> 58.193 | AS37: =O37 -> 1332.333 | AT37: =S37 -> 1251.454 | AU37: =W37 -> 1507.974 | AV37: =AA37 -> 1926.193 | AW37: =AE37 -> 1785.975 | AX37: =AI37 -> 1791.972 | AY37: =AM37 -> 1667.528 | AZ37: =AO37 -> 1623.701
C38: Obrigações Fiscais | D38: 0 | E38: 0 | F38: 0 | G38: 0 | H38: 0 | I38: 0 | J38: 0 | K38: 0 | L38: 0 | M38: 0 | N38: 0 | O38: 0 | P38: 0 | Q38: 0 | R38: 0 | S38: 0 | T38: 0 | U38: 0 | V38: 0 | W38: 0 | X38: 0 | Y38: 0 | Z38: 6.381 | AA38: 5.986 | AB38: 5.704 | AC38: 5.441 | AD38: 5.087 | AE38: 3.573 | AF38: 3.338 | AG38: 3.339 | AH38: 3.339 | AI38: 3.339 | AJ38: 2.872 | AK38: 2.871 | AL38: 2.872 | AM38: 2.18 | AN38: 2.18 | AO38: 1.519 | AQ38: =G38 -> 0 | AR38: =K38 -> 0 | AS38: =O38 -> 0 | AT38: =S38 -> 0 | AU38: =W38 -> 0 | AV38: =AA38 -> 5.986 | AW38: =AE38 -> 3.573 | AX38: =AI38 -> 3.339 | AY38: =AM38 -> 2.18 | AZ38: =AO38 -> 1.519
C39: Provisões | D39: 8.508 | E39: 10.257 | F39: 11.159 | G39: 11.146 | H39: 10.754 | I39: 10.734 | J39: 13.117 | K39: 13.097 | L39: 14.755 | M39: 17.202 | N39: 21.208 | O39: 21.248 | P39: 22.971 | Q39: 25.125 | R39: 25.568 | S39: 27.241 | T39: 28.474 | U39: 28.169 | V39: 25.976 | W39: 22.565 | X39: 20.434 | Y39: 19.116 | Z39: 29.136 | AA39: 90.912 | AB39: 89.897 | AC39: 84.835 | AD39: 80.65 | AE39: 79.089 | AF39: 77.752 | AG39: 65.724 | AH39: 62.26 | AI39: 69.413 | AJ39: 69.561 | AK39: 44.028 | AL39: 30.832 | AM39: 33.167 | AN39: 31.559 | AO39: 49.624 | AQ39: =G39 -> 11.146 | AR39: =K39 -> 13.097 | AS39: =O39 -> 21.248 | AT39: =S39 -> 27.241 | AU39: =W39 -> 22.565 | AV39: =AA39 -> 90.912 | AW39: =AE39 -> 79.089 | AX39: =AI39 -> 69.413 | AY39: =AM39 -> 33.167 | AZ39: =AO39 -> 49.624
C40: Outras Contas a Pagar | D40: 27.058 | E40: 23.232 | F40: 26.447 | G40: 5.475 | H40: 5.423 | I40: 5.351 | J40: 5.276 | K40: 1.158 | L40: 0.857 | M40: 11.321 | N40: 11.108 | O40: 10.844 | P40: 41.436077 | Q40: 11.375999 | R40: 11.197999 | S40: 8.214999 | T40: 8.088999 | U40: 7.949 | V40: 7.843 | W40: 7.177 | X40: 6.731 | Y40: 20.002 | Z40: 174.0155 | AA40: 194.925 | AB40: 200.6045 | AC40: 179.062 | AD40: 11.79 | AE40: 11.788 | AF40: 11.788 | AG40: 27.031538 | AH40: 7.4371823 | AI40: 6.421 | AJ40: 5.405 | AK40: 4.39 | AL40: 3.375 | AM40: 2.358 | AN40: 1.715 | AO40: =AO34-SUM(AO35:AO39) -> 0.613 | AQ40: =G40 -> 5.475 | AR40: =K40 -> 1.158 | AS40: =O40 -> 10.844 | AT40: =S40 -> 8.214999 | AU40: =W40 -> 7.177 | AV40: =AA40 -> 194.925 | AW40: =AE40 -> 11.788 | AX40: =AI40 -> 6.421 | AY40: =AM40 -> 2.358 | AZ40: =AO40 -> 0.613
C41: Patrimônio Líquido | D41: 884.782 | E41: 908.64 | F41: 939.893 | G41: 941.267 | H41: 1081.39 | I41: 1086.725 | J41: 1097.847 | K41: 1031.295 | L41: 994.267 | M41: 978.766 | N41: 1018.054 | O41: 1024.52 | P41: 1034.146 | Q41: 1043.288 | R41: 1830.365 | S41: 1940.922 | T41: 1976.204 | U41: 2043.7519 | V41: 2077.6987 | W41: 2090.1974 | X41: 2111.9256 | Y41: 2172.5836 | Z41: 2260.6916 | AA41: 2342.9921 | AB41: 2286.4301 | AC41: 2252.362 | AD41: 2564.371 | AE41: 2660.506 | AF41: 2609.369 | AG41: 2644.89 | AH41: 2670.718 | AI41: 2722.409 | AJ41: 2730.607 | AK41: 2786.137 | AL41: 2859.797 | AM41: 3093.39 | AN41: 3355.986 | AO41: =SUM(AO42:AO45) -> 3425.982 | AQ41: =G41 -> 941.267 | AR41: =K41 -> 1031.295 | AS41: =O41 -> 1024.52 | AT41: =S41 -> 1940.922 | AU41: =W41 -> 2090.1974 | AV41: =AA41 -> 2342.9921 | AW41: =AE41 -> 2660.506 | AX41: =AI41 -> 2722.409 | AY41: =AM41 -> 3093.39 | AZ41: =AO41 -> 3425.982
C42: Capital Social Realizado | D42: 382.727 | E42: 382.727 | F42: 382.727 | G42: 382.727 | H42: 382.727 | I42: 382.727 | J42: 382.727 | K42: 382.727 | L42: 382.727 | M42: 382.727 | N42: 382.727 | O42: 382.727 | P42: 382.727 | Q42: 382.727 | R42: 1129.651 | S42: 1200.666 | T42: 1199.47 | U42: 1199.569 | V42: 1199.219 | W42: 1199.219 | X42: 1199.219 | Y42: 1199.219 | Z42: 1199.219 | AA42: 1199.219 | AB42: 1199.219 | AC42: 1273 | AD42: 1605.068 | AE42: 1604.848 | AF42: 1721.858 | AG42: 1721.858 | AH42: 1721.858 | AI42: 1721.858 | AJ42: 1845.958 | AK42: 1845.958 | AL42: 1834.758 | AM42: 1974.758 | AN42: 2334.504 | AO42: 2334.504 | AQ42: =G42 -> 382.727 | AR42: =K42 -> 382.727 | AS42: =O42 -> 382.727 | AT42: =S42 -> 1200.666 | AU42: =W42 -> 1199.219 | AV42: =AA42 -> 1199.219 | AW42: =AE42 -> 1604.848 | AX42: =AI42 -> 1721.858 | AY42: =AM42 -> 1974.758 | AZ42: =AO42 -> 2334.504
C43: Reservas de Capital | D43: 390.156 | E43: 383.629 | F43: 383.629 | G43: 383.776 | H43: 522.309 | I43: 522.985 | J43: 518.805 | K43: 380.831 | L43: 380.884 | M43: 380.884 | N43: 380.884 | O43: 381.001 | P43: 381.423 | Q43: 381.422 | R43: 381.422 | S43: 383.432 | T43: 375.742 | U43: 373.835 | V43: 378.252 | W43: 369.697 | X43: 367.991 | Y43: 452.08263 | Z43: 370.839 | AA43: 370.885 | AB43: 438.76 | AC43: 369.354 | AD43: 373.093 | AE43: 366.612 | AF43: 379.62 | AG43: 383.127 | AH43: 367.994 | AI43: 374.967 | AJ43: 369.193 | AK43: 384.265 | AL43: 393.214 | AM43: 383.441 | AN43: 378.811 | AO43: 377.937 | AQ43: =G43 -> 383.776 | AR43: =K43 -> 380.831 | AS43: =O43 -> 381.001 | AT43: =S43 -> 383.432 | AU43: =W43 -> 369.697 | AV43: =AA43 -> 370.885 | AW43: =AE43 -> 366.612 | AX43: =AI43 -> 374.967 | AY43: =AM43 -> 383.441 | AZ43: =AO43 -> 377.937
C44: Reservas de Lucros | D44: 111.899 | E44: 142.284 | F44: 173.537 | G44: 174.764 | H44: 176.354 | I44: 181.013 | J44: 196.315 | K44: 267.737 | L44: 230.656 | M44: 215.155 | N44: 254.443 | O44: 260.792 | P44: 269.996 | Q44: 279.139 | R44: 319.292 | S44: 356.824 | T44: 400.992 | U44: 470.34791 | V44: 500.22768 | W44: 521.28144 | X44: 544.71563 | Y44: 521.282 | Z44: 683.02763 | AA44: 764.447 | AB44: 640.104 | AC44: 603.001 | AD44: 579.343 | AE44: 681.529 | AF44: 500.471 | AG44: 532.567 | AH44: 573.457 | AI44: 618.018 | AJ44: 507.764 | AK44: 548.112 | AL44: 623.872 | AM44: 726.977 | AN44: 634.589 | AO44: 705.356 | AQ44: =G44 -> 174.764 | AR44: =K44 -> 267.737 | AS44: =O44 -> 260.792 | AT44: =S44 -> 356.824 | AU44: =W44 -> 521.28144 | AV44: =AA44 -> 764.447 | AW44: =AE44 -> 681.529 | AX44: =AI44 -> 618.018 | AY44: =AM44 -> 726.977 | AZ44: =AO44 -> 705.356
C45: Participação de não controladores | D45: 0 | E45: 0 | F45: 0 | G45: 0 | H45: 0 | I45: 0 | J45: 0 | K45: 0 | L45: 0 | M45: 0 | N45: 0 | O45: 0 | P45: 0 | Q45: 0 | R45: 0 | S45: 0 | T45: 0 | U45: 0 | V45: 0 | W45: 0 | X45: 0 | Y45: 0 | Z45: 7.606 | AA45: 8.4411364 | AB45: 8.3471364 | AC45: 7.007 | AD45: 6.867 | AE45: 7.517 | AF45: 7.42 | AG45: 7.338 | AH45: 7.409 | AI45: 7.566 | AJ45: 7.692 | AK45: 7.802 | AL45: 7.953 | AM45: 8.214 | AN45: 8.082 | AO45: 8.185 | AQ45: =G45 -> 0 | AR45: =K45 -> 0 | AS45: =O45 -> 0 | AT45: =S45 -> 0 | AU45: =W45 -> 0 | AV45: =AA45 -> 8.4411364 | AW45: =AE45 -> 7.517 | AX45: =AI45 -> 7.566 | AY45: =AM45 -> 8.214 | AZ45: =AO45 -> 8.185

Sheet FC Gerencial | Consolidado
B1: #VALUE!
C4: Fluxo de Caixa Gerencial (R$ milhões) | D4: 1T17 | E4: 2T17 | F4: 3T17 | G4: 4T17 | H4: 1T18 | I4: 2T18 | J4: 3T18 | K4: 4T18 | L4: 1T19 | M4: 2T19 | N4: 3T19 | O4: 4T19 | P4: 1T20 | Q4: 2T20 | R4: 3T20 | S4: 4T20 | T4: 1T21 | U4: 2T21 | V4: 3T21 | W4: 4T21 | X4: 1T22 | Y4: 2T22 | Z4: 3T22 | AA4: 4T22 | AB4: 1T23 | AC4: 2T23 | AD4: 3T23 | AE4: 4T23 | AF4: 1T24 | AG4: 2T24 | AH4: 3T24 | AI4: 4T24 | AJ4: 1T25 | AK4: 2T25 | AL4: 3T25 | AM4: 4T25 | AN4: 1T26 | AO4: 2T26 | AQ4: 2017 | AR4: 2018 | AS4: 2019 | AT4: 2020 | AU4: 2021 | AV4: 2022 | AW4: 2023 | AX4: 2024 | AY4: 2025 | AZ4: 2026 (YTD)
C6: EBITDA Ajustado ex-IFRS 16 | D6: ='DRE Gerencial | Consolidado'!D26 -> 52.965 | E6: ='DRE Gerencial | Consolidado'!E26 -> 77.998 | F6: ='DRE Gerencial | Consolidado'!F26 -> 84.701 | G6: ='DRE Gerencial | Consolidado'!G26 -> 63.324 | H6: ='DRE Gerencial | Consolidado'!H26 -> 45.07 | I6: ='DRE Gerencial | Consolidado'!I26 -> 46.425 | J6: ='DRE Gerencial | Consolidado'!J26 -> 78.544 | K6: ='DRE Gerencial | Consolidado'!K26 -> 71.586 | ... AO6: ='DRE Gerencial | Consolidado'!AO26 -> 281.72338 | AQ6: =SUM(D6:G6) -> 278.988 | AR6: =SUM(H6:K6) -> 241.625 | AS6: =SUM(L6:O6) -> 259.06488 | AT6: =SUM(P6:S6) -> 326.545 | AU6: =SUM(T6:W6) -> 400.60859 | AV6: =SUM(X6:AA6) -> 444.92704 | AW6: =SUM(AB6:AE6) -> 475.95665 | AX6: =SUM(AF6:AI6) -> 628.48076 | AY6: =SUM(AJ6:AM6) -> 904.72191 | AZ6: =SUM(AN6:AO6) -> 486.39169
C7: (-) Ajuste a valor presente | D7: -12.614364 | E7: -11.501758 | F7: -13.266286 | G7: -13.270338 | H7: -13.743062 | I7: -12.400237 | J7: -13.673436 | K7: -16.167839 | L7: -15.588056 | M7: -14.92263 | N7: -15.268784 | O7: -17.573109 | P7: -17.787665 | Q7: -15.580358 | R7: -14.544603 | S7: -11.835715 | T7: -12.492 | U7: -9.422 | V7: -10.912 | W7: -13.88 | X7: -12.93 | Y7: -14.535 | Z7: -17.162 | AA7: -23.643127 | AB7: -33.642507 | AC7: -38.535889 | AD7: -48.17763 | AE7: -39.648967 | AF7: -26.86659 | AG7: -30.19506 | AH7: -36.694078 | AI7: -42.560406 | AJ7: -42.772148 | AK7: -48.980972 | AL7: -34.57069 | AM7: -36.910604 | AN7: -40.341622 | AO7: -41.379119 | AQ7: =SUM(D7:G7) -> -50.652748 | AR7: =SUM(H7:K7) -> -55.984574 | AS7: =SUM(L7:O7) -> -63.352579 | AT7: =SUM(P7:S7) -> -59.748341 | AU7: =SUM(T7:W7) -> -46.706 | AV7: =SUM(X7:AA7) -> -68.270127 | AW7: =SUM(AB7:AE7) -> -160.00499 | AX7: =SUM(AF7:AI7) -> -136.31613 | AY7: =SUM(AJ7:AM7) -> -163.23441 | AZ7: =SUM(AN7:AO7) -> -81.720741
C8: (-) Equivalência patrimonial | D8: 3.327 | E8: -0.226 | F8: -0.329 | G8: -0.423 | H8: 0.585 | I8: -0.691 | J8: -0.394 | K8: -0.376 | L8: -0.387 | M8: 0.058 | N8: 0.096 | O8: -0.273 | P8: 0.553 | Q8: -0.182 | R8: -1.304 | S8: -0.379 | T8: -0.371 | U8: -0.314 | V8: -0.921 | W8: -0.625 | X8: -0.839 | Y8: -1.293 | Z8: -1.3443692 | AA8: -1.6724064 | AB8: -1.8873609 | AC8: -1.803545 | AD8: -1.5710351 | AE8: -1.4826727 | AF8: -1.778 | AG8: -1.493 | AH8: -1.322 | AI8: -1.914 | AJ8: -2.859 | AK8: -2.383 | AL8: -1.065 | AM8: -2.005 | AN8: -1.856 | AO8: -0.273 | AQ8: =SUM(D8:G8) -> 2.349 | AR8: =SUM(H8:K8) -> -0.876 | AS8: =SUM(L8:O8) -> -0.506 | AT8: =SUM(P8:S8) -> -1.312 | AU8: =SUM(T8:W8) -> -2.231 | AV8: =SUM(X8:AA8) -> -5.1487756 | AW8: =SUM(AB8:AE8) -> -6.7446137 | AX8: =SUM(AF8:AI8) -> -6.507 | AY8: =SUM(AJ8:AM8) -> -8.312 | AZ8: =SUM(AN8:AO8) -> -2.129
C9: (Δ) Contas a receber (bruto) | D9: -27.134 | E9: 0.5643597 | F9: -15.557998 | G9: -0.88697649 | H9: -20.956968 | I9: -36.576092 | J9: -14.292252 | K9: 70.368627 | L9: -36.037271 | M9: -4.8481593 | N9: 0.5760979 | O9: 13.415629 | P9: -66.322128 | Q9: 48.74874 | R9: -45.134331 | S9: -3.3932943 | T9: -48.883131 | U9: -39.592569 | V9: -6.5924345 | W9: -3.9518071 | X9: -32.53296 | Y9: -61.318912 | Z9: -49.940457 | AA9: 22.97071 | AB9: -74.045745 | AC9: -30.071138 | AD9: 80.614009 | AE9: 3.4936319 | AF9: -100.7122 | AG9: -53.9419 | AH9: -8.9096011 | AI9: 58.449051 | AJ9: -163.86512 | AK9: -143.29641 | AL9: -119.61641 | AM9: -17.438475 | AN9: -17.554605 | AO9: 3.6356358 | AQ9: =SUM(D9:G9) -> -43.014615 | AR9: =SUM(H9:K9) -> -1.4566851 | AS9: =SUM(L9:O9) -> -26.893703 | AT9: =SUM(P9:S9) -> -66.101013 | AU9: =SUM(T9:W9) -> -99.019942 | AV9: =SUM(X9:AA9) -> -120.82162 | AW9: =SUM(AB9:AE9) -> -20.009243 | AX9: =SUM(AF9:AI9) -> -105.11465 | AY9: =SUM(AJ9:AM9) -> -444.21642 | AZ9: =SUM(AN9:AO9) -> -13.918969
C10: (Δ) Estoques | D10: 81.564 | E10: 79.111 | F10: -122.587 | G10: -135.813 | H10: 94.369 | I10: -84.506 | J10: -62.277 | K10: -71.44 | L10: 92.684 | M10: 73.356 | N10: 60.75 | O10: -150.482 | P10: -29.502 | Q10: -62.635 | R10: -26.953 | S10: -118 | T10: -93.97 | U10: -47.41 | V10: -10.783 | W10: -98.591 | X10: -11.04 | Y10: -90.473 | Z10: -228.193 | AA10: -255.446 | AB10: -14.959 | AC10: 110.383 | AD10: 2.534 | AE10: -130.093 | AF10: 122.791 | AG10: 86.381 | AH10: -167.82 | AI10: -370.271 | AJ10: 257.307 | AK10: -122.346 | AL10: -151.033 | AM10: -334.575 | AN10: -19.677 | AO10: 83.966 | AQ10: =SUM(D10:G10) -> -97.725 | AR10: =SUM(H10:K10) -> -123.854 | AS10: =SUM(L10:O10) -> 76.308 | AT10: =SUM(P10:S10) -> -237.09 | AU10: =SUM(T10:W10) -> -250.754 | AV10: =SUM(X10:AA10) -> -585.152 | AW10: =SUM(AB10:AE10) -> -32.135 | AX10: =SUM(AF10:AI10) -> -328.919 | AY10: =SUM(AJ10:AM10) -> -350.647 | AZ10: =SUM(AN10:AO10) -> 64.289
C11: (Δ) Fornecedores | D11: -154.277 | E11: -107.975 | F11: 174.578 | G11: 67.336 | H11: -52.499 | I11: 66.794 | J11: -8.345 | K11: 93.255 | L11: -99.396 | M11: -121.613 | N11: 18.051 | O11: 226.837 | P11: 11.705 | Q11: -65.721 | R11: 54.263 | S11: 136.449 | T11: 5.609 | U11: -68.196 | V11: 8.9 | W11: 93.152 | X11: -26.292 | Y11: -19.806 | Z11: 128.332 | AA11: 85.884 | AB11: 0.827 | AC11: 44.673 | AD11: -9.972 | AE11: 292.848 | AF11: -174.151 | AG11: 37.372 | AH11: 233.17 | AI11: 249.512 | AJ11: -292.239 | AK11: 100.218 | AL11: 45.416 | AM11: 428.055 | AN11: -261.398 | AO11: -10.223 | AQ11: =SUM(D11:G11) -> -20.338 | AR11: =SUM(H11:K11) -> 99.205 | AS11: =SUM(L11:O11) -> 23.879 | AT11: =SUM(P11:S11) -> 136.696 | AU11: =SUM(T11:W11) -> 39.465 | AV11: =SUM(X11:AA11) -> 168.118 | AW11: =SUM(AB11:AE11) -> 328.376 | AX11: =SUM(AF11:AI11) -> 345.903 | AY11: =SUM(AJ11:AM11) -> 281.45 | AZ11: =SUM(AN11:AO11) -> -271.621
C12: (Δ) Operações de risco sacado | D12: - | E12: - | F12: - | G12: - | H12: - | I12: - | J12: - | K12: - | L12: - | M12: - | N12: - | O12: - | P12: - | Q12: - | R12: - | S12: - | T12: -0.218 | U12: -9.319 | V12: 6.792 | W12: 30.531 | X12: -26.488 | Y12: -8.895 | Z12: 73.35 | AA12: 100.976 | AB12: -130.915 | AC12: -103.654 | AD12: 49.343 | AE12: -56.105 | AF12: 0 | AG12: 0 | AH12: 0 | AI12: 0 | AJ12: 0 | AK12: 0 | AL12: 0 | AM12: 0 | AN12: 0 | AO12: 0 | AQ12: =SUM(D12:G12) -> 0 | AR12: =SUM(H12:K12) -> 0 | AS12: =SUM(L12:O12) -> 0 | AT12: =SUM(P12:S12) -> 0 | AU12: =SUM(T12:W12) -> 27.786 | AV12: =SUM(X12:AA12) -> 138.943 | AW12: =SUM(AB12:AE12) -> -241.331 | AX12: =SUM(AF12:AI12) -> 0 | AY12: =SUM(AJ12:AM12) -> 0 | AZ12: =SUM(AN12:AO12) -> 0
C13: (Δ) Salários e férias a pagar | D13: 30.583 | E13: 19.338 | F13: 13.44 | G13: -34.693 | H13: 15.158 | I13: 12.162 | J13: 16.925 | K13: -38.821 | L13: 13.229 | M13: 11.421 | N13: 17.707 | O13: -46.685 | P13: 10.064 | Q13: -4.953 | R13: 30.13 | S13: -59.421 | T13: 25.766 | U13: 9.243 | V13: 27.856 | W13: -39.689751 | X13: 28.92392 | Y13: 16.472314 | Z13: 25.318766 | AA13: -62.12 | AB13: 26.049 | AC13: 22.822 | AD13: 18.956 | AE13: -66.987 | AF13: 37.343 | AG13: 33.368 | AH13: 27.29 | AI13: -50.66 | AJ13: 41.218 | AK13: 28.925 | AL13: 57.106 | AM13: -61.604 | AN13: 46.994 | AO13: 16.148 | AQ13: =SUM(D13:G13) -> 28.668 | AR13: =SUM(H13:K13) -> 5.424 | AS13: =SUM(L13:O13) -> -4.328 | AT13: =SUM(P13:S13) -> -24.18 | AU13: =SUM(T13:W13) -> 23.175249 | AV13: =SUM(X13:AA13) -> 8.595 | AW13: =SUM(AB13:AE13) -> 0.84 | AX13: =SUM(AF13:AI13) -> 47.341 | AY13: =SUM(AJ13:AM13) -> 65.645 | AZ13: =SUM(AN13:AO13) -> 63.142
C14: (Δ) Tributos a recuperar | D14: 9.088 | E14: 5.298 | F14: 20.019 | G14: -23.819 | H14: -7.02 | I14: -6.766 | J14: -29.734 | K14: -136.479 | L14: -21.753 | M14: -54.106 | N14: -8.693 | O14: -145.418 | P14: -20.057 | Q14: -37.602 | R14: -24.271 | S14: -16.628 | T14: 23.511 | U14: -16.156 | V14: -33.931 | W14: -56.649 | X14: -15.269 | Y14: -0.996 | Z14: -9.806 | AA14: -23.408 | AB14: -44.044 | AC14: 33.168067 | AD14: -20.72 | AE14: 24.526933 | AF14: -30.548 | AG14: 40.473 | AH14: 64.039 | AI14: -72.752 | AJ14: 17.86 | AK14: 23.732 | AL14: -5.751 | AM14: 31.791 | AN14: 7.511 | AO14: -99.262 | AQ14: =SUM(D14:G14) -> 10.586 | AR14: =SUM(H14:K14) -> -179.999 | AS14: =SUM(L14:O14) -> -229.97 | AT14: =SUM(P14:S14) -> -98.558 | AU14: =SUM(T14:W14) -> -83.225 | AV14: =SUM(X14:AA14) -> -49.479 | AW14: =SUM(AB14:AE14) -> -7.069 | AX14: =SUM(AF14:AI14) -> 1.212 | AY14: =SUM(AJ14:AM14) -> 67.632 | AZ14: =SUM(AN14:AO14) -> -91.751
C15: (Δ) Tributos a recolher | D15: 0.734 | E15: -8.972 | F15: -7.435 | G15: -10.945 | H15: -1.674 | I15: 0.561 | J15: -2.326 | K15: -3.269 | L15: 5.257 | M15: 21.086 | N15: -7.159 | O15: 3.896 | P15: -3.793 | Q15: 47.312 | R15: -7.583 | S15: -18.688 | T15: -1.265 | U15: -16.796 | V15: -2.839 | W15: -12.776 | X15: 12.336 | Y15: 0.677 | Z15: -20.712 | AA15: 28.169 | AB15: -8.259 | AC15: -56.97 | AD15: 13.404 | AE15: -10.09 | AF15: 6.766 | AG15: -65.424 | AH15: 2.846 | AI15: 71.131 | AJ15: -11.205 | AK15: 22.271 | AL15: -38.9 | AM15: 116.847 | AN15: -30.495 | AO15: -2.41 | AQ15: =SUM(D15:G15) -> -26.618 | AR15: =SUM(H15:K15) -> -6.708 | AS15: =SUM(L15:O15) -> 23.08 | AT15: =SUM(P15:S15) -> 17.248 | AU15: =SUM(T15:W15) -> -33.676 | AV15: =SUM(X15:AA15) -> 20.47 | AW15: =SUM(AB15:AE15) -> -61.915 | AX15: =SUM(AF15:AI15) -> 15.319 | AY15: =SUM(AJ15:AM15) -> 89.013 | AZ15: =SUM(AN15:AO15) -> -32.905
C16: (+/-) Variação outros ativos e passivos / efeitos não caixa | D16: -6.2916356 | E16: -8.5842416 | F16: -20.068714 | G16: -8.5886615 | H16: -21.379938 | I16: -15.228763 | J16: -0.98956432 | K16: 71.944839 | L16: 6.7737158 | M16: -22.723157 | N16: 8.4919569 | O16: 30.708187 | P16: 8.8086648 | Q16: 4.3583577 | R16: -47.883397 | S16: 38.289715 | T16: -32.976 | U16: -25.301731 | V16: -11.437754 | W16: 43.984903 | X16: -13.272623 | Y16: 22.497574 | Z16: 17.885776 | AA16: -40.655513 | AB16: -47.622598 | AC16: -55.065772 | AD16: 73.705946 | AE16: -37.082604 | AF16: 6.2753508 | AG16: 10.980381 | AH16: 1.902422 | AI16: -25.214805 | AJ16: 10.273019 | AK16: -40.759489 | AL16: 36.531417 | AM16: 25.420553 | AN16: 48.7 | AO16: -43.09 | AQ16: =SUM(D16:G16) -> -43.533252 | AR16: =SUM(H16:K16) -> 34.346574 | AS16: =SUM(L16:O16) -> 23.250703 | AT16: =SUM(P16:S16) -> 3.5733408 | AU16: =SUM(T16:W16) -> -25.730582 | AV16: =SUM(X16:AA16) -> -13.544787 | AW16: =SUM(AB16:AE16) -> -66.065028 | AX16: =SUM(AF16:AI16) -> -6.0566508 | AY16: =SUM(AJ16:AM16) -> 31.465499 | AZ16: =SUM(AN16:AO16) -> 5.61
C17: (=) Fluxo de caixa das operações | D17: =SUM(D6:D16) -> -22.056 | E17: =SUM(E6:E16) -> 45.05036 | F17: =SUM(F6:F16) -> 113.494 | G17: =SUM(G6:G16) -> -97.778976 | H17: =SUM(H6:H16) -> 37.909032 | I17: =SUM(I6:I16) -> -30.226092 | J17: =SUM(J6:J16) -> -36.562252 | K17: =SUM(K6:K16) -> 40.601627 | ... AO17: =SUM(AO6:AO16) -> 188.8359 | AQ17: =SUM(D17:G17) -> 38.709385 | AR17: =SUM(H17:K17) -> 11.722315 | AS17: =SUM(L17:O17) -> 80.532297 | AT17: =SUM(P17:S17) -> -2.9270132 | AU17: =SUM(T17:W17) -> -50.307686 | AV17: =SUM(X17:AA17) -> -61.363273 | AW17: =SUM(AB17:AE17) -> 209.89877 | AX17: =SUM(AF17:AI17) -> 455.34232 | AY17: =SUM(AJ17:AM17) -> 473.51758 | AZ17: =SUM(AN17:AO17) -> 125.38698
C19: (-) Investimentos de capital | D19: -39.573 | E19: -40.055 | F19: -61.264 | G19: -64.1 | H19: -43.735 | I19: -47.612 | J19: -49.261 | K19: -46.445 | L19: -22.815 | M19: -13.66 | N19: -13.913 | O19: -9.08 | P19: -5.162 | Q19: -2.952 | R19: -10.171 | S19: -27.651 | T19: -22.606 | U19: -45.341 | V19: -72.618901 | W19: -100.92336 | X19: -55.606177 | Y19: -75.843871 | Z19: -84.876952 | AA19: -109.27235 | AB19: -37.996 | AC19: -29.194 | AD19: -11.047 | AE19: -44.941 | AF19: -12.074 | AG19: -29.638 | AH19: -21.839 | AI19: -38.649 | AJ19: -27.622 | AK19: -43.425 | AL19: -71.413 | AM19: -118.968 | AN19: -52.278 | AO19: -78.588 | AQ19: =SUM(D19:G19) -> -204.992 | AR19: =SUM(H19:K19) -> -187.053 | AS19: =SUM(L19:O19) -> -59.468 | AT19: =SUM(P19:S19) -> -45.936 | AU19: =SUM(T19:W19) -> -241.48926 | AV19: =SUM(X19:AA19) -> -325.59935 | AW19: =SUM(AB19:AE19) -> -123.178 | AX19: =SUM(AF19:AI19) -> -102.2 | AY19: =SUM(AJ19:AM19) -> -261.428 | AZ19: =SUM(AN19:AO19) -> -130.866
C20: (-) Aquisição de empresas | D20: 0 | E20: 0 | F20: 0 | G20: 0 | H20: 0 | I20: 0 | J20: 0 | K20: 0 | L20: 0 | M20: 0 | N20: 0 | O20: 0 | P20: 0 | Q20: 0 | R20: 0 | S20: 0 | T20: 0 | U20: 0 | V20: 0 | W20: 0 | X20: 0 | Y20: 0 | Z20: -365.428 | AA20: 0 | AB20: 0 | AC20: 0 | AD20: -197.8 | AE20: 0 | AF20: 0 | AG20: 0 | AH20: -221.49382 | AI20: 0 | AJ20: 0 | AK20: 0 | AL20: 0 | AM20: 0 | AN20: 0 | AO20: 0 | AQ20: =SUM(D20:G20) -> 0 | AR20: =SUM(H20:K20) -> 0 | AS20: =SUM(L20:O20) -> 0 | AT20: =SUM(P20:S20) -> 0 | AU20: =SUM(T20:W20) -> 0 | AV20: =SUM(X20:AA20) -> -365.428 | AW20: =SUM(AB20:AE20) -> -197.8 | AX20: =SUM(AF20:AI20) -> -221.49382 | AY20: =SUM(AJ20:AM20) -> 0 | AZ20: =SUM(AN20:AO20) -> 0
C21: (+) Caixa advindo da combinação de negócios | D21: 0 | E21: 0 | F21: 0 | G21: 0 | H21: 0 | I21: 0 | J21: 0 | K21: 0 | L21: 0 | M21: 0 | N21: 0 | O21: 0 | P21: 0 | Q21: 0 | R21: 0 | S21: 0 | T21: 0 | U21: 0 | V21: 0 | W21: 0 | X21: 0 | Y21: 0 | Z21: 20.125 | AA21: 0 | AB21: 0 | AC21: 0 | AD21: 0 | AE21: 0 | AF21: 0 | AG21: 0 | AH21: 0 | AI21: 0 | AJ21: 0 | AK21: 0 | AL21: 0 | AM21: 0 | AN21: 0 | AO21: 0 | AQ21: =SUM(D21:G21) -> 0 | AR21: =SUM(H21:K21) -> 0 | AS21: =SUM(L21:O21) -> 0 | AT21: =SUM(P21:S21) -> 0 | AU21: =SUM(T21:W21) -> 0 | AV21: =SUM(X21:AA21) -> 20.125 | AW21: =SUM(AB21:AE21) -> 0 | AX21: =SUM(AF21:AI21) -> 0 | AY21: =SUM(AJ21:AM21) -> 0 | AZ21: =SUM(AN21:AO21) -> 0
C22: (=) Fluxo de caixa de investimentos | D22: =SUM(D19:D21) -> -39.573 | E22: =SUM(E19:E21) -> -40.055 | F22: =SUM(F19:F21) -> -61.264 | G22: =SUM(G19:G21) -> -64.1 | H22: =SUM(H19:H21) -> -43.735 | I22: =SUM(I19:I21) -> -47.612 | J22: =SUM(J19:J21) -> -49.261 | K22: =SUM(K19:K21) -> -46.445 | ... AO22: =SUM(AO19:AO21) -> -78.588 | AQ22: =SUM(D22:G22) -> -204.992 | AR22: =SUM(H22:K22) -> -187.053 | AS22: =SUM(L22:O22) -> -59.468 | AT22: =SUM(P22:S22) -> -45.936 | AU22: =SUM(T22:W22) -> -241.48926 | AV22: =SUM(X22:AA22) -> -670.90235 | AW22: =SUM(AB22:AE22) -> -320.978 | AX22: =SUM(AF22:AI22) -> -323.69382 | AY22: =SUM(AJ22:AM22) -> -261.428 | AZ22: =SUM(AN22:AO22) -> -130.866
C24: (+) Captação de dívida bruta | D24: 212.72 | E24: 58.072 | F24: 207.602 | G24: 0.271 | H24: 185 | I24: 160 | J24: 0 | K24: 120 | L24: 482.522 | M24: 123.628 | N24: 25 | O24: 148.25 | P24: 0 | Q24: 219 | R24: 5 | S24: 100 | T24: 160 | U24: 0 | V24: 0 | W24: 450 | X24: 0 | Y24: 0 | Z24: 500 | AA24: 149.75 | AB24: 123.078 | AC24: 460.6 | AD24: 0 | AE24: 0 | AF24: 0 | AG24: 388.428 | AH24: 16.511 | AI24: 3.395 | AJ24: 7.532 | AK24: 827.276 | AL24: -0.305 | AM24: 432.682 | AN24: 0 | AO24: 0 | AQ24: =SUM(D24:G24) -> 478.665 | AR24: =SUM(H24:K24) -> 465 | AS24: =SUM(L24:O24) -> 779.4 | AT24: =SUM(P24:S24) -> 324 | AU24: =SUM(T24:W24) -> 610 | AV24: =SUM(X24:AA24) -> 649.75 | AW24: =SUM(AB24:AE24) -> 583.678 | AX24: =SUM(AF24:AI24) -> 408.334 | AY24: =SUM(AJ24:AM24) -> 1267.185 | AZ24: =SUM(AN24:AO24) -> 0
C25: (-) Pagamento de dívida bruta | D25: -33.619 | E25: -177.756 | F25: -22.734 | G25: -168.696 | H25: -22.183 | I25: -101.88 | J25: -71.145 | K25: -129.569 | L25: -476.688 | M25: -121.567 | N25: -27.635 | O25: -181.694 | P25: -28.106 | Q25: -219.179 | R25: -31.522 | S25: -175.625 | T25: -199.448 | U25: -29.804 | V25: -32.509 | W25: -39.04 | X25: -123.359 | Y25: -76.673 | Z25: -248.165 | AA25: -83.251 | AB25: -58.245 | AC25: -164.17 | AD25: -14.802 | AE25: -40.927 | AF25: -47.566 | AG25: -511.189 | AH25: -17.583 | AI25: -69.122 | AJ25: -7.578 | AK25: -501.282 | AL25: -8.193 | AM25: -414.579 | AN25: -87.372 | AO25: -30.295 | AQ25: =SUM(D25:G25) -> -402.805 | AR25: =SUM(H25:K25) -> -324.777 | AS25: =SUM(L25:O25) -> -807.584 | AT25: =SUM(P25:S25) -> -454.432 | AU25: =SUM(T25:W25) -> -300.801 | AV25: =SUM(X25:AA25) -> -531.448 | AW25: =SUM(AB25:AE25) -> -278.144 | AX25: =SUM(AF25:AI25) -> -645.46 | AY25: =SUM(AJ25:AM25) -> -931.632 | AZ25: =SUM(AN25:AO25) -> -117.667
C26: (+/-) Antecipação (recomposição) de recebíveis | D26: 0 | E26: 80.36164 | F26: -77.856002 | G26: 71.047976 | H26: -66.187032 | I26: 177.13009 | J26: -42.599748 | K26: -8.3136265 | L26: 12.475271 | M26: 26.013159 | N26: -54.252098 | O26: 70.133371 | P26: 45.576128 | Q26: -16.63774 | R26: -156.95467 | S26: -41.540706 | T26: -18.395869 | U26: 88.322569 | V26: -8.6425655 | W26: 30.398807 | X26: 47.04296 | Y26: 80.096912 | Z26: 89.416457 | AA26: 53.30329 | AB26: 294.68348 | AC26: -88.865594 | AD26: -125.13901 | AE26: -26.772632 | AF26: -12.406796 | AG26: -130.6921 | AH26: 68.151601 | AI26: 171.64595 | AJ26: 83.048124 | AK26: -105.49859 | AL26: -80.052595 | AM26: -138.40352 | AN26: 110.36761 | AO26: =Endividamento!U15-Endividamento!T15 -> -84.269636 | AQ26: =SUM(D26:G26) -> 73.553615 | AR26: =SUM(H26:K26) -> 60.029685 | AS26: =SUM(L26:O26) -> 54.369703 | AT26: =SUM(P26:S26) -> -169.55699 | AU26: =SUM(T26:W26) -> 91.682942 | AV26: =SUM(X26:AA26) -> 269.85962 | AW26: =SUM(AB26:AE26) -> 53.906243 | AX26: =SUM(AF26:AI26) -> 96.698654 | AY26: =SUM(AJ26:AM26) -> -240.90658 | AZ26: =SUM(AN26:AO26) -> 26.097969
C27: (-) Serviço da dívida | D27: -2.976 | E27: -12.777 | F27: -12.881 | G27: -11.195 | H27: -12.309 | I27: -7.675 | J27: -15.218 | K27: -7.574 | L27: -16.837 | M27: -8.458 | N27: -16.449 | O27: -13.786 | P27: -12.123 | Q27: -8.494 | R27: -7.798 | S27: -9.632 | T27: -13.464 | U27: -10.449 | V27: -11.19 | W27: -15.66 | X27: -16.297 | Y27: -44.429 | Z27: -14.887 | AA27: -47.769 | AB27: -75.105465 | AC27: -70.379872 | AD27: -70.982796 | AE27: -73.971878 | AF27: -54.231572 | AG27: -74.953705 | AH27: -49.921824 | AI27: -63.974059 | AJ27: -54.552512 | AK27: -111.0171 | AL27: -25.73875 | AM27: -145.57864 | AN27: -56.466 | AO27: -125.196 | AQ27: =SUM(D27:G27) -> -39.829 | AR27: =SUM(H27:K27) -> -42.776 | AS27: =SUM(L27:O27) -> -55.53 | AT27: =SUM(P27:S27) -> -38.047 | AU27: =SUM(T27:W27) -> -50.763 | AV27: =SUM(X27:AA27) -> -123.382 | AW27: =SUM(AB27:AE27) -> -290.44001 | AX27: =SUM(AF27:AI27) -> -243.08116 | AY27: =SUM(AJ27:AM27) -> -336.887 | AZ27: =SUM(AN27:AO27) -> -181.662
C28: (+/-) Operações com derivativos - efeito caixa | D28: 0.048 | E28: 0.67 | F28: 1.123 | G28: -7.276 | H28: -5.499 | I28: 7.232 | J28: 4.601 | K28: 48.271 | L28: 0 | M28: 12.538 | N28: -3.587 | O28: 3.676 | P28: 2.915 | Q28: 53.745 | R28: 2.963 | S28: 3.958 | T28: 0 | U28: 0 | V28: 0 | W28: 0 | X28: 0 | Y28: 0 | Z28: 0 | AA28: 0 | AB28: 0 | AC28: 0 | AD28: 0 | AE28: 0 | AF28: 0 | AG28: 0 | AH28: 0 | AI28: 0 | AJ28: 0 | AK28: 0 | AL28: 0 | AM28: 0 | AN28: 0 | AO28: 0 | AQ28: =SUM(D28:G28) -> -5.435 | AR28: =SUM(H28:K28) -> 54.605 | AS28: =SUM(L28:O28) -> 12.627 | AT28: =SUM(P28:S28) -> 63.581 | AU28: =SUM(T28:W28) -> 0 | AV28: =SUM(X28:AA28) -> 0 | AW28: =SUM(AB28:AE28) -> 0 | AX28: =SUM(AF28:AI28) -> 0 | AY28: =SUM(AJ28:AM28) -> 0 | AZ28: =SUM(AN28:AO28) -> 0
C29: (-) Recompra de ações | D29: 0 | E29: 0 | F29: 0 | G29: 0 | H29: 0 | I29: 0 | J29: 0 | K29: 0 | L29: 0 | M29: 0 | N29: 0 | O29: 0 | P29: 0 | Q29: 0 | R29: 0 | S29: 0 | T29: -10.424 | U29: 2.681 | V29: 0 | W29: -14.977 | X29: -5.411 | Y29: 0 | Z29: -8.139 | AA29: -6.436 | AB29: -5.161 | AC29: 0.002 | AD29: 0 | AE29: -4.289 | AF29: -1.57 | AG29: -0.7 | AH29: -17.63 | AI29: -3.236 | AJ29: 0 | AK29: 0 | AL29: 0 | AM29: -16.492 | AN29: -10.564 | AO29: -4.209 | AQ29: =SUM(D29:G29) -> 0 | AR29: =SUM(H29:K29) -> 0 | AS29: =SUM(L29:O29) -> 0 | AT29: =SUM(P29:S29) -> 0 | AU29: =SUM(T29:W29) -> -22.72 | AV29: =SUM(X29:AA29) -> -19.986 | AW29: =SUM(AB29:AE29) -> -9.448 | AX29: =SUM(AF29:AI29) -> -23.136 | AY29: =SUM(AJ29:AM29) -> -16.492 | AZ29: =SUM(AN29:AO29) -> -14.773
C30: (+/-) Dividentos e juros sobre capital próprio recebidos (pagos) | D30: 0 | E30: 0 | F30: 0 | G30: 0 | H30: 0 | I30: 0.562 | J30: 0 | K30: 0 | L30: 0 | M30: 0 | N30: 0 | O30: 0.861 | P30: 0 | Q30: 0 | R30: 0.805 | S30: 0 | T30: 0 | U30: 0 | V30: 0 | W30: 0 | X30: 0 | Y30: 1.085 | Z30: 0.217 | AA30: 0.153 | AB30: -79.052 | AC30: -0.067 | AD30: 0 | AE30: 0 | AF30: -135.936 | AG30: 0 | AH30: 0 | AI30: 0 | AJ30: -122.075 | AK30: 0 | AL30: 0 | AM30: -47.774 | AN30: -144.448 | AO30: 3.574 | AQ30: =SUM(D30:G30) -> 0 | AR30: =SUM(H30:K30) -> 0.562 | AS30: =SUM(L30:O30) -> 0.861 | AT30: =SUM(P30:S30) -> 0.805 | AU30: =SUM(T30:W30) -> 0 | AV30: =SUM(X30:AA30) -> 1.455 | AW30: =SUM(AB30:AE30) -> -79.119 | AX30: =SUM(AF30:AI30) -> -135.936 | AY30: =SUM(AJ30:AM30) -> -169.849 | AZ30: =SUM(AN30:AO30) -> -140.874
C31: (+) Integralização de capital | D31: 0 | E31: 0 | F31: 0 | G31: 0 | H31: 0 | I31: 0 | J31: 0 | K31: 0 | L31: 0 | M31: 0 | N31: 0 | O31: 0 | P31: 0 | Q31: 0 | R31: 746.924 | S31: 71.015 | T31: -1.196 | U31: 0.099 | V31: -0.35 | W31: 0 | X31: 0 | Y31: 0 | Z31: 0 | AA31: 0 | AB31: 73.78 | AC31: 0.001 | AD31: 332.069 | AE31: 0 | AF31: 117.01 | AG31: 0 | AH31: 0 | AI31: 0 | AJ31: 124.1 | AK31: 0 | AL31: 0 | AM31: 128.8 | AN31: 359.746 | AO31: 0 | AQ31: =SUM(D31:G31) -> 0 | AR31: =SUM(H31:K31) -> 0 | AS31: =SUM(L31:O31) -> 0 | AT31: =SUM(P31:S31) -> 817.939 | AU31: =SUM(T31:W31) -> -1.447 | AV31: =SUM(X31:AA31) -> 0 | AW31: =SUM(AB31:AE31) -> 405.85 | AX31: =SUM(AF31:AI31) -> 117.01 | AY31: =SUM(AJ31:AM31) -> 252.9 | AZ31: =SUM(AN31:AO31) -> 359.746
C32: (=) Fluxo de caixa de financiamento | D32: =SUM(D24:D31) -> 176.173 | E32: =SUM(E24:E31) -> -51.42936 | F32: =SUM(F24:F31) -> 95.253998 | G32: =SUM(G24:G31) -> -115.84802 | H32: =SUM(H24:H31) -> 78.821968 | I32: =SUM(I24:I31) -> 235.36909 | J32: =SUM(J24:J31) -> -124.36175 | K32: =SUM(K24:K31) -> 22.814373 | ... AO32: =SUM(AO24:AO31) -> -240.39564 | AQ32: =SUM(D32:G32) -> 104.14961 | AR32: =SUM(H32:K32) -> 212.64369 | AS32: =SUM(L32:O32) -> -15.856297 | AT32: =SUM(P32:S32) -> 544.28901 | AU32: =SUM(T32:W32) -> 325.95194 | AV32: =SUM(X32:AA32) -> 246.24862 | AW32: =SUM(AB32:AE32) -> 386.28323 | AX32: =SUM(AF32:AI32) -> -425.57051 | AY32: =SUM(AJ32:AM32) -> -175.68158 | AZ32: =SUM(AN32:AO32) -> -69.132031
C34: Saldo inicial de caixa e equivalentes | D34: 144.152 | E34: =D35 -> 258.696 | F34: =E35 -> 212.262 | G34: =F35 -> 359.746 | H34: =G35 -> 82.019 | I34: =H35 -> 155.015 | J34: =I35 -> 312.546 | K34: =J35 -> 102.361 | L34: =K35 -> 119.332 | ... AO34: =AN35 -> 241.328 | AQ34: =D34 -> 144.152 | AR34: =H34 -> 82.019 | AS34: =L34 -> 119.332 | AT34: =P34 -> 124.54 | AU34: =T34 -> 619.966 | AV34: =X34 -> 654.121 | AW34: =AB34 -> 168.104 | AX34: =AW35 -> 443.308 | AY34: =AX35 -> 149.386 | AZ34: =AY35 -> 185.794
C35: Saldo final de caixa e equivalentes | D35: 258.696 | E35: 212.262 | F35: 359.746 | G35: 82.019 | H35: 155.015 | I35: 312.546 | J35: 102.361 | K35: 119.332 | L35: 69.622 | M35: 52.848 | N35: 98.719 | O35: 124.54 | P35: 85.9 | Q35: 103.218 | R35: 655.886 | S35: 619.966 | T35: 478.23 | U35: 392.012 | V35: 322.801 | W35: 654.121 | X35: 486.471 | Y35: 345.097 | Z35: 252.801 | AA35: 168.104 | AB35: 130.174 | AC35: 315.984 | AD35: 530.204 | AE35: 443.308 | AF35: 232.516 | AG35: 108.208 | AH35: 169.595 | AI35: 149.386 | AJ35: 116.292 | AK35: 243.778 | AL35: 106.262 | AM35: 185.794 | AN35: 241.328 | AO35: =SUM('BP | Consolidado'!AO8:AO9) -> 111.177 | AQ35: =G35 -> 82.019 | AR35: =K35 -> 119.332 | AS35: =O35 -> 124.54 | AT35: =S35 -> 619.966 | AU35: =W35 -> 654.121 | AV35: =AA35 -> 168.104 | AW35: =AE35 -> 443.308 | AX35: =AI35 -> 149.386 | AY35: =AM35 -> 185.794 | AZ35: =AO35 -> 111.177
C36: Variação de Caixa e Equivalentes | D36: =D35-D34 -> 114.544 | E36: =E35-E34 -> -46.434 | F36: =F35-F34 -> 147.484 | G36: =G35-G34 -> -277.727 | H36: =H35-H34 -> 72.996 | I36: =I35-I34 -> 157.531 | J36: =J35-J34 -> -210.185 | K36: =K35-K34 -> 16.971 | ... AO36: =AO35-AO34 -> -130.151 | AQ36: =AQ35-AQ34 -> -62.133 | AR36: =AR35-AR34 -> 37.313 | AS36: =AS35-AS34 -> 5.208 | AT36: =AT35-AT34 -> 495.426 | AU36: =AU35-AU34 -> 34.155 | AV36: =AV35-AV34 -> -486.017 | AW36: =AW35-AW34 -> 275.204 | AX36: =AX35-AX34 -> -293.922 | AY36: =AY35-AY34 -> 36.408 | AZ36: =SUM(AN36:AO36) -> -74.617

Sheet Endividamento
B1: #VALUE!
C4: Endividamento (R$ milhões) | D4: 1T22 | E4: 2T22 | F4: 3T22 | G4: 4T22 | H4: 1T23 | I4: 2T23 | J4: 3T23 | K4: 4T23 | L4: 1T24 | M4: 2T24 | N4: 3T24 | O4: 4T24 | P4: 1T25 | Q4: 2T25 | R4: 3T25 | S4: 4T25 | T4: 1T26 | U4: 2T26 | W4: 2022 | X4: 2023 | Y4: 2024 | Z4: 2025 | AA4: 2026 (YTD)
C6: (+) Empréstimos e Financiamentos de Curto Prazo | D6: 425.834 | E6: 358.19 | F6: 231.273 | G6: 234.881 | H6: 223.982 | I6: 318.857 | J6: 371.955 | K6: 430.286 | L6: 415.936 | M6: 138.731 | N6: 383.32 | O6: 369.751 | P6: 391.173 | Q6: 253.127 | R6: 319.608 | S6: 188.701 | T6: 121.623 | U6: ='BP | Consolidado'!AO30 -> 49.036 | W6: =G6 -> 234.881 | X6: =K6 -> 430.286 | Y6: =O6 -> 369.751 | Z6: =S6 -> 188.701 | AA6: =U6 -> 49.036
C7: (+) Empréstimos e Financiamentos de Longo Prazo | D7: 654.335 | E7: 634.426 | F7: 1041.948 | G7: 1100.597 | H7: 1174.907 | I7: 1370.056 | J7: 1313.395 | K7: 1205.139 | L7: 1178.371 | M7: 1330.661 | N7: 1081.633 | O7: 1046.625 | P7: 1019.848 | Q7: 1447.512 | R7: 1428.642 | S7: 1544.416 | T7: 1534.607 | U7: ='BP | Consolidado'!AO35 -> 1532.363 | W7: =G7 -> 1100.597 | X7: =K7 -> 1205.139 | Y7: =O7 -> 1046.625 | Z7: =S7 -> 1544.416 | AA7: =U7 -> 1532.363
C8: (=) Dívida Bruta | D8: =SUM(D6:D7) -> 1080.169 | E8: =SUM(E6:E7) -> 992.616 | F8: =SUM(F6:F7) -> 1273.221 | G8: =SUM(G6:G7) -> 1335.478 | H8: =SUM(H6:H7) -> 1398.889 | I8: =SUM(I6:I7) -> 1688.913 | J8: =SUM(J6:J7) -> 1685.35 | K8: =SUM(K6:K7) -> 1635.425 | ... U8: =SUM(U6:U7) -> 1581.399 | W8: =G8 -> 1335.478 | X8: =K8 -> 1635.425 | Y8: =O8 -> 1416.376 | Z8: =S8 -> 1733.117 | AA8: =U8 -> 1581.399
C9: (-) Caixa e Equivalentes | D9: 486.471 | E9: 345.097 | F9: 252.801 | G9: 163.742 | H9: 125.699 | I9: 311.397 | J9: 525.499 | K9: 438.5 | L9: 232.516 | M9: 108.208 | N9: 169.595 | O9: 149.126 | P9: 116.272 | Q9: 243.754 | R9: 106.253 | S9: 185.757 | T9: 241.293 | U9: ='BP | Consolidado'!AO8 -> 110.437 | W9: =G9 -> 163.742 | X9: =K9 -> 438.5 | Y9: =O9 -> 149.126 | Z9: =S9 -> 185.757 | AA9: =U9 -> 110.437
C10: (-) Aplicações Financeiras de Curto e Longo Prazo | D10: 8.808 | E10: 9.021 | F10: 9.267 | G10: 9.509 | H10: 9.764 | I10: 10.017 | J10: 5.466 | K10: 5.585 | L10: 0.793 | M10: 0.809 | N10: 1.677 | O10: 2.246 | P10: 2.538 | Q10: 1.927 | R10: 1.969 | S10: 2.023 | T10: 2.049 | U10: 2.863 | W10: =G10 -> 9.509 | X10: =K10 -> 5.585 | Y10: =O10 -> 2.246 | Z10: =S10 -> 2.023 | AA10: =U10 -> 2.863
C11: (-) Operações de Swap de Curto Prazo | D11: 0 | E11: 0 | F11: 0 | G11: 0 | H11: -3.9337863 | I11: -7.9320267 | J11: -9.3485242 | K11: -5.2088897 | L11: -6.1482444 | M11: -9.4804723 | N11: -10.644891 | O11: -7.7181163 | P11: -8.5533142 | Q11: -0.426 | R11: 4.774 | S11: 3.382 | T11: 0.401 | U11: -4.332 | W11: =G11 -> 0 | X11: =K11 -> -5.2088897 | Y11: =O11 -> -7.7181163 | Z11: =S11 -> 3.382 | AA11: =U11 -> -4.332
C12: (-) Operações de Swap de Longo Prazo | D12: 0 | E12: 0 | F12: 0 | G12: 0 | H12: 0 | I12: 0 | J12: 0 | K12: 0 | L12: 0 | M12: 18.578538 | N12: 19.703182 | O12: 37.910949 | P12: 24.642 | Q12: 11.996 | R12: -0.55 | S12: 4.328 | T12: -7.487 | U12: -15.164 | W12: =G12 -> 0 | X12: =K12 -> 0 | Y12: =O12 -> 37.910949 | Z12: =S12 -> 4.328 | AA12: =U12 -> -15.164
C13: (=) Dívida Líquida Bancária | D13: =D8-SUM(D9:D12) -> 584.89 | E13: =E8-SUM(E9:E12) -> 638.498 | F13: =F8-SUM(F9:F12) -> 1011.153 | G13: =G8-SUM(G9:G12) -> 1162.227 | H13: =H8-SUM(H9:H12) -> 1267.3598 | I13: =I8-SUM(I9:I12) -> 1375.431 | J13: =J8-SUM(J9:J12) -> 1163.7335 | K13: =K8-SUM(K9:K12) -> 1196.5489 | ... U13: =U8-SUM(U9:U12) -> 1487.595 | W13: =G13 -> 1162.227 | X13: =K13 -> 1196.5489 | Y13: =O13 -> 1234.8112 | Z13: =S13 -> 1537.627 | AA13: =U13 -> 1487.595
C14: Dívida Líquida Bancária / EBITDA LTM (ex-IFRS 16) | D14: =D13/SUM('DRE Gerencial | Consolidado'!U26:X26) -> 1.5195679 | E14: =E13/SUM('DRE Gerencial | Consolidado'!V26:Y26) -> 1.6565959 | F14: =F13/SUM('DRE Gerencial | Consolidado'!W26:Z26) -> 2.5458765 | G14: =G13/SUM('DRE Gerencial | Consolidado'!X26:AA26) -> 2.6121744 | H14: =H13/SUM('DRE Gerencial | Consolidado'!Y26:AB26) -> 3.0455836 | I14: =I13/SUM('DRE Gerencial | Consolidado'!Z26:AC26) -> 3.147381 | J14: =J13/SUM('DRE Gerencial | Consolidado'!AA26:AD26) -> 2.4289949 | K14: =K13/SUM('DRE Gerencial | Consolidado'!AB26:AE26) -> 2.5139871 | ... U14: =U13/SUM('DRE Gerencial | Consolidado'!AL26:AO26) -> 1.4924823 | W14: =G14 -> 2.6121744 | X14: =K14 -> 2.5139871 | Y14: =O14 -> 1.9647557 | Z14: =S14 -> 1.6995576 | AA14: =U14 -> 1.4924823
C15: (+) Saldo de recebíveis antecipados | D15: 157.12192 | E15: 237.21883 | F15: 326.63529 | G15: 379.93858 | H15: 674.62205 | I15: 585.75646 | J15: 460.61745 | K15: 433.84482 | L15: 421.43802 | M15: 290.74592 | N15: 358.89752 | O15: 530.54347 | P15: 613.5916 | Q15: 508.09301 | R15: 428.04041 | S15: 289.63689 | T15: 400.0045 | U15: 315.73486 | W15: =G15 -> 379.93858 | X15: =K15 -> 433.84482 | Y15: =O15 -> 530.54347 | Z15: =S15 -> 289.63689 | AA15: =U15 -> 315.73486
C16: (+) Parcelas a pagar em aquisições | D16: 0 | E16: 0 | F16: 373.75994 | G16: 386.22064 | H16: 378.52911 | I16: 390.91412 | J16: 201.92015 | K16: 207.90687 | L16: 214.21598 | M16: 220.52508 | N16: 0 | O16: 0 | P16: 0 | Q16: 0 | R16: 0 | S16: 0 | T16: 0 | U16: 0 | W16: =G16 -> 386.22064 | X16: =K16 -> 207.90687 | Y16: =O16 -> 0 | Z16: =S16 -> 0 | AA16: =U16 -> 0
C17: (=) Dívida Líquida Ajustada | D17: =SUM(D15:D16,D13) -> 742.01192 | E17: =SUM(E15:E16,E13) -> 875.71683 | F17: =SUM(F15:F16,F13) -> 1711.5482 | G17: =SUM(G15:G16,G13) -> 1928.3862 | H17: =SUM(H15:H16,H13) -> 2320.511 | I17: =SUM(I15:I16,I13) -> 2352.1016 | J17: =SUM(J15:J16,J13) -> 1826.2711 | K17: =SUM(K15:K16,K13) -> 1838.3006 | ... U17: =SUM(U15:U16,U13) -> 1803.3299 | W17: =G17 -> 1928.3862 | X17: =K17 -> 1838.3006 | Y17: =O17 -> 1765.3546 | Z17: =S17 -> 1827.2639 | AA17: =U17 -> 1803.3299
C18: Dívida Líquida Ajustada / EBITDA LTM (ex-IFRS 16) | D18: =D17/SUM('DRE Gerencial | Consolidado'!U26:X26) -> 1.927777 | E18: =E17/SUM('DRE Gerencial | Consolidado'!V26:Y26) -> 2.272065 | F18: =F17/SUM('DRE Gerencial | Consolidado'!W26:Z26) -> 4.3093284 | G18: =G17/SUM('DRE Gerencial | Consolidado'!X26:AA26) -> 4.3341628 | H18: =H17/SUM('DRE Gerencial | Consolidado'!Y26:AB26) -> 5.576404 | I18: =I17/SUM('DRE Gerencial | Consolidado'!Z26:AC26) -> 5.3822836 | J18: =J17/SUM('DRE Gerencial | Consolidado'!AA26:AD26) -> 3.811872 | K18: =K17/SUM('DRE Gerencial | Consolidado'!AB26:AE26) -> 3.8623278 | ... U18: =U17/SUM('DRE Gerencial | Consolidado'!AL26:AO26) -> 1.8092544 | W18: =G18 -> 4.3341628 | X18: =K18 -> 3.8623278 | Y18: =O18 -> 2.8089239 | Z18: =S18 -> 2.0196967 | AA18: =U18 -> 1.8092544

Sheet Capex
B1: #VALUE!
C4: Investimentos (R$ milhões) | D4: 1T20 | E4: 2T20 | F4: 3T20 | G4: 4T20 | H4: 1T21 | I4: 2T21 | J4: 3T21 | K4: 4T21 | L4: 1T22 | M4: 2T22 | N4: 3T22 | O4: 4T22 | P4: 1T23 | Q4: 2T23 | R4: 3T23 | S4: 4T23 | T4: 1T24 | U4: 2T24 | V4: 3T24 | W4: 4T24 | X4: 1T25 | Y4: 2T25 | Z4: 3T25 | AA4: 4T25 | AB4: 1T26 | AC4: 2T26 | AE4: 2020 | AF4: 2021 | AG4: 2022 | AH4: 2023 | AI4: 2024 | AJ4: 2025 | AK4: 2026 (YTD)
C6: Expansão | D6: 0 | E6: 0 | F6: 0 | G6: 1.7 | H6: 4.7 | I6: 13.5 | J6: 43.8 | K6: 54.3 | L6: 22.1 | M6: 51.6 | N6: 68.9 | O6: 70.8 | P6: 19.988996 | Q6: 24.823849 | R6: 3.9942323 | S6: 28.393363 | T6: 6.1526428 | U6: 6.2491748 | V6: 0.68080877 | W6: 8.5875894 | X6: 11.875615 | Y6: 17.15517 | Z6: 24.992749 | AA6: 29.978936 | AB6: 7.1776085 | AC6: 22.328777 | AE6: =SUM(D6:G6) -> 1.7 | AF6: =SUM(H6:K6) -> 116.3 | AG6: =SUM(L6:O6) -> 213.4 | AH6: =SUM(P6:S6) -> 77.20044 | AI6: =SUM(T6:W6) -> 21.670216 | AJ6: =SUM(X6:AA6) -> 84.002471 | AK6: =SUM(AB6:AC6) -> 29.506385
C7: Reforma de lojas | D7: 3.5 | E7: 1.8 | F7: 2.3 | G7: 11.7 | H7: 7.6 | I7: 14.9 | J7: 17.1 | K7: 29.5 | L7: 10.8 | M7: 9.1 | N7: 2.2 | O7: 6.1 | P7: 6.6112333 | Q7: 0.22864257 | R7: 2.4233407 | S7: 3.4985638 | T7: 2.7645868 | U7: 17.556649 | V7: 15.598728 | W7: 19.488778 | X7: 8.2863696 | Y7: 18.061277 | Z7: 19.969237 | AA7: 26.606697 | AB7: 11.223167 | AC7: 19.503347 | AE7: =SUM(D7:G7) -> 19.3 | AF7: =SUM(H7:K7) -> 69.1 | AG7: =SUM(L7:O7) -> 28.2 | AH7: =SUM(P7:S7) -> 12.76178 | AI7: =SUM(T7:W7) -> 55.408742 | AJ7: =SUM(X7:AA7) -> 72.92358 | AK7: =SUM(AB7:AC7) -> 30.726514
C8: Tecnologia | D8: 0.9 | E8: 1 | F8: 5.7 | G8: 7.4 | H8: 1.9 | I8: 11.3 | J8: 5.6 | K8: 6.6 | L8: 18.8 | M8: 10.1 | N8: 13.1 | O8: 13.7 | P8: 5.4137303 | Q8: 2.4602521 | R8: 3.9624052 | S8: 7.2826375 | T8: 2.7921084 | U8: 5.0081303 | V8: 3.7415961 | W8: 9.8079886 | X8: 3.5943585 | Y8: 4.827988 | Z8: 10.820077 | AA8: 20.729546 | AB8: 10.433969 | AC8: 21.092224 | AE8: =SUM(D8:G8) -> 15 | AF8: =SUM(H8:K8) -> 25.4 | AG8: =SUM(L8:O8) -> 55.7 | AH8: =SUM(P8:S8) -> 19.119025 | AI8: =SUM(T8:W8) -> 21.349823 | AJ8: =SUM(X8:AA8) -> 39.971969 | AK8: =SUM(AB8:AC8) -> 31.526192
C9: Infraestrutura de lojas, CDs e escritórios | D9: 0.8 | E9: 0.1 | F9: 2.2 | G9: 6.9 | H9: 8.5 | I9: 5.4 | J9: 6.2 | K9: 10.6 | L9: 3.9 | M9: 5.1 | N9: 0.6 | O9: 18.8 | P9: 6.0013101 | Q9: 1.6609343 | R9: 0.6680745 | S9: 5.7713909 | T9: 0.36424655 | U9: 0.82446121 | V9: 1.8178669 | W9: 0.7646439 | X9: 3.8656566 | Y9: 3.3761888 | Z9: 15.635314 | AA9: 41.652821 | AB9: 23.477223 | AC9: 15.663653 | AE9: =SUM(D9:G9) -> 10 | AF9: =SUM(H9:K9) -> 30.7 | AG9: =SUM(L9:O9) -> 28.4 | AH9: =SUM(P9:S9) -> 14.10171 | AI9: =SUM(T9:W9) -> 3.7712185 | AJ9: =SUM(X9:AA9) -> 64.52998 | AK9: =SUM(AB9:AC9) -> 39.140876
C10: Total | D10: =SUM(D6:D9) -> 5.2 | E10: =SUM(E6:E9) -> 2.9 | F10: =SUM(F6:F9) -> 10.2 | G10: =SUM(G6:G9) -> 27.7 | H10: =SUM(H6:H9) -> 22.7 | I10: =SUM(I6:I9) -> 45.1 | J10: =SUM(J6:J9) -> 72.7 | K10: =SUM(K6:K9) -> 101 | ... AC10: =SUM(AC6:AC9) -> 78.588 | AE10: =SUM(D10:G10) -> 46 | AF10: =SUM(H10:K10) -> 241.5 | AG10: =SUM(L10:O10) -> 325.7 | AH10: =SUM(P10:S10) -> 123.18296 | AI10: =SUM(T10:W10) -> 102.2 | AJ10: =SUM(AJ6:AJ9) -> 261.428 | AK10: =SUM(AK6:AK9) -> 130.89997
